Workbook
Name EQUIPTOS: '[1]Equipamentos e material'!#REF!
Name EQUIPTOS: '[1]Equipamentos e material'!#REF!
Name EQUIPTOS: '[1]Equipamentos e material'!#REF!
Name EQUIPTOS: '[1]Equipamentos e material'!#REF!
Name EQUIPTOS: '[1]Equipamentos e material'!#REF!
Name EQUIPTOS: '[1]Equipamentos e material'!#REF!
Name EQUIPTOS: '[1]Equipamentos e material'!#REF!
Name EQUIPTOS: '[1]Equipamentos e material'!#REF!
Name EQUIPTOS: '[1]Equipamentos e material'!#REF!
Name EQUIPTOS: '[1]Equipamentos e material'!#REF!
Name EQUIPTOS: '[1]Equipamentos e material'!#REF!
Name EQUIPTOS: '[1]Equipamentos e material'!#REF!
Name EQUIPTOS: '[1]Equipamentos e material'!#REF!
Name EQUIPTOS: '[1]Equipamentos e material'!#REF!
Name EQUIPTOS: '[1]Equipamentos e material'!#REF!
Name EQUIPTOS: '[1]Equipamentos e material'!#REF!
Name EQUIPTOS: '[1]Equipamentos e material'!#REF!
Name EQUIPTOS: '[1]Equipamentos e material'!#REF!
Name Excel_BuiltIn_Print_Area_1: #REF!
Name Excel_BuiltIn_Print_Area_1: #REF!
Name Excel_BuiltIn_Print_Area_1: #REF!
Name Excel_BuiltIn_Print_Area_1: #REF!
Name Excel_BuiltIn_Print_Area_1: #REF!
Name Excel_BuiltIn_Print_Area_1: #REF!
Name Excel_BuiltIn_Print_Area_1: #REF!
Name Excel_BuiltIn_Print_Area_1: #REF!
Name Excel_BuiltIn_Print_Area_1: #REF!
Name Excel_BuiltIn_Print_Area_1: #REF!
Name Excel_BuiltIn_Print_Area_1: #REF!
Name Excel_BuiltIn_Print_Area_1: #REF!
Name Excel_BuiltIn_Print_Area_1: #REF!
Name Excel_BuiltIn_Print_Area_1: #REF!
Name Excel_BuiltIn_Print_Area_1: #REF!
Name Excel_BuiltIn_Print_Area_1: #REF!
Name Excel_BuiltIn_Print_Area_1: #REF!
Name Excel_BuiltIn_Print_Area_1: #REF!
Name Excel_BuiltIn_Print_Area_2: #REF!
Name Excel_BuiltIn_Print_Area_2: #REF!
Name Excel_BuiltIn_Print_Area_2: #REF!
Name Excel_BuiltIn_Print_Area_2: #REF!
Name Excel_BuiltIn_Print_Area_2: #REF!
Name Excel_BuiltIn_Print_Area_2: #REF!
Name Excel_BuiltIn_Print_Area_2: #REF!
Name Excel_BuiltIn_Print_Area_2: #REF!
Name Excel_BuiltIn_Print_Area_2: #REF!
Name Excel_BuiltIn_Print_Area_2: #REF!
Name Excel_BuiltIn_Print_Area_2: #REF!
Name Excel_BuiltIn_Print_Area_2: #REF!
Name Excel_BuiltIn_Print_Area_2: #REF!
Name Excel_BuiltIn_Print_Area_2: #REF!
Name Excel_BuiltIn_Print_Area_2: #REF!
Name Excel_BuiltIn_Print_Area_2: #REF!
Name Excel_BuiltIn_Print_Area_2: #REF!
Name Excel_BuiltIn_Print_Area_2: #REF!

Sheet Observações
A1: OBSERVAÇÕES RELATIVAS AS PLANILHAS DE CUSTOS E FORMAÇÃO DE PREÇOS
A3: Planilhas Modelo | B3: 1 - DEVERÃO ser utilizadas as planilhas de custos e formação de preços conforme modelo do anexo II do edital; 2 - Solicita-se usar sistemática de arredondamento nas fórmulas, tanto para valores quanto para percentuais, utilizando sempre duas casas decimais para cálculo dos postos e valores: =ARRED(...;2), e nove casas decimais para o cálculo da produtividade: =ARRED(...;9) 3 - Sugere-se ainda, habilitar nas planilhas do Excel a opção "Habilitar cálculo interativo", esta ação contribui para o cálculo integrado dos diversos módulos da planilha, segue caminho: (ARQUIVO/Opções/Fórmulas/Habilitar cálculo interativo).
B4: 4 - Nas planilhas de insumos a periodicidade/mês e o quantitativo devem ser preenchidos conforme informações constantes no Edital
B5: 5 - Algumas células apresentam fórmulas multiplicadas por 0 (zero) destacadas na cor verde para manter a integridade dos cálculos, caso o conteúdo da célula seja aplicável a licitante sugere-se apagar o zero e manter a integridade do cálculo e/ou adaptar conforme a característica e particularidade da Licitante.
B6: 6 - Ao utilizar utilizar as planilhas Modelo editáveis da CEAGESP sugere-se seguir o preenchimento na ordem em que se encontram para facilitar a integração dos cálculos e manutenção das fórmulas
A7: CATEGORIA SINDICAL - Acordos e Convenções Coletivas | B7: A Licitante deverá indicar em campo específico qual o ano, a data base e a convenção coletiva de trabalho que está sendo utilizada para compor salários e benefícios em suas planilhas de custos e formação de preços. Os modelos constantes no Edital e no Portal CEAGESP deverão ser adaptados conforme as caracteristicas e particularidades de cada empresa licitante.
A9: Acordos e Convenções Coletivas | B9: Apresentar cópia dos Acordos e Convenções Coletivas que a Licitante utilizou para compor salários e benefícios na planilha de custos e formaão de preços
A10: Acordos e Convenções Coletivas - Mão de Obra | B10: Salários, benefícios e demais itens obrigatórios constantes nos acordos e convenções coletivas utilizadas pela Licitante que se aplicam a mão de obra deverão compor as planilhas de custos e formação de preços.
A11: Acordos e Convenções Coletivas - (Itens não permitidos) | B11: INSTRUÇÃO NORMATINA Nº 05/2017 Art. 6º A Administração não se vincula às disposições contidas em Acordos, Convenções ou Dissídios Coletivos de Trabalho que tratem de pagamento de participação dos trabalhadores nos lucros ou resultados da empresa contratada, de matéria não trabalhista, ou que estabeleçam direitos não previstos em lei, tais como valores ou índices obrigatórios de encargos sociais ou previdenciários, bem como de preços para os insumos relacionados ao exercício da atividade. Parágrafo único. É vedado ao órgão e entidade vincular-se às disposições previstas nos Acordos, Convenções ou Dissídios Coletivos de Trabalho que tratem de obrigações e direitos que somente se aplicam aos contratos com a Administração Pública.
A12: PLANILHA - INSUMOS DIVERSOS | B12: As planilhas constantes no edital são modelos e as empresas licitantes deverão atender aos dispositivos compostos no Edital, como por exemplo no Anexo I - Termo de Referência, Anexo II - Modelo de Planilhas, e demais condições do instrumento convocatório.
A13: MODULO 1 - COMPOSIÇÃO DA REMUNERAÇÃO | B13: Os salários e beneficios utilizados nos modelos de planilhas de custos e formação de preços constantes no Edital tem como base a Convenção Coletiva de Trabalho 2023 das referidas categorias dos postos de serviços. Observa-se ainda que funções não definidas em convenção coletiva serão corrigidas de acordo com o percentual de reajuste definido na convenção coletiva de trabalho utilizada pela licitante.
A15: Adicional de Insalubridade e Periculosidade | B15: Prever nas planilhas de custos conforme legislação vigente (se necessário)
A16: IMPORTANTE | B16: As planilhas de custos elaboradas pela CEAGESP tem como base o nosso histórico de contratações, sendo assim, as planilhas de custos da Licitante devem espelhar a sua realidade como por exemplo: sindicatos, percentuais de tributos, SAT, insumos, etc.
A17: Sub módulo 2.2 (Anexar junto com as planilhas) | B17: A Licitante deve anexar junto com as planilhas a memória de cálculo SAT (FAP x RAT) informando o percentual RAT conforme CNAE da empresa, bem como a comprovação do percentual do FAP (Fator Acidentario de Prevenção) através de competente documento o qual pode ser obtido em http://www.previdencia.gov.br/saude-e-seguranca-do-trabalhador/politicas-de-prevencao/fator-acidentario-de-prevencao-fap/ E cópia da página da GFIP-SEFIP onde consta o FAP e o RAT ajustado da empresa.
A18: Módulo 3 Item D (Custos não renováveis) | B18: Aviso Prévio Trabalhado: conforme orientações descritas no Acórdão nº 1.186/2017 TCU-Plenário e reafirmada no Acórdão nº 1.586/2018 TCU-Plenário, a parcela referente à esta rúbrica será excluída após o primeiro ano de contrato, e a cada ano adicional poderá ser incluído a parcela mensal no percentual máximo de até 0,194%.
A19: Submódulos 4.2 e 4.2.1 | B19: Cálculo dos Submódulos 4.2 e 4.2.1 somente se previstos no Instrumento Convocatório
A20: Submódulo 4.2.1 - Cobertura de Feriados, Dias Ponte, e outros (exceto para postos 12 x 36) | B20: Consideramos p/ este cálculo os feriados nacionais e estaduais durante o ano. A Licitante deverá prever em suas planilhas sua realidade e particularidade. OBSERVAÇÃO: O cálculo de dias utilizado pela licitante na fase licitatória referente a esta rubrica permanecerá até o término do contrato, portanto, a licitante deverá prever em seus custos eventuais diferenças quantitativas de dias ocorridas.
... A24: MEMÓRIA DE CÁLCULO | B24: A LICITANTE DEVERÁ APRESENTAR/DESCREVER A MEMÓRIA DE CÁLCULO UTILIZADA NOS DIVERSOS MÓDULOS DE SUAS PLANILHAS DE CUSTOS E JUSTIFICÁ-LAS QUANDO NECESSÁRIO.
A25: OBSERVAÇÕES GERAIS
A27: OBSERVAÇÃO 1: Caso o licitante tenha interesse em utilizar os modelos das planilhas de custo desenvolvidas pela Ceagesp, poderá acessá-la no endereço www.ceagesp.gov.br, opção acesso a informação (licitações e contratos). OBSERVAÇÃO 2: Os modelos disponibilizados encontram-se em Excel e possuem fórmulas que podem ser adaptadas conforme as características, legalmente aceitáveis, de cada licitante. OBSERVAÇÃO 3: A Ceagesp não se responsabilizará pela utilização incorreta das fórmulas disponibilizadas nas planilhas quando essas prejudicarem os preços ofertados pelos licitantes. Observa se ainda que a mesma pode ser adaptada pela licitante.

Sheet Uniformes e EPI's
A1: PROCESSO Nº 125/2025 (Lote 01)
A2: INSUMOS DIVERSOS DE MÃO-DE-OBRA
A3: OBJETO: PRESTAÇÃO DE SERVIÇOS DE LIMPEZA, CONSERVAÇÃO E APOIO OPERACIONAL PARA ENTREPOSTOS DO INTERIOR
A5: UNIFORMES | B5: Periodicidade / Meses | C5: Valor Unitário | D5: CEARA | F5: CEBAU | H5: CERIB
D6: Quantidade | E6: Valor | F6: Quantidade | G6: Valor | H6: Quantidade | I6: Valor
A7: Camiseta de malha de algodão manga curta c/ emblema da empresa | B7: 6 | C7: 0 | D7: 4 | E7: =ROUND((C7*D7)/B7,2) -> 0 | F7: 2 | G7: =ROUND((C7*F7)/B7,2) -> 0 | H7: 4 | I7: =ROUND((C7*H7)/B7,2) -> 0
A8: Camiseta de malha de algodão manga longa c/ emblema da empresa | B8: 6 | C8: 0 | D8: 2 | E8: =ROUND((C8*D8)/B8,2) -> 0 | F8: 4 | G8: =ROUND((C8*F8)/B8,2) -> 0 | H8: 2 | I8: =ROUND((C8*H8)/B8,2) -> 0
A9: Calça comprida em tecido brim ou poliéster, com elástico, cordão e bolso (cargo) | B9: 6 | C9: 0 | D9: 3 | E9: =ROUND((C9*D9)/B9,2) -> 0 | F9: 3 | G9: =ROUND((C9*F9)/B9,2) -> 0 | H9: 3 | I9: =ROUND((C9*H9)/B9,2) -> 0
A10: Boné de brim com proteção de pescoço removível | B10: 6 | C10: 0 | D10: 1 | E10: =ROUND((C10*D10)/B10,2) -> 0 | F10: 0 | G10: =ROUND((C10*F10)/B10,2) -> 0 | H10: 1 | I10: =ROUND((C10*H10)/B10,2) -> 0
A11: Chapéu de aba larga | B11: 6 | C11: 0 | D11: 0 | E11: =ROUND((C11*D11)/B11,2) -> 0 | F11: 1 | G11: =ROUND((C11*F11)/B11,2) -> 0 | H11: 0 | I11: =ROUND((C11*H11)/B11,2) -> 0
A12: Meia de algodão | B12: 6 | C12: 0 | D12: 4 | E12: =ROUND((C12*D12)/B12,2) -> 0 | F12: 2 | G12: =ROUND((C12*F12)/B12,2) -> 0 | H12: 2 | I12: =ROUND((C12*H12)/B12,2) -> 0
A13: Agasalho/Jaqueta em moletom | B13: 6 | C13: 0 | D13: 2 | E13: =ROUND((C13*D13)/B13,2) -> 0 | F13: 2 | G13: =ROUND((C13*F13)/B13,2) -> 0 | H13: 2 | I13: =ROUND((C13*H13)/B13,2) -> 0
A14: Botina de couro com solado de borracha, palmilha de fibra não metálica resistente à perfuração e biqueira de composite | B14: 6 | C14: 0 | D14: 1 | E14: =ROUND((C14*D14)/B14,2) -> 0 | F14: 1 | G14: =ROUND((C14*F14)/B14,2) -> 0 | H14: 1 | I14: =ROUND((C14*H14)/B14,2) -> 0
A15: Botina de borracha impermeável de cano longo | B15: 6 | C15: 0 | D15: 1 | E15: =ROUND((C15*D15)/B15,2) -> 0 | F15: 1 | G15: =ROUND((C15*F15)/B15,2) -> 0 | H15: 1 | I15: =ROUND((C15*H15)/B15,2) -> 0
A16: Crachá de Identificação | B16: 12 | C16: 0 | D16: 1 | E16: =ROUND((C16*D16)/B16,2) -> 0 | F16: 1 | G16: =ROUND((C16*F16)/B16,2) -> 0 | H16: 1 | I16: =ROUND((C16*H16)/B16,2) -> 0
A17: TOTAL MENSAL | E17: =SUM(E7:E16) -> 0 | G17: =SUM(G7:G16) -> 0 | I17: =SUM(I7:I16) -> 0
A19: EPI's | B19: =B5 -> Periodicidade / Meses | C19: =C5 -> Valor Unitário | D19: =D5 -> CEARA | F19: =F5 -> CEBAU | H19: =H5 -> CERIB
D20: =D6 -> Quantidade | E20: =E6 -> Valor | F20: =F6 -> Quantidade | G20: =G6 -> Valor | H20: =H6 -> Quantidade | I20: =I6 -> Valor
A21: Caneleira/perneira de proteção para roçadeira (par) | B21: 12 | C21: 0 | D21: 1 | E21: =ROUND((C21*D21)/B21,2) -> 0 | F21: 1 | G21: =ROUND((C21*F21)/B21,2) -> 0 | H21: 2 | I21: =ROUND((C21*H21)/B21,2) -> 0
A22: Capa Longa Impermeável com Capuz (amarela) | B22: 6 | C22: 0 | D22: 4 | E22: =ROUND((C22*D22)/B22,2) -> 0 | F22: 15 | G22: =ROUND((C22*F22)/B22,2) -> 0 | H22: 25 | I22: =ROUND((C22*H22)/B22,2) -> 0
A23: Colete de Proteção Refletivo | B23: 12 | C23: 0 | D23: 2 | E23: =ROUND((C23*D23)/B23,2) -> 0 | F23: 0 | G23: =ROUND((C23*F23)/B23,2) -> 0 | H23: 0 | I23: =ROUND((C23*H23)/B23,2) -> 0
A24: Luvas de Borracha para limpeza com Cano Longo (par) | B24: 3 | C24: 0 | D24: 4 | E24: =ROUND((C24*D24)/B24,2) -> 0 | F24: 15 | G24: =ROUND((C24*F24)/B24,2) -> 0 | H24: 10 | I24: =ROUND((C24*H24)/B24,2) -> 0
A25: Luvas de Vaqueta com Cano Curto (par) | B25: 12 | C25: 0 | D25: 3 | E25: =ROUND((C25*D25)/B25,2) -> 0 | F25: 30 | G25: =ROUND((C25*F25)/B25,2) -> 0 | H25: 2 | I25: =ROUND((C25*H25)/B25,2) -> 0
A26: Luvas para Operador de Motosserra (par) | B26: 12 | C26: 0 | D26: 0 | E26: =ROUND((C26*D26)/B26,2) -> 0 | F26: 0 | G26: =ROUND((C26*F26)/B26,2) -> 0 | H26: 0 | I26: =ROUND((C26*H26)/B26,2) -> 0
A27: Macacão ou Jardineira Impermeável | B27: 12 | C27: 0 | D27: 0 | E27: =ROUND((C27*D27)/B27,2) -> 0 | F27: 1 | G27: =ROUND((C27*F27)/B27,2) -> 0 | H27: 1 | I27: =ROUND((C27*H27)/B27,2) -> 0
A28: Óculos de Proteção com Armação de ampla visão e ventilação | B28: 6 | C28: 0 | D28: 4 | E28: =ROUND((C28*D28)/B28,2) -> 0 | F28: 15 | G28: =ROUND((C28*F28)/B28,2) -> 0 | H28: 2 | I28: =ROUND((C28*H28)/B28,2) -> 0
A29: Protetor solar hipoalergênico - FPS 60 | B29: 3 | C29: 0 | D29: 12 | E29: =ROUND((C29*D29)/B29,2) -> 0 | F29: 15 | G29: =ROUND((C29*F29)/B29,2) -> 0 | H29: 25 | I29: =ROUND((C29*H29)/B29,2) -> 0
A30: Repelente | B30: 3 | C30: 0 | D30: 12 | E30: =ROUND((C30*D30)/B30,2) -> 0 | F30: 15 | G30: =ROUND((C30*F30)/B30,2) -> 0 | H30: 25 | I30: =ROUND((C30*H30)/B30,2) -> 0
A31: Respirador descartável para poeira e gases (P2) | B31: 3 | C31: 0 | D31: 8 | E31: =ROUND((C31*D31)/B31,2) -> 0 | F31: 15 | G31: =ROUND((C31*F31)/B31,2) -> 0 | H31: 10 | I31: =ROUND((C31*H31)/B31,2) -> 0
A32: Abafador de Ruído Tipo Concha | B32: 12 | C32: 0 | D32: 0 | E32: =ROUND((C32*D32)/B32,2) -> 0 | F32: 6 | G32: =ROUND((C32*F32)/B32,2) -> 0 | H32: 2 | I32: =ROUND((C32*H32)/B32,2) -> 0
... A37: Protetor auricular | B37: 3 | C37: 0 | D37: 2 | E37: =ROUND((C37*D37)/B37,2) -> 0 | F37: 15 | G37: =ROUND((C37*F37)/B37,2) -> 0 | H37: 2 | I37: =ROUND((C37*H37)/B37,2) -> 0
A38: TOTAL MENSAL | E38: =SUM(E21:E37) -> 0 | G38: =SUM(G21:G37) -> 0 | I38: =SUM(I21:I37) -> 0
A39: TOTAL MENSAL POR POSTO | D39: =ROUND((E38/'Quadro Resumo M² - CEARA'!F17),2) -> 0 | F39: =ROUND((G38/'Quadro Resumo M² - CEBAU'!F19),2) -> 0 | H39: =ROUND((I38/'Quadro Resumo M² - CERIB'!F21),2) -> 0
E109: ='Uniformes e EPI''s'!G38 -> 0

Sheet Insumos Diversos
A1: PROCESSO Nº 125/2025 (LOTE 01)
A2: INSUMOS DIVERSOS DE MÃO-DE-OBRA
A3: OBJETO: PRESTAÇÃO DE SERVIÇOS DE LIMPEZA, CONSERVAÇÃO E APOIO OPERACIONAL PARA ENTREPOSTOS DO INTERIOR
A4: MATERIAIS E UTENSÍLIOS - Limpeza e Conservação | B4: Periodicidade / Meses | C4: Valor Unitário | D4: CEARA | F4: CEBAU | H4: CERIB
D5: Quantidade | E5: Valor | F5: Quantidade | G5: Valor | H5: Quantidade | I5: Valor
A6: Balde plástico com alças – 20 litros | B6: 6 | C6: 0 | D6: 2 | E6: =ROUND((C6*D6)/B6,2) -> 0 | F6: 6 | G6: =ROUND((C6*F6)/B6,2) -> 0 | H6: 10 | I6: =ROUND((C6*H6)/B6,2) -> 0
A7: Colher de Pedreiro - 8 polegadas | B7: 12 | C7: 0 | D7: 1 | E7: =ROUND((C7*D7)/B7,2) -> 0 | F7: 1 | G7: =ROUND((C7*F7)/B7,2) -> 0 | H7: 1 | I7: =ROUND((C7*H7)/B7,2) -> 0
A8: Cone de sinalização com 75 cm de altura, 2 faixas refletivas e orifício na parte supeior | B8: 6 | C8: 0 | D8: 2 | E8: =ROUND((C8*D8)/B8,2) -> 0 | F8: 8 | G8: =ROUND((C8*F8)/B8,2) -> 0 | H8: 6 | I8: =ROUND((C8*H8)/B8,2) -> 0
A9: Conjunto MOP úmido profissional (ou similar) | B9: 12 | C9: 0 | D9: 2 | E9: =ROUND((C9*D9)/B9,2) -> 0 | F9: 4 | G9: =ROUND((C9*F9)/B9,2) -> 0 | H9: 5 | I9: =ROUND((C9*H9)/B9,2) -> 0
A10: Refil do Conjunto MOP úmido profissional (ou similar) | B10: 3 | C10: 0 | D10: 1 | E10: =ROUND((C10*D10)/B10,2) -> 0 | F10: 4 | G10: =ROUND((C10*F10)/B10,2) -> 0 | H10: 0 | I10: =ROUND((C10*H10)/B10,2) -> 0
A11: Escova de Limpeza Oval - Base Plástica | B11: 3 | C11: 0 | D11: 1 | E11: =ROUND((C11*D11)/B11,2) -> 0 | F11: 2 | G11: =ROUND((C11*F11)/B11,2) -> 0 | H11: 5 | I11: =ROUND((C11*H11)/B11,2) -> 0
A12: Escova para higienização de vaso sanitário | B12: 3 | C12: 0 | D12: 1 | E12: =ROUND((C12*D12)/B12,2) -> 0 | F12: 10 | G12: =ROUND((C12*F12)/B12,2) -> 0 | H12: 5 | I12: =ROUND((C12*H12)/B12,2) -> 0
A13: Espanador | B13: 6 | C13: 0 | D13: 1 | E13: =ROUND((C13*D13)/B13,2) -> 0 | F13: 3 | G13: =ROUND((C13*F13)/B13,2) -> 0 | H13: 1 | I13: =ROUND((C13*H13)/B13,2) -> 0
A14: Espátula | B14: 12 | C14: 0 | D14: 1 | E14: =ROUND((C14*D14)/B14,2) -> 0 | F14: 1 | G14: =ROUND((C14*F14)/B14,2) -> 0 | H14: 1 | I14: =ROUND((C14*H14)/B14,2) -> 0
A15: Esponja Dupla Face | B15: 1 | C15: 0 | D15: 4 | E15: =ROUND((C15*D15)/B15,2) -> 0 | F15: 20 | G15: =ROUND((C15*F15)/B15,2) -> 0 | H15: 15 | I15: =ROUND((C15*H15)/B15,2) -> 0
A16: Extensão elétrica 20m | B16: 12 | C16: 0 | D16: 2 | E16: =ROUND((C16*D16)/B16,2) -> 0 | F16: 3 | G16: =ROUND((C16*F16)/B16,2) -> 0 | H16: 1 | I16: =ROUND((C16*H16)/B16,2) -> 0
A17: Fita zebrada de filme polietileno 70mm x 200m | B17: 12 | C17: 0 | D17: 1 | E17: =ROUND((C17*D17)/B17,2) -> 0 | F17: 100 | G17: =ROUND((C17*F17)/B17,2) -> 0 | H17: 6 | I17: =ROUND((C17*H17)/B17,2) -> 0
... A68: Tambor de plástico - 200 litros | B68: 24 | C68: 0 | D68: 10 | E68: =ROUND((C68*D68)/B68,2) -> 0 | F68: 0 | G68: =ROUND((C68*F68)/B68,2) -> 0 | H68: 0 | I68: =ROUND((C68*H68)/B68,2) -> 0
A69: TOTAL MENSAL | E69: =SUM(E6:E68) -> 0 | G69: =SUM(G6:G68) -> 0 | I69: =SUM(I6:I68) -> 0
A71: MATERIAIS E UTENSÍLIOS - Jardinagem | B71: =B4 -> Periodicidade / Meses | C71: =C4 -> Valor Unitário | D71: =D4 -> CEARA | F71: =F4 -> CEBAU | H71: =H4 -> CERIB
D72: =D5 -> Quantidade | E72: =E5 -> Valor | F72: =F5 -> Quantidade | G72: =G5 -> Valor | H72: =H5 -> Quantidade | I72: =I5 -> Valor
A73: Enxada com Cabo Longo | B73: 24 | C73: 0 | D73: 1 | E73: =ROUND((C73*D73)/B73,2) -> 0 | F73: 3 | G73: =ROUND((C73*F73)/B73,2) -> 0 | H73: 3 | I73: =ROUND((C73*H73)/B73,2) -> 0
A74: Enxadão com Cabo Longo | B74: 24 | C74: 0 | D74: 1 | E74: =ROUND((C74*D74)/B74,2) -> 0 | F74: 1 | G74: =ROUND((C74*F74)/B74,2) -> 0 | H74: 2 | I74: =ROUND((C74*H74)/B74,2) -> 0
A75: Escova de aço | B75: 12 | C75: 0 | D75: 1 | E75: =ROUND((C75*D75)/B75,2) -> 0 | F75: 2 | G75: =ROUND((C75*F75)/B75,2) -> 0 | H75: 3 | I75: =ROUND((C75*H75)/B75,2) -> 0
A76: Facão de corte - 18 polegadas | B76: 24 | C76: 0 | D76: 1 | E76: =ROUND((C76*D76)/B76,2) -> 0 | F76: 3 | G76: =ROUND((C76*F76)/B76,2) -> 0 | H76: 1 | I76: =ROUND((C76*H76)/B76,2) -> 0
A77: Cavadeira Articulada com Cabo Longo | B77: 24 | C77: 0 | D77: 1 | E77: =ROUND((C77*D77)/B77,2) -> 0 | F77: 4 | G77: =ROUND((C77*F77)/B77,2) -> 0 | H77: 1 | I77: =ROUND((C77*H77)/B77,2) -> 0
A78: Carrinho de mão pneu maciço (50 litros) | B78: 60 | C78: 0 | D78: 2 | E78: =ROUND((C78*D78)/B78,2) -> 0 | F78: 0 | G78: =ROUND((C78*F78)/B78,2) -> 0 | H78: 0 | I78: =ROUND((C78*H78)/B78,2) -> 0
A79: Girica com duas rodas e pneu automotivo 165 x 60 x 13 | B79: 60 | C79: 0 | D79: 0 | E79: =ROUND((C79*D79)/B79,2) -> 0 | F79: 0 | G79: =ROUND((C79*F79)/B79,2) -> 0 | H79: 0 | I79: =ROUND((C79*H79)/B79,2) -> 0
A80: Carrinho de mão tipo baleia com caçamba de polietileno e pneu maciço (200 litros) | B80: 60 | C80: 0 | D80: 0 | E80: =ROUND((C80*D80)/B80,2) -> 0 | F80: 0 | G80: =ROUND((C80*F80)/B80,2) -> 0 | H80: 0 | I80: =ROUND((C80*H80)/B80,2) -> 0
A81: Vanga com ponta e Cabo Longo | B81: 24 | C81: 0 | D81: 1 | E81: =ROUND((C81*D81)/B81,2) -> 0 | F81: 2 | G81: =ROUND((C81*F81)/B81,2) -> 0 | H81: 1 | I81: =ROUND((C81*H81)/B81,2) -> 0
A82: Garfo de 4 dentes com Cabo Longo | B82: 36 | C82: 0 | D82: 1 | E82: =ROUND((C82*D82)/B82,2) -> 0 | F82: 0 | G82: =ROUND((C82*F82)/B82,2) -> 0 | H82: 0 | I82: =ROUND((C82*H82)/B82,2) -> 0
A83: Foice | B83: 36 | C83: 0 | D83: 1 | E83: =ROUND((C83*D83)/B83,2) -> 0 | F83: 1 | G83: =ROUND((C83*F83)/B83,2) -> 0 | H83: 1 | I83: =ROUND((C83*H83)/B83,2) -> 0
A84: Rastelo Plástico de 22 dentes com Cabo Longo | B84: 36 | C84: 0 | D84: 0 | E84: =ROUND((C84*D84)/B84,2) -> 0 | F84: 6 | G84: =ROUND((C84*F84)/B84,2) -> 0 | H84: 2 | I84: =ROUND((C84*H84)/B84,2) -> 0
... A93: Vassoura de Metal de Jardinagem com Cabo Longo | B93: 12 | C93: 0 | D93: 0 | E93: =ROUND((C93*D93)/B93,2) -> 0 | F93: 6 | G93: =ROUND((C93*F93)/B93,2) -> 0 | H93: 5 | I93: =ROUND((C93*H93)/B93,2) -> 0
A94: TOTAL MÉDIA MENSAL | E94: =SUM(E73:E93) -> 0 | G94: =SUM(G73:G93) -> 0 | I94: =SUM(I73:I93) -> 0
A96: UTENSÍLIOS (Uso Geral) | B96: =B71 -> Periodicidade / Meses | C96: =C71 -> Valor Unitário | D96: =D71 -> CEARA | F96: =F71 -> CEBAU | H96: =H71 -> CERIB
D97: =D72 -> Quantidade | E97: =E72 -> Valor | F97: =F72 -> Quantidade | G97: =G72 -> Valor | H97: =H72 -> Quantidade | I97: =I72 -> Valor
A98: Cone de sinalização - polietileno, base quadrada com 110x60x60 e faixas refletivas | B98: 6 | C98: 0 | D98: 2 | E98: =ROUND((C98*D98)/B98,2) -> 0 | F98: 50 | G98: =ROUND((C98*F98)/B98,2) -> 0 | H98: 6 | I98: =ROUND((H98*C98)/B98,2) -> 0
A99: Escada doméstica 5 degraus | B99: 36 | C99: 0 | D99: 1 | E99: =ROUND((C99*D99)/B99,2) -> 0 | F99: 1 | G99: =ROUND((C99*F99)/B99,2) -> 0 | H99: 1 | I99: =ROUND((H99*C99)/B99,2) -> 0
A100: Escada grande externa | B100: 36 | C100: 0 | D100: 1 | E100: =ROUND((C100*D100)/B100,2) -> 0 | F100: 1 | G100: =ROUND((C100*F100)/B100,2) -> 0 | H100: 1 | I100: =ROUND((H100*C100)/B100,2) -> 0
A101: Extensão elétrica cabo PP 10/20A – 30m | B101: 12 | C101: 0 | D101: 2 | E101: =ROUND((C101*D101)/B101,2) -> 0 | F101: 2 | G101: =ROUND((C101*F101)/B101,2) -> 0 | H101: 1 | I101: =ROUND((H101*C101)/B101,2) -> 0
A102: Mangueira doméstica de 50 m | B102: 12 | C102: 0 | D102: 1 | E102: =ROUND((C102*D102)/B102,2) -> 0 | F102: 2 | G102: =ROUND((C102*F102)/B102,2) -> 0 | H102: 2 | I102: =ROUND((H102*C102)/B102,2) -> 0
A103: TOTAL MENSAL | E103: =SUM(E98:E102) -> 0 | G103: =SUM(G98:G102) -> 0 | I103: =SUM(I98:I102) -> 0
A105: MÁQUINAS E EQUIPAMENTOS (Limpeza e Conservação) | B105: DEPRECIAÇÃO ANUAL % | C105: Valor Unitário | D105: =D96 -> CEARA | F105: =F96 -> CEBAU | H105: =H96 -> CERIB
D106: =D97 -> Quantidade | E106: =E97 -> Valor | F106: =F97 -> Quantidade | G106: =G97 -> Valor | H106: =H97 -> Quantidade | I106: =I97 -> Valor
A107: Lavadora e secadora de piso elétrica, tensão 127V/220V, nova, do ano e modelo ofertados, em conformidade com a proposta comercial apresentada, equipada com tanque com capacidade mínima de 50 (cinquenta) litros, bateria com autonomia mínima de 5 (cinco) horas, escova acessória e desempenho operacional igual ou superior a 7.000 m²/h (sete mil metros quadrados por hora). | B107: 0.1 | C107: 0 | D107: 0 | E107: =ROUND(((C107*B107)*D107)/12,2) -> 0 | F107: 1 | G107: =ROUND(((B107*C107)*F107)/12,2) -> 0 | H107: 0 | I107: =ROUND(((B107*C107)*H107)/12,2) -> 0
A108: Máquina de Pressão VAP ou similar (Profissional) | B108: 0.1 | C108: 0 | D108: 1 | E108: =ROUND(((C108*B108)*D108)/12,2) -> 0 | F108: 1 | G108: =ROUND(((B108*C108)*F108)/12,2) -> 0 | H108: 1 | I108: =ROUND(((B108*C108)*H108)/12,2) -> 0
A109: Aspirador de pó para sólido e líquido | B109: 0.1 | C109: 0 | D109: 0 | E109: =ROUND(((C109*B109)*D109)/12,2) -> 0 | F109: 1 | G109: =ROUND(((B109*C109)*F109)/12,2) -> 0 | H109: 0 | I109: =ROUND(((B109*C109)*H109)/12,2) -> 0
A110: Carrinho tipo Lutocar plástico (polietileno) 100 litros | B110: 0.1 | C110: 0 | D110: 2 | E110: =ROUND(((C110*B110)*D110)/12,2) -> 0 | F110: 2 | G110: =ROUND(((B110*C110)*F110)/12,2) -> 0 | H110: 15 | I110: =ROUND(((B110*C110)*H110)/12,2) -> 0
A111: Carrinho tipo Lutocar plástico (polietileno) 240 litros | B111: 0.1 | C111: 0 | D111: 0 | E111: =ROUND(((C111*B111)*D111)/12,2) -> 0 | F111: 1 | G111: =ROUND(((B111*C111)*F111)/12,2) -> 0 | H111: 0 | I111: =ROUND(((B111*C111)*H111)/12,2) -> 0
A112: TOTAL MENSAL | E112: =SUM(E107:E111) -> 0 | G112: =SUM(G107:G111) -> 0 | I112: =SUM(I107:I111) -> 0
A114: MÁQUINAS E EQUIPAMENTOS (Jardinagem) | B114: DEPRECIAÇÃO ANUAL % | C114: Valor Unitário | D114: =D105 -> CEARA | F114: =F105 -> CEBAU | H114: =H105 -> CERIB
D115: =D106 -> Quantidade | E115: =E106 -> Valor | F115: =F106 -> Quantidade | G115: =G106 -> Valor | H115: =H106 -> Quantidade | I115: =I106 -> Valor
A116: Podador a Altura a gasolina 2 Tempos 52 CC | B116: 0.1 | C116: 0 | D116: 0 | E116: =ROUND(((C116*B116)*D116)/12,2) -> 0 | F116: 1 | G116: =ROUND(((B116*C116)*F116)/12,2) -> 0 | H116: 0 | I116: =ROUND(((B116*C116)*H116)/12,2) -> 0
A117: Roçadeira costal movida a gasolina (profissional) | B117: 0.1 | C117: 0 | D117: 1 | E117: =ROUND(((C117*B117)*D117)/12,2) -> 0 | F117: 1 | G117: =ROUND(((B117*C117)*F117)/12,2) -> 0 | H117: 2 | I117: =ROUND(((B117*C117)*H117)/12,2) -> 0
A118: Soprador de folhas à gasolina 41,5 cc | B118: 0.1 | C118: 0 | D118: 1 | E118: =ROUND(((C118*B118)*D118)/12,2) -> 0 | F118: 0 | G118: =ROUND(((B118*C118)*F118)/12,2) -> 0 | H118: 2 | I118: =ROUND(((B118*C118)*H118)/12,2) -> 0
A119: Soprador de folha à gasolina 56,5 cc | B119: 0.1 | C119: 0 | D119: 0 | E119: =ROUND(((C119*B119)*D119)/12,2) -> 0 | F119: 2 | G119: =ROUND(((B119*C119)*F119)/12,2) -> 0 | H119: 0 | I119: =ROUND(((B119*C119)*H119)/12,2) -> 0
A120: Pulverizador costal ou similar com capacidade de 20 litros | B120: 0.1 | C120: 0 | D120: 1 | E120: =ROUND(((C120*B120)*D120)/12,2) -> 0 | F120: 1 | G120: =ROUND(((B120*C120)*F120)/12,2) -> 0 | H120: 1 | I120: =ROUND(((B120*C120)*H120)/12,2) -> 0
A121: TOTAL MENSAL | E121: =SUM(E116:E120) -> 0 | G121: =SUM(G116:G120) -> 0 | I121: =SUM(I116:I120) -> 0
A123: VEÍCULOS, MÁQUINAS E EQUIPAMENTOS (Uso Geral) | B123: =C96 -> Valor Unitário | C123: DEPRECIAÇÃO ANUAL % | D123: =D96 -> CEARA | F123: =F96 -> CEBAU | H123: =H96 -> CERIB
D124: =D97 -> Quantidade | E124: =E97 -> Valor | F124: =F97 -> Quantidade | G124: =G97 -> Valor | H124: =H97 -> Quantidade | I124: =I97 -> Valor
A125: Trator com potência mínima de 80hp, com até 10 anos de uso, em conformidade com a proposta comercial, ano e modelo ofertado, em bom estado de conservação, com os seguintes implementos novos: carreta de 2 rodas com capacidade mínima de 3 (três) toneladas e roçadeira, com concha frontal (sem lâmina) | B125: 0 | C125: 0.1 | D125: 0 | E125: =ROUND(((C125*B125)*D125)/12,2) -> 0 | F125: 0 | G125: =ROUND(((B125*C125)*F125)/12,2) -> 0 | H125: 0 | I125: =ROUND(((B125*C125)*H125)/12,2) -> 0
A126: Trator com potência mínima de 80hp, com até 10 anos de uso, em conformidade com a proposta comercial, ano e modelo ofertado, em bom estado de conservação, com os seguintes implementos novos: carreta, roçadeira e carreta tanque agrícola (pipa), capacidade mínima de 5.000 (cinco mil) litros, para água, com bomba abastecedora, com bomba/mangueira de 6 (seis) metros e esguicho regulável, canhão monitor 360º (trezentos e sessenta graus), bico regulável, com plataforma para operador | B126: 0 | C126: 0.1 | D126: 0 | E126: =ROUND(((C126*B126)*D126)/12,2) -> 0 | F126: 0 | G126: =ROUND(((B126*C126)*F126)/12,2) -> 0 | H126: 1 | I126: =ROUND(((B126*C126)*H126)/12,2) -> 0
A127: Mini carregadeira com potência mínima de 60hp, com até 5 (cinco) anos de uso, em conformidade com a proposta comercial, ano e modelo ofertado, em bom estado de conservação, com os seguintes implementos novos: caçamba dumper com capacidade mínima de 1.500 (mil e quinhentos) kg, vassoura recolhedora e concha frontal (sem lâmina) | B127: 0 | C127: 0.1 | D127: 0 | E127: =ROUND(((C127*B127)*D127)/12,2) -> 0 | F127: 1 | G127: =ROUND(((B127*C127)*F127)/12,2) -> 0 | H127: 0 | I127: =ROUND(((B127*C127)*H127)/12,2) -> 0
A128: Carrinho plataforma fechado em tela para carga, com 4 rodas maciças (1,5m x 0,80m) 100 litros | B128: 0 | C128: 0.1 | D128: 1 | E128: =ROUND(((C128*B128)*D128)/12,2) -> 0 | F128: 1 | G128: =ROUND(((B128*C128)*F128)/12,2) -> 0 | H128: 0 | I128: =ROUND(((B128*C128)*H128)/12,2) -> 0
A129: Carrinho de carga duas rodas tipo tubular para 200 kg | B129: 0 | C129: 0.1 | D129: 1 | E129: =ROUND(((C129*B129)*D129)/12,2) -> 0 | F129: 1 | G129: =ROUND(((B129*C129)*F129)/12,2) -> 0 | H129: 0 | I129: =ROUND(((B129*C129)*H129)/12,2) -> 0
A130: Carrinho de mão tipo carriola reforçada com pneu e câmara de ar (65 litros) | B130: 0 | C130: 0.1 | D130: 3 | E130: =ROUND(((C130*B130)*D130)/12,2) -> 0 | F130: 3 | G130: =ROUND(((B130*C130)*F130)/12,2) -> 0 | H130: 2 | I130: =ROUND(((B130*C130)*H130)/12,2) -> 0
A131: Girica duas rodas pneu automotivo 165x60x13 | B131: 0 | C131: 0.1 | D131: 1 | E131: =ROUND(((C131*B131)*D131)/12,2) -> 0 | F131: 1 | G131: =ROUND(((B131*C131)*F131)/12,2) -> 0 | H131: 0 | I131: =ROUND(((B131*C131)*H131)/12,2) -> 0
A132: Girica uma roda pneu automotivo 165x60x13 | B132: 0 | C132: 0.1 | D132: 0 | E132: =ROUND(((C132*B132)*D132)/12,2) -> 0 | F132: 0 | G132: =ROUND(((B132*C132)*F132)/12,2) -> 0 | H132: 0 | I132: =ROUND(((B132*C132)*H132)/12,2) -> 0
A133: Rádio Comunicador (HT) | B133: 0 | C133: 0.1 | D133: 1 | E133: =ROUND(((C133*B133)*D133)/12,2) -> 0 | F133: 7 | G133: =ROUND(((B133*C133)*F133)/12,2) -> 0 | H133: 2 | I133: =ROUND(((B133*C133)*H133)/12,2) -> 0
A134: TOTAL MENSAL | E134: =SUM(E125:E133) -> 0 | G134: =SUM(G125:G133) -> 0 | I134: =SUM(I125:I133) -> 0
A136: TOTAL MENSAL DOS INSUMOS DIVERSOS | D136: =SUM(E69,E94,E103,E112,E121,E134) -> 0 | F136: =SUM(G69,G94,G103,G112,G121,G134) -> 0 | H136: =SUM(I69,I94,I103,I112,I121,I134) -> 0
A138: MATERIAIS SOB EXPENSAS | B138: PERIODICIDADE/Meses | D138: =D123 -> CEARA | F138: =F123 -> CEBAU | H138: =H123 -> CERIB
D139: Quantidade | F139: Quantidade | H139: Quantidade
A140: Relógio Biométrico | B140: 60 | D140: 1 | F140: 1 | H140: 1
A141: Armario Roupeiro para vestiário (1 porta para cada funcionário) | D141: 1 | F141: 1 | H141: 1
A142: Bebedouro elétrico em rede de cano d`água ou galão | D142: 1 | F142: 1 | H142: 1
A143: Forno micro-ondas | D143: 1 | F143: 1 | H143: 1
A144: Geladeira (Refrigerador) - 240 Litros | D144: 1 | F144: 1 | H144: 1
A145: Demais itens especificados no Termo de Referência

Sheet Agente de Higienização_CEARA
A1: PLANILHA DE CUSTO E FORMAÇÃO DE PREÇOS
A2: PROCESSO Nº 125/2025 | F2: LOTE 01
A3: OBJETO: PRESTAÇÃO DE SERVIÇOS DE LIMPEZA, CONSERVAÇÃO E HIGIENIZAÇÃO EM DIVERSOS ENTREPOSTO DO INTERIOR
A5: I - DISCRIMINAÇÃO DOS SERVIÇOS
A6: Data de Apresentação da Proposta:
A7: Município/UF: | F7: ARARAQUARA/SP
A8: Sindicato: SEAC/SP SINDICATO DAS EMPRESAS DE ASSEIO E CONSERVAÇÃO NO ESTADO DE SAO PAULO e SIEMACO-SP - SINDICATO TRABALHADORES EMPRESAS PRESTACAO DE SERVICOS DE ASSEIO E CONSERVACAO E LIMPEZA URBANA DE SP
A10: Ano do acordo, convenção ou dissídio coletivo: | F10: 2025
A11: Tipo de serviço: | F11: LIMPEZA
A12: Unidade de Medida: | F12: Posto/Hora
A13: Período contratual: | F13: 12 MESES
A14: DADOS COMPLEMENTARES
A15: Salário mínimo oficial vigente: | F15: 1518
A16: Categoria Profissional: | F16: Agente de Higienização
A17: Classificação Brasileira de Ocupações (CBO): | F17: 5143-20
A18: Salário Normativo da Categoria Profissional: | F18: 1717.2
A19: Data Base da Categoria: | F19: 45658
A20: Posto de Trabalho: | F20: 44 HORAS SEMANAIS
A21: Quantidade de Pessoas por Posto: | F21: 1
A22: Quantidade de Postos: | F22: ='Quadro Resumo M² - CEARA'!F8 -> 2
A23: Outras Informações: | F23: DIURNO
A24: Posto de Trabalho: 2ª, 4ª e 6ª início às 06:00 / 3ª e 5ª início às 08:00 / Sábado (4h) início às 08:00 - (com intervalo para refeição)
A25: MODULO 1 - COMPOSIÇÃO DA REMUNERAÇÃO
A26: 1 | B26: Composição da Remuneração | F26: Quant/Horas/Perc | G26: Valor Total
A27: A | B27: Salário Base | F27: 1 | G27: =F18*F27 -> 1717.2
A28: B | B28: Adicional Periculosidade | G28: =ROUND(F18*F28,2) -> 0
A29: C | B29: Adicional Insalubridade | F29: 0.4 | G29: =ROUND(F15*F29,2) -> 607.2
A30: D | B30: Adicional de Liderança | G30: =ROUND(F18*F30,2) -> 0
A31: E | B31: Adicional Noturno (Hora Noturna/Hora Reduzida) | F31: =ROUND((ROUND((0*15.22),2)/52.5)*60,2) -> 0 | G31: =ROUND((F18/192*0.2)*F31,2) -> 0
A32: F | B32: DSR Sobre Adicional Noturno | F32: =ROUND(SUM(F31)/25*5,2) -> 0 | G32: =ROUND((F18/192*0.2)*F32,2) -> 0
A33: G | B33: Outrros (especificar) | G33: 0
A34: Total da Remuneração/MÓDULO 1 | G34: =SUM(G27:G33) -> 2324.4
A35: MÓDULO 2 - ENCARGOS E BENEFÍCIOS ANUAIS, MENSAIS E DIÁRIOS
A36: Submódulo 2.1 - 13º Salário, Férias e Adicional de Férias
A37: A | B37: 13º Salário | F37: =ROUND((1/12),6) -> 0.0833 | G37: =ROUND(G$34*F37,2) -> 193.62
A38: B | B38: Ferias e terço constitucional | F38: =ROUND((1/11)+(1/11)/3, 3) -> 0.121 | G38: =ROUND(G$34*F38,2) -> 281.25
B39: Subtotal | F39: =SUM(F37:F38) -> 0.2043
A40: C | B40: Incidência do Submódulo 2.2 sobre o Submódulo 2.1 | F40: =ROUND((F51*F39),4) -> 0.0691 | G40: =ROUND(G$34*F40,2) -> 160.62
A41: Total do Submódulo 2.1 | F41: =ROUND(SUM(F39:F40),4) -> 0.2734 | G41: =SUM(G37:G40) -> 635.49 | H41: =ROUND(G34*F41,2) -> 635.49
A42: Submódulo 2.2 – Encargos Previdenciários (GPS), FGTS e Outras Contribuições | H42: =SUM(G41,G34) -> 2959.89
A43: A | B43: INSS | F43: 0.2 | G43: =ROUND((G$34)*F43,2) -> 464.88
A44: B | B44: Salário Educação | F44: 0.025 | G44: =ROUND((G$34)*F44,2) -> 58.11
A45: C | B45: SAT (Seguro Acidente de Trabalho) | F45: 0 | G45: =ROUND((G$34)*F45,2) -> 0
A46: D | B46: SESC ou SESI | F46: 0.015 | G46: =ROUND((G$34)*F46,2) -> 34.87
A47: E | B47: SENAI - SENAC | F47: 0.01 | G47: =ROUND((G$34)*F47,2) -> 23.24
A48: F | B48: SEBRAE | F48: 0.006 | G48: =ROUND((G$34)*F48,2) -> 13.95
A49: G | B49: INCRA | F49: 0.002 | G49: =ROUND((G$34)*F49,2) -> 4.65
A50: H | B50: FGTS | F50: 0.08 | G50: =ROUND((G$34)*F50,2) -> 185.95
A51: Total do Submódulo 2.2 | F51: =SUM(F43:F50) -> 0.338 | G51: =SUM(G43:G50) -> 785.65 | H51: =ROUND(G34*F51,2) -> 785.65
A52: Submódulo 2.3 – Benefícios Mensais e Diários
A53: A | B53: Transporte | E53: 0 | F53: 52 | G53: =IF(ROUND((E53*F53)-(G27*0.06),2)<0,0,ROUND((E53*F53)-(G27*0.06),2)) -> 0
A54: B | B54: Auxílio Refeição | E54: =20.76-1.39 -> 19.37 | F54: 26 | G54: =ROUND((E54*F54),2) -> 503.62
A55: C | B55: Auxílio Alimentação | E55: 144.68 | F55: 1 | G55: =ROUND((E55*F55),2) -> 144.68
A56: D | B56: Benefício Médico Ambulatorial e Odontológico | E56: 35.33 | F56: 1 | G56: =ROUND((E56*F56),2) -> 35.33
A57: E | B57: Auxílio Creche | E57: =ROUND((F18*30%)*5%,2)*0 -> 0 | F57: 1 | G57: =ROUND((E57*F57),2) -> 0
A58: F | B58: Dia Trabalhador em Asseio e Conservação | E58: =20.76 -> 20.76 | F58: 1 | G58: =ROUND((E58*F58)/12,2) -> 1.73
A59: G | B59: Benefício Social | E59: =15.96 -> 15.96 | F59: 1 | G59: =ROUND((E59*F59),2) -> 15.96
A60: H | B60: Prêmio Assiduidade | E60: 300 | F60: 1 | G60: =ROUND((E60*F60),2) -> 300
A61: I | B61: Outros (Especificar) | E61: 0 | F61: 1 | G61: =ROUND((E61*F61),2) -> 0
A62: J | B62: Outros (Especificar) | E62: 0 | F62: 1 | G62: 0
A63: Total do Submódulo 2.3 | G63: =SUM(G53:G62) -> 1001.32
A64: QUADRO RESUMO - MÓDULO 2
A65: 2.1 | B65: 13º Salário, Férias e Adicional de Férias | F65: =F41 -> 0.2734 | G65: =G41 -> 635.49
A66: 2.2 | B66: Encargos Previdenciários (GPS), FGTS e Outras Contribuições | F66: =F51 -> 0.338 | G66: =G51 -> 785.65
A67: 2.3 | B67: Benefícios Mensais e Diários | G67: =G63 -> 1001.32
A68: TOTAL MÓDULO 2 | G68: =SUM(G65:G67) -> 2422.46
A69: MÓDULO 3 - PROVISÃO PARA RESCISÃO
A70: 3 | B70: Provisão para Rescisão
A71: A | B71: Aviso Prévio Indenizado | F71: =ROUND((1/12)*0.05,4)*0 -> 0 | G71: =ROUND(G$34*F71,2) -> 0
A72: B | B72: Incidência do FGTS sobre Aviso Prévio Indenizado | F72: =ROUND((F71*F50),4) -> 0 | G72: =ROUND(G$34*F72,2) -> 0
A73: C | B73: Multa do FGTS sobre o Aviso Prévio Indenizado | F73: =ROUND((0.08*0.4*0.9)*(1+0.09+0.09+0.3),2)*0 -> 0 | G73: =ROUND(G$34*F73,2) -> 0
A74: D | B74: Aviso Prévio Trabalhado | F74: =ROUND(100%/30*7/12*100%,4)*0 -> 0 | G74: =ROUND(G$34*F74,2) -> 0
A75: E | B75: Incidência de GPS, FGTS e outras contribuições sobre Aviso Prévio Trabalhado | F75: =ROUND(F74*F51,4) -> 0 | G75: =ROUND(G$34*F75,2) -> 0
A76: F | B76: Multa do FGTS sobre o Aviso Prévio Trabalhado. | F76: 0 | G76: =ROUND(G$34*F76,2) -> 0
A77: TOTAL MÓDULO 3 | F77: =SUM(F71:F76) -> 0 | G77: =SUM(G71:G76) -> 0 | H77: =ROUND(G34*F77,2) -> 0
A78: MÓDULO 4 - CUSTO DE REPOSIÇÃO DO PROFISSIONAL AUSENTE
A79: Submódulo 4.1 - Substituto nas Ausências Legais
A80: A | B80: Substituto na cobertura de Férias (Somente se não aportado no submódulo 2.1) | F80: 0 | G80: =ROUND(G$34*F80,2) -> 0
A81: B | B81: Substituto na cobertura de Ausências Legais | F81: =ROUND(((1/30)/12)*1,4)*0 -> 0 | G81: =ROUND(G$34*F81,2) -> 0
A82: C | B82: Substituto na cobertura de Licença Paternidade | F82: =ROUND((((1/30)/12)*5)*0.02,4)*0 -> 0 | G82: =ROUND(G$34*F82,2) -> 0
A83: D | B83: Substituto na cobertura de Ausência por Acidente de Trabalho | F83: =ROUND((((1/30)/12)*15)*0.05,4)*0 -> 0 | G83: =ROUND(G$34*F83,2) -> 0
A84: E | B84: Substituto na cobertura de Afastamento Maternidade (aportar no 4.1.1) | F84: 0 | G84: =ROUND(G$34*F84,2) -> 0
A85: F | B85: Substituto na cobertura de Outras Ausências | F85: =ROUND((((1/30)/12)*5)*0.5,4)*0 -> 0 | G85: =ROUND(G$34*F85,2) -> 0
A86: Total do Submódulo 4.1 | F86: =SUM(F80:F85) -> 0 | G86: =SUM(G80:G85) -> 0 | H86: =ROUND(G34*F86,2) -> 0
A87: Submódulo 4.1.1 - Afastamento Maternidade (120 dias)
A88: A | B88: Férias pagas ao substituto pelos 120 dias de reposição | F88: =ROUND((((ROUND((1/11)+(1/11)/3, 3))*4)/12)*1%,4)*0 -> 0 | G88: =ROUND(G$34*F88,2) -> 0
A89: B | B89: Incidência dos encargos do submódulo 2.2 sobre as férias pagas ao substituto | F89: =ROUND(F88*F51,4) -> 0 | G89: =ROUND(G$34*F89,2) -> 0
A90: C | B90: Incidencia do submódulo 2.2 s/ a remuneração e o 13º proporcionais aos 120 d | F90: =ROUND(ROUND(ROUND(((1+1/12)*4)/12,4)*1%,4)*F51,4)*0 -> 0 | G90: =ROUND(G$34*F90,2) -> 0
A91: D | B91: Outros | F91: 0 | G91: =ROUND(G$34*F91,2) -> 0
A92: Total do Submódulo 4.1.1 | F92: =SUM(F88:F91) -> 0 | G92: =SUM(G88:G91) -> 0 | H92: =ROUND(G34*F92,2) -> 0
A93: Submódulo 4.2 - Intrajornada
A94: A | B94: Cobertura de Intervalo para repouso ou alimentação | F94: =((1/220)*22)*0 -> 0 | G94: =ROUND(G$34*F94,2) -> 0
A95: B | B95: Incidência do Sub módulo 2.2 | F95: =F94*F51 -> 0 | G95: =ROUND(G$34*F95,2) -> 0
A96: Total do Submódulo 4.2 | F96: =SUM(F94:F95) -> 0 | G96: =SUM(G94:G95) -> 0 | H96: =ROUND(G34*F96,2) -> 0
A97: Submódulo 4.2.1 - Cobertura de Feriados, Dias Ponte, e outros (exceto para postos 12 x 36)
A98: A | B98: Cobertura Feriados, Dias Ponte, e outros (exceto para postos 12 x 36) | F98: =((((8*13)/12)/220)+((((8*13)/12)/220)*100%))*0 -> 0 | G98: =ROUND(G$34*F98,2) -> 0
A99: B | B99: Incidência do Sub módulo 2.2 | F99: =F98*F51 -> 0 | G99: =ROUND(G$34*F99,2) -> 0
A100: Total do Submódulo 4.2.1 | F100: =SUM(F98:F99) -> 0 | G100: =SUM(G98:G99) -> 0 | H100: =ROUND(G44*F100,2) -> 0
A101: QUADRO RESUMO - MÓDULO 4
A102: 4.1 | B102: Substituto nas Ausências Legais | F102: =F86 -> 0 | G102: =G86 -> 0
...

Sheet Jardineiro_CEARA
A1: PLANILHA DE CUSTO E FORMAÇÃO DE PREÇOS
A2: PROCESSO Nº 125/2025 | F2: LOTE 01
A3: OBJETO: PRESTAÇÃO DE SERVIÇOS DE LIMPEZA, CONSERVAÇÃO E HIGIENIZAÇÃO EM DIVERSOS ENTREPOSTO DO INTERIOR
A5: I - DISCRIMINAÇÃO DOS SERVIÇOS
A6: Data de Apresentação da Proposta:
A7: Município/UF: | F7: ARARAQUARA/SP
A8: Sindicato: SINDVERDE - SINDICATO DAS EMPRESAS DE MANUTENCAO E EXECUCAO DE AREAS VERDES PÚBLICAS E PRIVADAS DO ESTADO DE SÃO PAULO
A10: Ano do acordo, convenção ou dissídio coletivo: | F10: 2025/2026
A11: Tipo de serviço: | F11: LIMPEZA
A12: Unidade de Medida: | F12: Posto/Hora
A13: Período contratual: | F13: 12 MESES
A14: DADOS COMPLEMENTARES
A15: Salário mínimo oficial vigente: | F15: 1518
A16: Categoria Profissional: | F16: Jardineiro
A17: Classificação Brasileira de Ocupações (CBO): | F17: 6220-10
A18: Salário Normativo da Categoria Profissional: | F18: 1732.39
A19: Data Base da Categoria: | F19: 45717
A20: Posto de Trabalho: | F20: 44 HORAS SEMANAIS
A21: Quantidade de Pessoas por Posto: | F21: 1
A22: Quantidade de Postos: | F22: 1
A23: Outras Informações: | F23: DIURNO
A24: Posto de trabalho: 2ª à 6ª início às 08:00 / Sábado (4h) início às 08:00 (com intervalo para refeição)
A25: MODULO 1 - COMPOSIÇÃO DA REMUNERAÇÃO
A26: 1 | B26: Composição da Remuneração | F26: Quant/Horas/Perc | G26: Valor Total
A27: A | B27: Salário Base | F27: 1 | G27: =F18*F27 -> 1732.39
A28: B | B28: Adicional Periculosidade | G28: =ROUND(F18*F28,2) -> 0
A29: C | B29: Adicional Insalubridade | F29: 0.2 | G29: =ROUND(F15*F29,2) -> 303.6
A30: D | B30: Adicional de Liderança | G30: =ROUND(F18*F30,2) -> 0
A31: E | B31: Adicional Noturno (Hora Noturna/Hora Reduzida) | F31: =ROUND((ROUND((0*15.22),2)/52.5)*60,2) -> 0 | G31: =ROUND((F18/192*0.2)*F31,2) -> 0
A32: F | B32: DSR Sobre Adicional Noturno | F32: =ROUND(SUM(F31)/25*5,2) -> 0 | G32: =ROUND((F18/192*0.2)*F32,2) -> 0
A33: G | B33: Outrros (especificar) | G33: 0
A34: Total da Remuneração/MÓDULO 1 | G34: =SUM(G27:G33) -> 2035.99
A35: MÓDULO 2 - ENCARGOS E BENEFÍCIOS ANUAIS, MENSAIS E DIÁRIOS
A36: Submódulo 2.1 - 13º Salário, Férias e Adicional de Férias
A37: A | B37: 13º Salário | F37: =ROUND((1/12),6) -> 0.0833 | G37: =ROUND(G$34*F37,2) -> 169.6
A38: B | B38: Ferias e terço constitucional | F38: =ROUND((1/11)+(1/11)/3, 3) -> 0.121 | G38: =ROUND(G$34*F38,2) -> 246.35
B39: Subtotal | F39: =SUM(F37:F38) -> 0.2043
A40: C | B40: Incidência do Submódulo 2.2 sobre o Submódulo 2.1 | F40: =ROUND((F51*F39),4) -> 0.0691 | G40: =ROUND(G$34*F40,2) -> 140.69
A41: Total do Submódulo 2.1 | F41: =ROUND(SUM(F39:F40),4) -> 0.2734 | G41: =SUM(G37:G40) -> 556.64 | H41: =ROUND(G34*F41,2) -> 556.64
A42: Submódulo 2.2 – Encargos Previdenciários (GPS), FGTS e Outras Contribuições | H42: =SUM(G41,G34) -> 2592.63
A43: A | B43: INSS | F43: 0.2 | G43: =ROUND((G$34)*F43,2) -> 407.2
A44: B | B44: Salário Educação | F44: 0.025 | G44: =ROUND((G$34)*F44,2) -> 50.9
A45: C | B45: SAT (Seguro Acidente de Trabalho) | F45: 0 | G45: =ROUND((G$34)*F45,2) -> 0
A46: D | B46: SESC ou SESI | F46: 0.015 | G46: =ROUND((G$34)*F46,2) -> 30.54
A47: E | B47: SENAI - SENAC | F47: 0.01 | G47: =ROUND((G$34)*F47,2) -> 20.36
A48: F | B48: SEBRAE | F48: 0.006 | G48: =ROUND((G$34)*F48,2) -> 12.22
A49: G | B49: INCRA | F49: 0.002 | G49: =ROUND((G$34)*F49,2) -> 4.07
A50: H | B50: FGTS | F50: 0.08 | G50: =ROUND((G$34)*F50,2) -> 162.88
A51: Total do Submódulo 2.2 | F51: =SUM(F43:F50) -> 0.338 | G51: =SUM(G43:G50) -> 688.17 | H51: =ROUND(G34*F51,2) -> 688.16
A52: Submódulo 2.3 – Benefícios Mensais e Diários
A53: A | B53: Transporte | E53: 0 | F53: 52 | G53: =IF(ROUND((E53*F53)-(G27*0.06),2)<0,0,ROUND((E53*F53)-(G27*0.06),2)) -> 0
A54: B | B54: Auxílio Refeição | E54: =(12.5-1.4) -> 11.1 | F54: 26 | G54: =ROUND((E54*F54),2) -> 288.6
A55: C | B55: Auxílio Alimentação | E55: =138.6 -> 138.6 | F55: 1 | G55: =ROUND((E55*F55),2) -> 138.6
A56: D | B56: Auxílio Saúde | E56: 34.94 | F56: 1 | G56: =ROUND((E56*F56),2) -> 34.94
A57: E | B57: Auxílio Creche | E57: =ROUND((F18*30%)*5%,2)*0 -> 0 | F57: 1 | G57: =ROUND((E57*F57),2) -> 0
A58: F | B58: Dia Trabalhador | E58: =ROUND(((F18/220)*8)*1.5,2) -> 94.49 | F58: 1 | G58: =ROUND((E58*F58)/12,2) -> 7.87
A59: G | B59: Benefício Social | E59: =9.31 -> 9.31 | F59: 1 | G59: =ROUND((E59*F59),2) -> 9.31
A60: H | B60: Outros (Especificar) | E60: 0 | F60: 1 | G60: =ROUND((E60*F60)/12,2) -> 0
A61: I | B61: Outros (Especificar) | E61: 0 | F61: 1 | G61: =ROUND((E61*F61),2) -> 0
A62: J | B62: Outros (Especificar) | E62: 0 | F62: 1 | G62: 0
A63: Total do Submódulo 2.3 | G63: =SUM(G53:G62) -> 479.32
A64: QUADRO RESUMO - MÓDULO 2
A65: 2.1 | B65: 13º Salário, Férias e Adicional de Férias | F65: =F41 -> 0.2734 | G65: =G41 -> 556.64
A66: 2.2 | B66: Encargos Previdenciários (GPS), FGTS e Outras Contribuições | F66: =F51 -> 0.338 | G66: =G51 -> 688.17
A67: 2.3 | B67: Benefícios Mensais e Diários | G67: =G63 -> 479.32
A68: TOTAL MÓDULO 2 | G68: =SUM(G65:G67) -> 1724.13
A69: MÓDULO 3 - PROVISÃO PARA RESCISÃO
A70: 3 | B70: Provisão para Rescisão
A71: A | B71: Aviso Prévio Indenizado | F71: =ROUND((1/12)*0.05,4)*0 -> 0 | G71: =ROUND(G$34*F71,2) -> 0
A72: B | B72: Incidência do FGTS sobre Aviso Prévio Indenizado | F72: =ROUND((F71*F50),4) -> 0 | G72: =ROUND(G$34*F72,2) -> 0
A73: C | B73: Multa do FGTS sobre o Aviso Prévio Indenizado | F73: =ROUND((0.08*0.4*0.9)*(1+0.09+0.09+0.3),2)*0 -> 0 | G73: =ROUND(G$34*F73,2) -> 0
A74: D | B74: Aviso Prévio Trabalhado | F74: =ROUND(100%/30*7/12*100%,4)*0 -> 0 | G74: =ROUND(G$34*F74,2) -> 0
A75: E | B75: Incidência de GPS, FGTS e outras contribuições sobre Aviso Prévio Trabalhado | F75: =ROUND(F74*F51,4) -> 0 | G75: =ROUND(G$34*F75,2) -> 0
A76: F | B76: Multa do FGTS sobre o Aviso Prévio Trabalhado. | F76: 0 | G76: =ROUND(G$34*F76,2) -> 0
A77: TOTAL MÓDULO 3 | F77: =SUM(F71:F76) -> 0 | G77: =SUM(G71:G76) -> 0 | H77: =ROUND(G34*F77,2) -> 0
A78: MÓDULO 4 - CUSTO DE REPOSIÇÃO DO PROFISSIONAL AUSENTE
A79: Submódulo 4.1 - Substituto nas Ausências Legais
A80: A | B80: Substituto na cobertura de Férias (Somente se não aportado no submódulo 2.1) | F80: 0 | G80: =ROUND(G$34*F80,2) -> 0
A81: B | B81: Substituto na cobertura de Ausências Legais | F81: =ROUND(((1/30)/12)*1,4)*0 -> 0 | G81: =ROUND(G$34*F81,2) -> 0
A82: C | B82: Substituto na cobertura de Licença Paternidade | F82: =ROUND((((1/30)/12)*5)*0.02,4)*0 -> 0 | G82: =ROUND(G$34*F82,2) -> 0
A83: D | B83: Substituto na cobertura de Ausência por Acidente de Trabalho | F83: =ROUND((((1/30)/12)*15)*0.05,4)*0 -> 0 | G83: =ROUND(G$34*F83,2) -> 0
A84: E | B84: Substituto na cobertura de Afastamento Maternidade (aportar no 4.1.1) | F84: 0 | G84: =ROUND(G$34*F84,2) -> 0
A85: F | B85: Substituto na cobertura de Outras Ausências | F85: =ROUND((((1/30)/12)*5)*0.5,4)*0 -> 0 | G85: =ROUND(G$34*F85,2) -> 0
A86: Total do Submódulo 4.1 | F86: =SUM(F80:F85) -> 0 | G86: =SUM(G80:G85) -> 0 | H86: =ROUND(G34*F86,2) -> 0
A87: Submódulo 4.1.1 - Afastamento Maternidade (120 dias)
A88: A | B88: Férias pagas ao substituto pelos 120 dias de reposição | F88: =ROUND((((ROUND((1/11)+(1/11)/3, 3))*4)/12)*1%,4)*0 -> 0 | G88: =ROUND(G$34*F88,2) -> 0
A89: B | B89: Incidência dos encargos do submódulo 2.2 sobre as férias pagas ao substituto | F89: =ROUND(F88*F51,4) -> 0 | G89: =ROUND(G$34*F89,2) -> 0
A90: C | B90: Incidencia do submódulo 2.2 s/ a remuneração e o 13º proporcionais aos 120 d | F90: =ROUND(ROUND(ROUND(((1+1/12)*4)/12,4)*1%,4)*F51,4)*0 -> 0 | G90: =ROUND(G$34*F90,2) -> 0
A91: D | B91: Outros | F91: 0 | G91: =ROUND(G$34*F91,2) -> 0
A92: Total do Submódulo 4.1.1 | F92: =SUM(F88:F91) -> 0 | G92: =SUM(G88:G91) -> 0 | H92: =ROUND(G34*F92,2) -> 0
A93: Submódulo 4.2 - Intrajornada
A94: A | B94: Cobertura de Intervalo para repouso ou alimentação | F94: =((1/220)*22)*0 -> 0 | G94: =ROUND(G$34*F94,2) -> 0
A95: B | B95: Incidência do Sub módulo 2.2 | F95: =F94*F51 -> 0 | G95: =ROUND(G$34*F95,2) -> 0
A96: Total do Submódulo 4.2 | F96: =SUM(F94:F95) -> 0 | G96: =SUM(G94:G95) -> 0 | H96: =ROUND(G34*F96,2) -> 0
A97: Submódulo 4.2.1 - Cobertura de Feriados, Dias Ponte, e outros (exceto para postos 12 x 36)
A98: A | B98: Cobertura Feriados, Dias Ponte, e outros (exceto para postos 12 x 36) | F98: =((((8*13)/12)/220)+((((8*13)/12)/220)*100%))*0 -> 0 | G98: =ROUND(G$34*F98,2) -> 0
A99: B | B99: Incidência do Sub módulo 2.2 | F99: =F98*F51 -> 0 | G99: =ROUND(G$34*F99,2) -> 0
A100: Total do Submódulo 4.2.1 | F100: =SUM(F98:F99) -> 0 | G100: =SUM(G98:G99) -> 0 | H100: =ROUND(G44*F100,2) -> 0
A101: QUADRO RESUMO - MÓDULO 4
A102: 4.1 | B102: Substituto nas Ausências Legais | F102: =F86 -> 0 | G102: =G86 -> 0
...

Sheet Ajud. de Serv. Diversos_CEARA
A1: PLANILHA DE CUSTO E FORMAÇÃO DE PREÇOS
A2: PROCESSO Nº 125/2025 | F2: LOTE 01
A3: OBJETO: PRESTAÇÃO DE SERVIÇOS DE LIMPEZA, CONSERVAÇÃO E HIGIENIZAÇÃO EM DIVERSOS ENTREPOSTO DO INTERIOR
A5: I - DISCRIMINAÇÃO DOS SERVIÇOS
A6: Data de Apresentação da Proposta:
A7: Município/UF: | F7: ARARAQUARA/SP
A8: Sindicato: SEAC/SP SINDICATO DAS EMPRESAS DE ASSEIO E CONSERVAÇÃO NO ESTADO DE SAO PAULO e SIEMACO-SP - SINDICATO TRABALHADORES EMPRESAS PRESTACAO DE SERVICOS DE ASSEIO E CONSERVACAO E LIMPEZA URBANA DE SP
A10: Ano do acordo, convenção ou dissídio coletivo: | F10: 2025
A11: Tipo de serviço: | F11: Limpeza e Conservação
A12: Unidade de Medida: | F12: Posto/Hora
A13: Período contratual: | F13: 12 MESES
A14: DADOS COMPLEMENTARES
A15: Salário mínimo oficial vigente: | F15: 1518
A16: Categoria Profissional: | F16: Ajudante de Serviços Diversos
A17: Classificação Brasileira de Ocupações (CBO): | F17: 5143-25
A18: Salário Normativo da Categoria Profissional: | F18: 1766.58
A19: Data Base da Categoria: | F19: 45658
A20: Posto de Trabalho: | F20: 44 HORAS SEMANAIS
A21: Quantidade de Pessoas por Posto: | F21: 1
A22: Quantidade de Postos: | F22: 1
A23: Outras Informações: | F23: DIURNO
A24: Posto de trabalho: De 2ª à 6ª início às 07:00 e Domingo (2h) início às 15:00 - (com intervalo para refeição)
A25: MODULO 1 - COMPOSIÇÃO DA REMUNERAÇÃO
A26: 1 | B26: Composição da Remuneração | F26: Quant/Horas/Perc | G26: Valor Total
A27: A | B27: Salário | F27: 1 | G27: =F18*F27 -> 1766.58
A28: B | B28: Adicional Periculosidade | F28: 0 | G28: =ROUND(G27*F28,2) -> 0
A29: C | B29: Adicional Insalubridade | F29: 0.2 | G29: =ROUND(F15*F29,2) -> 303.6
A30: D | B30: Adicional de Liderança | G30: =ROUND(ROUND(ROUND((SUM(G27:G29)+G33)/220,2)*0.2,2)*F30,2) -> 0
A31: E | B31: Adicional Noturno (Hora Noturna/Hora Reduzida) | F31: =ROUND((ROUND((0*15.22),2)/52.5)*60,2) -> 0 | G31: =ROUND(ROUND(ROUND((SUM(G27:G29)+G33)/220,2)*0.2,2)*F31,2) -> 0
A32: F | B32: DSR Sobre Adicional Noturno | F32: =ROUND(SUM(F31)/25*5,2) -> 0
A33: G | B33: Outrros (especificar) | G33: =ROUND(F18*F33,2) -> 0
A34: Total da Remuneração/MÓDULO 1 | G34: =SUM(G27:G33) -> 2070.18
A35: MÓDULO 2 - ENCARGOS E BENEFÍCIOS ANUAIS, MENSAIS E DIÁRIOS
A36: Submódulo 2.1 - 13º Salário, Férias e Adicional de Férias
A37: A | B37: 13º Salário | F37: 0.0833 | G37: =ROUND(G$34*F37,2) -> 172.45
A38: B | B38: Ferias e terço constitucional | F38: =ROUND((1/11)+(1/11)/3, 3) -> 0.121 | G38: =ROUND(G$34*F38,2) -> 250.49
B39: Subtotal | F39: =SUM(F37:F38) -> 0.2043
A40: C | B40: Incidência do Submódulo 2.2 sobre o Submódulo 2.1 | F40: =ROUND((F51*F39),4) -> 0.0691 | G40: =ROUND(G$34*F40,2) -> 143.05
A41: Total do Submódulo 2.1 | F41: =ROUND(SUM(F39:F40),4) -> 0.2734 | G41: =SUM(G37:G40) -> 565.99 | H41: =ROUND(G34*F41,2) -> 565.99
A42: Submódulo 2.2 – Encargos Previdenciários (GPS), FGTS e Outras Contribuições
A43: A | B43: INSS | F43: 0.2 | G43: =ROUND(G$34*F43,2) -> 414.04
A44: B | B44: Salário Educação | F44: 0.025 | G44: =ROUND(G$34*F44,2) -> 51.75
A45: C | B45: SAT (Seguro Acidente de Trabalho) | F45: 0 | G45: =ROUND(G$34*F45,2) -> 0
A46: D | B46: SESC ou SESI | F46: 0.015 | G46: =ROUND(G$34*F46,2) -> 31.05
A47: E | B47: SENAI - SENAC | F47: 0.01 | G47: =ROUND(G$34*F47,2) -> 20.7
A48: F | B48: SEBRAE | F48: 0.006 | G48: =ROUND(G$34*F48,2) -> 12.42
A49: G | B49: INCRA | F49: 0.002 | G49: =ROUND(G$34*F49,2) -> 4.14
A50: H | B50: FGTS | F50: 0.08 | G50: =ROUND(G$34*F50,2) -> 165.61
A51: Total do Submódulo 2.2 | F51: =SUM(F43:F50) -> 0.338 | G51: =SUM(G43:G50) -> 699.71 | H51: =ROUND(G34*F51,2) -> 699.72
A52: Submódulo 2.3 – Benefícios Mensais e Diários
A53: A | B53: Transporte | E53: 0 | F53: 52 | G53: =IF(ROUND((E53*F53)-(G27*0.06),2)<0,0,ROUND((E53*F53)-(G27*0.06),2)) -> 0
A54: B | B54: Auxílio Refeição | E54: =20.76-1.39 -> 19.37 | F54: 26 | G54: =ROUND((E54*F54),2) -> 503.62
A55: C | B55: Auxílio Alimentação | E55: 144.68 | F55: 1 | G55: =ROUND((E55*F55),2) -> 144.68
A56: D | B56: Benefício Médico Ambulatorial e Odontológico | E56: 35.33 | F56: 1 | G56: =ROUND((E56*F56),2) -> 35.33
A57: E | B57: Auxílio Creche | E57: =ROUND((F18*30%)*5%,2)*0 -> 0 | F57: 1 | G57: =ROUND((E57*F57),2) -> 0
A58: F | B58: Dia Trabalhador em Asseio e Conservação | E58: =20.76 -> 20.76 | F58: 1 | G58: =ROUND((E58*F58),2) -> 20.76
A59: G | B59: Benefício Social | E59: =15.96 -> 15.96 | F59: 1 | G59: =ROUND((E59*F59),2) -> 15.96
A60: H | B60: Prêmio Assiduidade | E60: 300 | F60: 1 | G60: =ROUND((E60*F60),2) -> 300
A61: I | B61: Outros (Especificar) | E61: 0 | F61: 1 | G61: =ROUND((E61*F61),2) -> 0
A62: J | B62: Outros (Especificar) | E62: 0 | F62: 1 | G62: =ROUND((E62*F62),2) -> 0
A63: Total do Submódulo 2.3 | G63: =SUM(G53:G62)+52.42 -> 1072.77
A64: QUADRO RESUMO - MÓDULO 2
A65: 2.1 | B65: 13º Salário, Férias e Adicional de Férias | F65: =F41 -> 0.2734 | G65: =G41 -> 565.99
A66: 2.2 | B66: Encargos Previdenciários (GPS), FGTS e Outras Contribuições | F66: =F51 -> 0.338 | G66: =G51 -> 699.71
A67: 2.3 | B67: Benefícios Mensais e Diários | G67: =G63 -> 1072.77
A68: TOTAL MÓDULO 2 | G68: =SUM(G65:G67) -> 2338.47
A69: MÓDULO 3 - PROVISÃO PARA RESCISÃO
A70: 3 | B70: Provisão para Rescisão
A71: A | B71: Aviso Prévio Indenizado | F71: =ROUND((1/12)*0.05,4)*0 -> 0 | G71: =ROUND(G$34*F71,2) -> 0
A72: B | B72: Incidência do FGTS sobre Aviso Prévio Indenizado | F72: =ROUND((F71*F50),4) -> 0 | G72: =ROUND(G$34*F72,2) -> 0
A73: C | B73: Multa do FGTS sobre o Aviso Prévio Indenizado | F73: =ROUND((0.08*0.4*0.9)*(1+0.09+0.09+0.3),2)*0 -> 0 | G73: =ROUND(G$34*F73,2) -> 0
A74: D | B74: Aviso Prévio Trabalhado | F74: =ROUND(100%/30*7/12*100%,4)*0 -> 0 | G74: =ROUND(G$34*F74,2) -> 0
A75: E | B75: Incidência de GPS, FGTS e outras contribuições sobre Aviso Prévio Trabalhado | F75: =ROUND(F74*F51,4) -> 0 | G75: =ROUND(G$34*F75,2) -> 0
A76: F | B76: Multa do FGTS sobre o Aviso Prévio Trabalhado. | F76: 0 | G76: =ROUND(G$34*F76,2) -> 0
A77: TOTAL MÓDULO 3 | F77: =SUM(F71:F76) -> 0 | G77: =SUM(G71:G76) -> 0 | H77: =ROUND(G34*F77,2) -> 0
A78: MÓDULO 4 - CUSTO DE REPOSIÇÃO DO PROFISSIONAL AUSENTE
A79: Submódulo 4.1 - Substituto nas Ausências Legais
A80: A | B80: Substituto na cobertura de Férias (Somente se não aportado no submódulo 2.1) | F80: 0 | G80: =ROUND(G$34*F80,2) -> 0
A81: B | B81: Substituto na cobertura de Ausências Legais | F81: =ROUND(((1/30)/12)*1,4)*0 -> 0 | G81: =ROUND(G$34*F81,2) -> 0
A82: C | B82: Substituto na cobertura de Licença Paternidade | F82: =ROUND((((1/30)/12)*5)*0.02,4)*0 -> 0 | G82: =ROUND(G$34*F82,2) -> 0
A83: D | B83: Substituto na cobertura de Ausência por Acidente de Trabalho | F83: =ROUND((((1/30)/12)*15)*0.05,4)*0 -> 0 | G83: =ROUND(G$34*F83,2) -> 0
A84: E | B84: Substituto na cobertura de Afastamento Maternidade (aportar no 4.1.1) | F84: 0 | G84: =ROUND(G$34*F84,2) -> 0
A85: F | B85: Substituto na cobertura de Outras Ausências | F85: =ROUND((((1/30)/12)*5)*0.5,4)*0 -> 0 | G85: =ROUND(G$34*F85,2) -> 0
A86: Total do Submódulo 4.1 | F86: =SUM(F80:F85) -> 0 | G86: =SUM(G80:G85) -> 0 | H86: =ROUND(G34*F86,2) -> 0
A87: Submódulo 4.1.1 - Afastamento Maternidade (120 dias)
A88: A | B88: Férias pagas ao substituto pelos 120 dias de reposição | F88: =ROUND((((ROUND((1/11)+(1/11)/3, 3))*4)/12)*1%,4)*0 -> 0 | G88: =ROUND(G$34*F88,2) -> 0
A89: B | B89: Incidência dos encargos do submódulo 2.2 sobre as férias pagas ao substituto | F89: =ROUND(F88*F51,4) -> 0 | G89: =ROUND(G$34*F89,2) -> 0
A90: C | B90: Incidencia do submódulo 2.2 s/ a remuneração e o 13º proporcionais aos 120 d | F90: =ROUND(ROUND(ROUND(((1+1/12)*4)/12,4)*1%,4)*F51,4)*0 -> 0 | G90: =ROUND(G$34*F90,2) -> 0
A91: D | B91: Outros | F91: 0 | G91: =ROUND(G$34*F91,2) -> 0
A92: Total do Submódulo 4.1.1 | F92: =SUM(F88:F91) -> 0 | G92: =SUM(G88:G91) -> 0 | H92: =ROUND(G34*F92,2) -> 0
A93: Submódulo 4.2 - Intrajornada
A94: A | B94: Cobertura de Intervalo para repouso ou alimentação | F94: =((1/220)*22)*0 -> 0 | G94: =ROUND(G$34*F94,2) -> 0
A95: B | B95: Incidência do Sub módulo 2.2 | F95: =F94*F51 -> 0 | G95: =ROUND(G$34*F95,2) -> 0
A96: Total do Submódulo 4.2 | F96: =SUM(F94:F95) -> 0 | G96: =SUM(G94:G94) -> 0 | H96: =ROUND(G34*F96,2) -> 0
A97: Submódulo 4.2.1 - Cobertura de Feriados, Dias Ponte, e outros (exceto para postos 12 x 36)
A98: A | B98: Cobertura Feriados, Dias Ponte, e outros (exceto para postos 12 x 36) | F98: =((((8*13)/12)/220)+((((8*13)/12)/220)*100%))*0 -> 0 | G98: =ROUND(G$34*F98,2) -> 0
A99: B | B99: Incidência do Sub módulo 2.2 | F99: =F98*F51 -> 0 | G99: =ROUND(G$34*F99,2) -> 0
A100: Total do Submódulo 4.2.1 | F100: =SUM(F98:F99) -> 0 | G100: =SUM(G98:G98) -> 0 | H100: =ROUND(G44*F100,2) -> 0
A101: QUADRO RESUMO - MÓDULO 4
A102: 4.1 | B102: Substituto nas Ausências Legais | F102: =F86 -> 0 | G102: =G86 -> 0
...

Sheet Quadro Resumo M² - CEARA
B1: PROCESSO Nº 125/2025 - LOTE 01
B2: QUADRO RESUMO LICITANTE - CÁLCULO VALOR M²
B3: OBJETO: PRESTAÇÃO DE SERVIÇOS DE LIMPEZA, CONSERVAÇÃO E HIGIENIZAÇÃO EM DIVERSOS ENTREPOSTO DO INTERIOR
B4: ENTRADA DE DADOS
B6: Áreas reais da unidade (em M²) | C6: ARARAQUARA/SP
B7: Tipos de Áreas (1) | C7: TOTAL (M²) | D7: Produtividade/ M² | E7: Dimensionamento de Pessoas | F7: Quant. Mínimo conforme Termo de Referência
B8: ÁREAS INTERNAS | C8: 545.99 | D8: 800 | E8: =C8/D8 -> 0.68 | F8: =ROUNDDOWN(SUM(E8:E12),0) -> 2
B9: AREAS EXTERNAS | C9: 9223.76 | D9: 9000 | E9: =C9/D9 -> 1.02
B10: ÁREAS ENVIDRAÇADAS | C10: 80.31 | D10: 300 | E10: =C10/D10 -> 0.27
B11: SANITÁRIOS | C11: 43.56 | D11: 200 | E11: =C11/D11 -> 0.22
B12: SANITÁRIOS (Diuturno) | C12: 0 | D12: 200 | E12: =C12/D12 -> 0
B13: AREAS VERDES | C13: 10000 | D13: 10000 | E13: =C13/D13 -> 1 | F13: =ROUNDUP(E13,0) -> 1
B14: Agente de Higienização | F14: ='Agente de Higienização_CEARA'!F22 -> 2
B15: Jardineiro | F15: =Jardineiro_CEARA!F22 -> 1
B16: ='Ajud. de Serv. Diversos_CEARA'!F16 -> Ajudante de Serviços Diversos | F16: ='Ajud. de Serv. Diversos_CEARA'!F22 -> 1
B17: Quantidade mínimo de pessoas conforme Termo de Referência | F17: =SUM(F14:F16) -> 4
B19: Preço do homem-mês (2) : | C19: Valor m.o./ mês
B20: ='Agente de Higienização_CEARA'!F16 -> Agente de Higienização | C20: ='Agente de Higienização_CEARA'!G140 -> 4893.67
B21: Jardineiro | C21: =Jardineiro_CEARA!G140 -> 3876.41
B22: ='Ajud. de Serv. Diversos_CEARA'!F16 -> Ajudante de Serviços Diversos | C22: ='Ajud. de Serv. Diversos_CEARA'!G140 -> 4545
B24: Tipo de área | C24: Produtividade ( I ) (1/M²) (1) | D24: Preço do homem-mês ( II ) | E24: Subtotal (R$/M²) ( I ) x ( II )
B25: área interna
B26: =B20 -> Agente de Higienização | C26: =ROUND(1/(26*D8),9) -> 4.8077e-05 | D26: =C20 -> 4893.67 | E26: =ROUND(D26*C26,2) -> 0.24
C27: preço por m² total - área interna | E27: =SUM(E26:E26) -> 0.24
B28: Tipo de área | C28: Produtividade ( I ) (1/M²) (1) | D28: Preço do homem-mês ( II ) | E28: Subtotal (R$/M²) ( I ) x ( II )
B29: área externa | I29: CONSIDERAR LIMPEZA DA ÁREA EXTERNA SEMANALMENTE
B30: =B20 -> Agente de Higienização | C30: =ROUND(1/(D9),9) -> 0.000111111 | D30: =C20 -> 4893.67 | E30: =ROUND(D30*C30,2) -> 0.54
C31: preço por m² total - área externa | E31: =SUM(E30:E30) -> 0.54
B32: sanitários
B33: =B20 -> Agente de Higienização | C33: =ROUND(1/(D11),9) -> 0.005 | D33: =C20 -> 4893.67 | E33: =ROUND(D33*C33,2) -> 24.47
C34: preço por m² total - sanitários | E34: =SUM(E33) -> 24.47
B35: sanitários (diuturno)
B36: =B20 -> Agente de Higienização | C36: =ROUND(1/(D12),9) -> 0.005 | D36: =C20 -> 4893.67 | E36: =ROUND(D36*C36,2) -> 24.47
C37: preço por m² total - sanitários | E37: =SUM(E36) -> 24.47
B39: Tipo de área | C39: Produtividade ( I ) (1/M²) (1) | D39: Frequência mês (II) (em horas) | E39: Jornada no mês (III) (em horas) | F39: Coeficiente (ki) ( I )x( II )x( III )=( IV ) | G39: Preço do homem-mês ( V ) | H39: Subtotal(R$/M²) ( IV )x( V )
B41: vidros- fachada interna e externa (3)
B42: =B20 -> Agente de Higienização | C42: =ROUND(1/D10,9) -> 0.003333333 | D42: =((C10/D10)*8) -> 2 | E42: =ROUND(1/188.76,9) -> 0.005297733 | F42: =ROUND(((C42)*(E42)*(D42)),9) -> 3.5318e-05 | G42: =C20 -> 4893.67 | H42: =ROUND(G42*F42,2) -> 0.17
G43: preço por m² total - esquadria interna e externa | H43: =ROUND(SUM(H42:H42),2) -> 0.17
B45: Tipo de área | C45: Produtividade ( I ) (1/M²) (1) | D45: Preço do homem-mês ( II ) | E45: Subtotal (R$/M²) ( I ) x ( II )
B46: área verde
B47: =B20 -> Agente de Higienização | C47: =ROUND(1/(26*D13),9) -> 3.846e-06 | D47: =C20 -> 4893.67 | E47: =ROUND(D47*C47,2) -> 0.02
B48: =B21 -> Jardineiro | C48: =ROUND(1/(D13),9) -> 0.0001 | D48: =C21 -> 3876.41 | E48: =ROUND(D48*C48,2) -> 0.39
C49: preço por m² total - área verde | E49: =SUM(E47:E48) -> 0.41
B51: Tipo de área | C51: Preço por M² Mensal (R$/M²) | D51: Área (M²) / Mês | E51: Limite por tipo de Área(R$) / Mês | F51: Área (M²) / 12 Meses | G51: Limite por tipo de Área (R$) 12 Meses
B53: área interna | C53: =E27 -> 0.24 | D53: =C8 -> 545.99 | E53: =ROUND(D53*C53,2) -> 131.04 | F53: =D53*12 -> 6551.88 | G53: =E53*12 -> 1572.48
B54: área externa | C54: =E31 -> 0.54 | D54: =C9 -> 9223.76 | E54: =ROUND(D54*C54,2) -> 4980.83 | F54: =D54*12 -> 110685.12 | G54: =E54*12 -> 59769.96
B55: áreas envidraçadas | C55: =H43 -> 0.17 | D55: =C10 -> 80.31 | E55: =ROUND(D55*C55,2) -> 13.65 | F55: =D55*12 -> 963.72 | G55: =E55*12 -> 163.8
B56: sanitários | C56: =E34 -> 24.47 | D56: =C11 -> 43.56 | E56: =ROUND(D56*C56,2) -> 1065.91 | F56: =D56*12 -> 522.72 | G56: =E56*12 -> 12790.92
B57: sanitários (diuturno) | C57: =E37 -> 24.47 | D57: =C12 -> 0 | E57: =ROUND(D57*C57,2) -> 0 | F57: =D57*12 -> 0 | G57: =E57*12 -> 0
B58: áreas verdes | C58: =E49 -> 0.41 | D58: =C13 -> 10000 | E58: =ROUND(D58*C58,2) -> 4100 | F58: =D58*12 -> 120000 | G58: =E58*12 -> 49200
A59: % | B59: Limite Máximo Contratação por Tipo de Área mensal (R$) | G59: =SUM(E53:E58) -> 10291.43
B60: Limite Máximo Contratação por Tipo de Área - Período de 12 Meses (R$) | G60: =G59*12 -> 123497.16
B61: Insumos Diversos Mensal (R$) | G61: ='Insumos Diversos'!D136 -> 0
B62: Insumos Diversos - Período de 12 Meses (R$) | G62: =G61*12 -> 0
B63: ='Ajud. de Serv. Diversos_CEARA'!F16 -> Ajudante de Serviços Diversos | G63: ='Ajud. de Serv. Diversos_CEARA'!G140 -> 4545
B64: Ajudante de Serviços Diversos - Período de 12 meses (R$) | G64: =G63*12 -> 54540
B65: TOTAL MENSAL MÃO DE OBRA + AJUDANTE DE SERVIVOS DIVERSOS + INSUMOS DIVERSOS | G65: =SUM(G61,G59,G63) -> 14836.43
B66: TOTAL POR 12 MESES DA MÃO DE OBRA + AJUDANTE DE SERVIÇOS DIVERSOS + INSUMOS DIVERSOS | G66: =G65*12 -> 178037.16
B67: Observações:
B68: (1) Produtividades auferidas de acordo com o Termo de Referência e informações enviadas pela área gestora.
B69: (2) O preço do homem-mês está acrescido da provisão dos insumos diversos.
B70: (3) Freqüência em horas por mês, no caso da área de vidros - fachada externa.
B71: (4) Freqüência em horas por mês, no caso da área de vidros - fachada interna.
B72: Os valores contidos neste quadro devem espelhar a PROPOSTA COMERCIAL.

Sheet Agente de Higienização_CEBAU
A1: PLANILHA DE CUSTO E FORMAÇÃO DE PREÇOS
A2: PROCESSO Nº 125/2025 | F2: LOTE 01
A3: OBJETO: PRESTAÇÃO DE SERVIÇOS DE LIMPEZA, CONSERVAÇÃO E HIGIENIZAÇÃO EM DIVERSOS ENTREPOSTO DO INTERIOR
A5: I - DISCRIMINAÇÃO DOS SERVIÇOS
A6: Data de Apresentação da Proposta:
A7: Município/UF: | F7: BAURU/SP
A8: Sindicato: SEAC/SP SINDICATO DAS EMPRESAS DE ASSEIO E CONSERVAÇÃO NO ESTADO DE SAO PAULO e SIEMACO-SP - SINDICATO TRABALHADORES EMPRESAS PRESTACAO DE SERVICOS DE ASSEIO E CONSERVACAO E LIMPEZA URBANA DE SP
A10: Ano do acordo, convenção ou dissídio coletivo: | F10: 2025
A11: Tipo de serviço: | F11: LIMPEZA
A12: Unidade de Medida: | F12: Posto/Hora
A13: Período contratual: | F13: 12 MESES
A14: DADOS COMPLEMENTARES
A15: Salário mínimo oficial vigente: | F15: 1518
A16: Categoria Profissional: | F16: Agente de Higienização
A17: Classificação Brasileira de Ocupações (CBO): | F17: 5143-20
A18: Salário Normativo da Categoria Profissional: | F18: 1717.2
A19: Data Base da Categoria: | F19: 45658
A20: Posto de Trabalho: | F20: 44 HORAS SEMANAIS
A21: Quantidade de Pessoas por Posto: | F21: 1
A22: Quantidade de Postos: | F22: 9
A23: Outras Informações: | F23: DIURNO
A24: Posto de trabalho: 2ª a 6ª feira (Diversos Turnos) e Sábado (4h) início às 08:00 - (com intervalo para refeição)
A25: MODULO 1 - COMPOSIÇÃO DA REMUNERAÇÃO
A26: 1 | B26: Composição da Remuneração | F26: Quant/Horas/Perc | G26: Valor Total
A27: A | B27: Salário Base | F27: 1 | G27: =F18*F27 -> 1717.2
A28: B | B28: Adicional Periculosidade | G28: =ROUND(F18*F28,2) -> 0
A29: C | B29: Adicional Insalubridade | F29: 0.4 | G29: =ROUND(F15*F29,2) -> 607.2
A30: D | B30: Adicional de Liderança | G30: =ROUND(F18*F30,2) -> 0
A31: E | B31: Adicional Noturno (Hora Noturna/Hora Reduzida) | F31: =ROUND((ROUND((0*15.22),2)/52.5)*60,2) -> 0 | G31: =ROUND((F18/192*0.2)*F31,2) -> 0
A32: F | B32: DSR Sobre Adicional Noturno | F32: =ROUND(SUM(F31)/25*5,2) -> 0 | G32: =ROUND((F18/192*0.2)*F32,2) -> 0
A33: G | B33: Outrros (especificar) | G33: 0
A34: Total da Remuneração/MÓDULO 1 | G34: =SUM(G27:G33) -> 2324.4
A35: MÓDULO 2 - ENCARGOS E BENEFÍCIOS ANUAIS, MENSAIS E DIÁRIOS
A36: Submódulo 2.1 - 13º Salário, Férias e Adicional de Férias
A37: A | B37: 13º Salário | F37: =ROUND((1/12),6) -> 0.0833 | G37: =ROUND(G$34*F37,2) -> 193.62
A38: B | B38: Ferias e terço constitucional | F38: =ROUND((1/11)+(1/11)/3, 3) -> 0.121 | G38: =ROUND(G$34*F38,2) -> 281.25
B39: Subtotal | F39: =SUM(F37:F38) -> 0.2043
A40: C | B40: Incidência do Submódulo 2.2 sobre o Submódulo 2.1 | F40: =ROUND((F51*F39),4) -> 0.0691 | G40: =ROUND(G$34*F40,2) -> 160.62
A41: Total do Submódulo 2.1 | F41: =ROUND(SUM(F39:F40),4) -> 0.2734 | G41: =SUM(G37:G40) -> 635.49 | H41: =ROUND(G34*F41,2) -> 635.49
A42: Submódulo 2.2 – Encargos Previdenciários (GPS), FGTS e Outras Contribuições | H42: =SUM(G41,G34) -> 2959.89
A43: A | B43: INSS | F43: 0.2 | G43: =ROUND((G$34)*F43,2) -> 464.88
A44: B | B44: Salário Educação | F44: 0.025 | G44: =ROUND((G$34)*F44,2) -> 58.11
A45: C | B45: SAT (Seguro Acidente de Trabalho) | F45: 0 | G45: =ROUND((G$34)*F45,2) -> 0
A46: D | B46: SESC ou SESI | F46: 0.015 | G46: =ROUND((G$34)*F46,2) -> 34.87
A47: E | B47: SENAI - SENAC | F47: 0.01 | G47: =ROUND((G$34)*F47,2) -> 23.24
A48: F | B48: SEBRAE | F48: 0.006 | G48: =ROUND((G$34)*F48,2) -> 13.95
A49: G | B49: INCRA | F49: 0.002 | G49: =ROUND((G$34)*F49,2) -> 4.65
A50: H | B50: FGTS | F50: 0.08 | G50: =ROUND((G$34)*F50,2) -> 185.95
A51: Total do Submódulo 2.2 | F51: =SUM(F43:F50) -> 0.338 | G51: =SUM(G43:G50) -> 785.65 | H51: =ROUND(G34*F51,2) -> 785.65
A52: Submódulo 2.3 – Benefícios Mensais e Diários
A53: A | B53: Transporte | E53: 0 | F53: 52 | G53: =IF(ROUND((E53*F53)-(G27*0.06),2)<0,0,ROUND((E53*F53)-(G27*0.06),2)) -> 0
A54: B | B54: Auxílio Refeição | E54: =20.76-1.39 -> 19.37 | F54: 26 | G54: =ROUND((E54*F54),2) -> 503.62
A55: C | B55: Auxílio Alimentação | E55: 144.68 | F55: 1 | G55: =ROUND((E55*F55),2) -> 144.68
A56: D | B56: Benefício Médico Ambulatorial e Odontológico | E56: 35.33 | F56: 1 | G56: =ROUND((E56*F56),2) -> 35.33
A57: E | B57: Auxílio Creche | E57: =ROUND((F18*30%)*5%,2)*0 -> 0 | F57: 1 | G57: =ROUND((E57*F57),2) -> 0
A58: F | B58: Dia Trabalhador em Asseio e Conservação | E58: =20.76 -> 20.76 | F58: 1 | G58: =ROUND((E58*F58)/12,2) -> 1.73
A59: G | B59: Benefício Social | E59: =15.96 -> 15.96 | F59: 1 | G59: =ROUND((E59*F59),2) -> 15.96
A60: H | B60: Prêmio Assiduidade | E60: 300 | F60: 1 | G60: =ROUND((E60*F60),2) -> 300
A61: I | B61: Outros (Especificar) | E61: 0 | F61: 1 | G61: =ROUND((E61*F61),2) -> 0
A62: J | B62: Outros (Especificar) | E62: 0 | F62: 1 | G62: 0
A63: Total do Submódulo 2.3 | G63: =SUM(G53:G62) -> 1001.32
A64: QUADRO RESUMO - MÓDULO 2
A65: 2.1 | B65: 13º Salário, Férias e Adicional de Férias | F65: =F41 -> 0.2734 | G65: =G41 -> 635.49
A66: 2.2 | B66: Encargos Previdenciários (GPS), FGTS e Outras Contribuições | F66: =F51 -> 0.338 | G66: =G51 -> 785.65
A67: 2.3 | B67: Benefícios Mensais e Diários | G67: =G63 -> 1001.32
A68: TOTAL MÓDULO 2 | G68: =SUM(G65:G67) -> 2422.46
A69: MÓDULO 3 - PROVISÃO PARA RESCISÃO
A70: 3 | B70: Provisão para Rescisão
A71: A | B71: Aviso Prévio Indenizado | F71: =ROUND((1/12)*0.05,4)*0 -> 0 | G71: =ROUND(G$34*F71,2) -> 0
A72: B | B72: Incidência do FGTS sobre Aviso Prévio Indenizado | F72: =ROUND((F71*F50),4) -> 0 | G72: =ROUND(G$34*F72,2) -> 0
A73: C | B73: Multa do FGTS sobre o Aviso Prévio Indenizado | F73: =ROUND((0.08*0.4*0.9)*(1+0.09+0.09+0.3),2)*0 -> 0 | G73: =ROUND(G$34*F73,2) -> 0
A74: D | B74: Aviso Prévio Trabalhado | F74: =ROUND(100%/30*7/12*100%,4)*0 -> 0 | G74: =ROUND(G$34*F74,2) -> 0
A75: E | B75: Incidência de GPS, FGTS e outras contribuições sobre Aviso Prévio Trabalhado | F75: =ROUND(F74*F51,4) -> 0 | G75: =ROUND(G$34*F75,2) -> 0
A76: F | B76: Multa do FGTS sobre o Aviso Prévio Trabalhado. | F76: 0 | G76: =ROUND(G$34*F76,2) -> 0
A77: TOTAL MÓDULO 3 | F77: =SUM(F71:F76) -> 0 | G77: =SUM(G71:G76) -> 0 | H77: =ROUND(G34*F77,2) -> 0
A78: MÓDULO 4 - CUSTO DE REPOSIÇÃO DO PROFISSIONAL AUSENTE
A79: Submódulo 4.1 - Substituto nas Ausências Legais
A80: A | B80: Substituto na cobertura de Férias (Somente se não aportado no submódulo 2.1) | F80: 0 | G80: =ROUND(G$34*F80,2) -> 0
A81: B | B81: Substituto na cobertura de Ausências Legais | F81: =ROUND(((1/30)/12)*1,4)*0 -> 0 | G81: =ROUND(G$34*F81,2) -> 0
A82: C | B82: Substituto na cobertura de Licença Paternidade | F82: =ROUND((((1/30)/12)*5)*0.02,4)*0 -> 0 | G82: =ROUND(G$34*F82,2) -> 0
A83: D | B83: Substituto na cobertura de Ausência por Acidente de Trabalho | F83: =ROUND((((1/30)/12)*15)*0.05,4)*0 -> 0 | G83: =ROUND(G$34*F83,2) -> 0
A84: E | B84: Substituto na cobertura de Afastamento Maternidade (aportar no 4.1.1) | F84: 0 | G84: =ROUND(G$34*F84,2) -> 0
A85: F | B85: Substituto na cobertura de Outras Ausências | F85: =ROUND((((1/30)/12)*5)*0.5,4)*0 -> 0 | G85: =ROUND(G$34*F85,2) -> 0
A86: Total do Submódulo 4.1 | F86: =SUM(F80:F85) -> 0 | G86: =SUM(G80:G85) -> 0 | H86: =ROUND(G34*F86,2) -> 0
A87: Submódulo 4.1.1 - Afastamento Maternidade (120 dias)
A88: A | B88: Férias pagas ao substituto pelos 120 dias de reposição | F88: =ROUND((((ROUND((1/11)+(1/11)/3, 3))*4)/12)*1%,4)*0 -> 0 | G88: =ROUND(G$34*F88,2) -> 0
A89: B | B89: Incidência dos encargos do submódulo 2.2 sobre as férias pagas ao substituto | F89: =ROUND(F88*F51,4) -> 0 | G89: =ROUND(G$34*F89,2) -> 0
A90: C | B90: Incidencia do submódulo 2.2 s/ a remuneração e o 13º proporcionais aos 120 d | F90: =ROUND(ROUND(ROUND(((1+1/12)*4)/12,4)*1%,4)*F51,4)*0 -> 0 | G90: =ROUND(G$34*F90,2) -> 0
A91: D | B91: Outros | F91: 0 | G91: =ROUND(G$34*F91,2) -> 0
A92: Total do Submódulo 4.1.1 | F92: =SUM(F88:F91) -> 0 | G92: =SUM(G88:G91) -> 0 | H92: =ROUND(G34*F92,2) -> 0
A93: Submódulo 4.2 - Intrajornada
A94: A | B94: Cobertura de Intervalo para repouso ou alimentação | F94: =((1/220)*22)*0 -> 0 | G94: =ROUND(G$34*F94,2) -> 0
A95: B | B95: Incidência do Sub módulo 2.2 | F95: =F94*F51 -> 0 | G95: =ROUND(G$34*F95,2) -> 0
A96: Total do Submódulo 4.2 | F96: =SUM(F94:F95) -> 0 | G96: =SUM(G94:G95) -> 0 | H96: =ROUND(G34*F96,2) -> 0
A97: Submódulo 4.2.1 - Cobertura de Feriados, Dias Ponte, e outros (exceto para postos 12 x 36)
A98: A | B98: Cobertura Feriados, Dias Ponte, e outros (exceto para postos 12 x 36) | F98: =((((8*13)/12)/220)+((((8*13)/12)/220)*100%))*0 -> 0 | G98: =ROUND(G$34*F98,2) -> 0
A99: B | B99: Incidência do Sub módulo 2.2 | F99: =F98*F51 -> 0 | G99: =ROUND(G$34*F99,2) -> 0
A100: Total do Submódulo 4.2.1 | F100: =SUM(F98:F99) -> 0 | G100: =SUM(G98:G99) -> 0 | H100: =ROUND(G44*F100,2) -> 0
A101: QUADRO RESUMO - MÓDULO 4
A102: 4.1 | B102: Substituto nas Ausências Legais | F102: =F86 -> 0 | G102: =G86 -> 0
...

Sheet Jardineiro_CEBAU
A1: PLANILHA DE CUSTO E FORMAÇÃO DE PREÇOS
A2: PROCESSO Nº 125/2025 | F2: LOTE 01
A3: OBJETO: PRESTAÇÃO DE SERVIÇOS DE LIMPEZA, CONSERVAÇÃO E HIGIENIZAÇÃO EM DIVERSOS ENTREPOSTO DO INTERIOR
A5: I - DISCRIMINAÇÃO DOS SERVIÇOS
A6: Data de Apresentação da Proposta:
A7: Município/UF: | F7: BAURU/SP
A8: Sindicato: SINDVERDE - SINDICATO DAS EMPRESAS DE MANUTENCAO E EXECUCAO DE AREAS VERDES PÚBLICAS E PRIVADAS DO ESTADO DE SÃO PAULO
A10: Ano do acordo, convenção ou dissídio coletivo: | F10: 2025 / 2026
A11: Tipo de serviço: | F11: LIMPEZA
A12: Unidade de Medida: | F12: Posto/Hora
A13: Período contratual: | F13: 12 MESES
A14: DADOS COMPLEMENTARES
A15: Salário mínimo oficial vigente: | F15: 1518
A16: Categoria Profissional: | F16: Jardineiro
A17: Classificação Brasileira de Ocupações (CBO): | F17: 6220-10
A18: Salário Normativo da Categoria Profissional: | F18: 1732.39
A19: Data Base da Categoria: | F19: 45717
A20: Posto de Trabalho: | F20: 44 HORAS SEMANAIS
A21: Quantidade de Pessoas por Posto: | F21: 1
A22: Quantidade de Postos: | F22: 1
A23: Outras Informações: | F23: DIURNO
A24: Posto de trabalho: 2ª à 6ª início às 08:00 / Sábado (4h) início às 08:00 (com intervalo para refeição)
A25: MODULO 1 - COMPOSIÇÃO DA REMUNERAÇÃO
A26: 1 | B26: Composição da Remuneração | F26: Quant/Horas/Perc | G26: Valor Total
A27: A | B27: Salário Base | F27: 1 | G27: =F18*F27 -> 1732.39
A28: B | B28: Adicional Periculosidade | G28: =ROUND(F18*F28,2) -> 0
A29: C | B29: Adicional Insalubridade | F29: 0.2 | G29: =ROUND(F15*F29,2) -> 303.6
A30: D | B30: Adicional de Liderança | G30: =ROUND(F18*F30,2) -> 0
A31: E | B31: Adicional Noturno (Hora Noturna/Hora Reduzida) | F31: =ROUND((ROUND((0*15.22),2)/52.5)*60,2) -> 0 | G31: =ROUND((F18/192*0.2)*F31,2) -> 0
A32: F | B32: DSR Sobre Adicional Noturno | F32: =ROUND(SUM(F31)/25*5,2) -> 0 | G32: =ROUND((F18/192*0.2)*F32,2) -> 0
A33: G | B33: Outrros (especificar) | G33: 0
A34: Total da Remuneração/MÓDULO 1 | G34: =SUM(G27:G33) -> 2035.99
A35: MÓDULO 2 - ENCARGOS E BENEFÍCIOS ANUAIS, MENSAIS E DIÁRIOS
A36: Submódulo 2.1 - 13º Salário, Férias e Adicional de Férias
A37: A | B37: 13º Salário | F37: =ROUND((1/12),6) -> 0.0833 | G37: =ROUND(G$34*F37,2) -> 169.6
A38: B | B38: Ferias e terço constitucional | F38: =ROUND((1/11)+(1/11)/3, 3) -> 0.121 | G38: =ROUND(G$34*F38,2) -> 246.35
B39: Subtotal | F39: =SUM(F37:F38) -> 0.2043
A40: C | B40: Incidência do Submódulo 2.2 sobre o Submódulo 2.1 | F40: =ROUND((F51*F39),4) -> 0.0691 | G40: =ROUND(G$34*F40,2) -> 140.69
A41: Total do Submódulo 2.1 | F41: =ROUND(SUM(F39:F40),4) -> 0.2734 | G41: =SUM(G37:G40) -> 556.64 | H41: =ROUND(G34*F41,2) -> 556.64
A42: Submódulo 2.2 – Encargos Previdenciários (GPS), FGTS e Outras Contribuições | H42: =SUM(G41,G34) -> 2592.63
A43: A | B43: INSS | F43: 0.2 | G43: =ROUND((G$34)*F43,2) -> 407.2
A44: B | B44: Salário Educação | F44: 0.025 | G44: =ROUND((G$34)*F44,2) -> 50.9
A45: C | B45: SAT (Seguro Acidente de Trabalho) | F45: 0 | G45: =ROUND((G$34)*F45,2) -> 0
A46: D | B46: SESC ou SESI | F46: 0.015 | G46: =ROUND((G$34)*F46,2) -> 30.54
A47: E | B47: SENAI - SENAC | F47: 0.01 | G47: =ROUND((G$34)*F47,2) -> 20.36
A48: F | B48: SEBRAE | F48: 0.006 | G48: =ROUND((G$34)*F48,2) -> 12.22
A49: G | B49: INCRA | F49: 0.002 | G49: =ROUND((G$34)*F49,2) -> 4.07
A50: H | B50: FGTS | F50: 0.08 | G50: =ROUND((G$34)*F50,2) -> 162.88
A51: Total do Submódulo 2.2 | F51: =SUM(F43:F50) -> 0.338 | G51: =SUM(G43:G50) -> 688.17 | H51: =ROUND(G34*F51,2) -> 688.16
A52: Submódulo 2.3 – Benefícios Mensais e Diários
A53: A | B53: Transporte | E53: 0 | F53: 52 | G53: =IF(ROUND((E53*F53)-(G27*0.06),2)<0,0,ROUND((E53*F53)-(G27*0.06),2)) -> 0
A54: B | B54: Auxílio Refeição | E54: =(12.5-1.4) -> 11.1 | F54: 26 | G54: =ROUND((E54*F54),2) -> 288.6
A55: C | B55: Auxílio Alimentação | E55: =138.6 -> 138.6 | F55: 1 | G55: =ROUND((E55*F55),2) -> 138.6
A56: D | B56: Auxílio Saúde | E56: 34.94 | F56: 1 | G56: =ROUND((E56*F56),2) -> 34.94
A57: E | B57: Auxílio Creche | E57: =ROUND((F18*30%)*5%,2)*0 -> 0 | F57: 1 | G57: =ROUND((E57*F57),2) -> 0
A58: F | B58: Dia Trabalhador | E58: =ROUND(((F18/220)*8)*1.5,2) -> 94.49 | F58: 1 | G58: =ROUND((E58*F58)/12,2) -> 7.87
A59: G | B59: Benefício Social | E59: =9.31 -> 9.31 | F59: 1 | G59: =ROUND((E59*F59),2) -> 9.31
A60: H | B60: Outros (Especificar) | E60: 0 | F60: 1 | G60: =ROUND((E60*F60),2) -> 0
A61: I | B61: Outros (Especificar) | E61: 0 | F61: 1 | G61: =ROUND((E61*F61),2) -> 0
A62: J | B62: Outros (Especificar) | E62: 0 | F62: 1 | G62: 0
A63: Total do Submódulo 2.3 | G63: =SUM(G53:G62) -> 479.32
A64: QUADRO RESUMO - MÓDULO 2
A65: 2.1 | B65: 13º Salário, Férias e Adicional de Férias | F65: =F41 -> 0.2734 | G65: =G41 -> 556.64
A66: 2.2 | B66: Encargos Previdenciários (GPS), FGTS e Outras Contribuições | F66: =F51 -> 0.338 | G66: =G51 -> 688.17
A67: 2.3 | B67: Benefícios Mensais e Diários | G67: =G63 -> 479.32
A68: TOTAL MÓDULO 2 | G68: =SUM(G65:G67) -> 1724.13
A69: MÓDULO 3 - PROVISÃO PARA RESCISÃO
A70: 3 | B70: Provisão para Rescisão
A71: A | B71: Aviso Prévio Indenizado | F71: =ROUND((1/12)*0.05,4)*0 -> 0 | G71: =ROUND(G$34*F71,2) -> 0
A72: B | B72: Incidência do FGTS sobre Aviso Prévio Indenizado | F72: =ROUND((F71*F50),4) -> 0 | G72: =ROUND(G$34*F72,2) -> 0
A73: C | B73: Multa do FGTS sobre o Aviso Prévio Indenizado | F73: =ROUND((0.08*0.4*0.9)*(1+0.09+0.09+0.3),2)*0 -> 0 | G73: =ROUND(G$34*F73,2) -> 0
A74: D | B74: Aviso Prévio Trabalhado | F74: =ROUND(100%/30*7/12*100%,4)*0 -> 0 | G74: =ROUND(G$34*F74,2) -> 0
A75: E | B75: Incidência de GPS, FGTS e outras contribuições sobre Aviso Prévio Trabalhado | F75: =ROUND(F74*F51,4) -> 0 | G75: =ROUND(G$34*F75,2) -> 0
A76: F | B76: Multa do FGTS sobre o Aviso Prévio Trabalhado. | F76: 0 | G76: =ROUND(G$34*F76,2) -> 0
A77: TOTAL MÓDULO 3 | F77: =SUM(F71:F76) -> 0 | G77: =SUM(G71:G76) -> 0 | H77: =ROUND(G34*F77,2) -> 0
A78: MÓDULO 4 - CUSTO DE REPOSIÇÃO DO PROFISSIONAL AUSENTE
A79: Submódulo 4.1 - Substituto nas Ausências Legais
A80: A | B80: Substituto na cobertura de Férias (Somente se não aportado no submódulo 2.1) | F80: 0 | G80: =ROUND(G$34*F80,2) -> 0
A81: B | B81: Substituto na cobertura de Ausências Legais | F81: =ROUND(((1/30)/12)*1,4)*0 -> 0 | G81: =ROUND(G$34*F81,2) -> 0
A82: C | B82: Substituto na cobertura de Licença Paternidade | F82: =ROUND((((1/30)/12)*5)*0.02,4)*0 -> 0 | G82: =ROUND(G$34*F82,2) -> 0
A83: D | B83: Substituto na cobertura de Ausência por Acidente de Trabalho | F83: =ROUND((((1/30)/12)*15)*0.05,4)*0 -> 0 | G83: =ROUND(G$34*F83,2) -> 0
A84: E | B84: Substituto na cobertura de Afastamento Maternidade (aportar no 4.1.1) | F84: 0 | G84: =ROUND(G$34*F84,2) -> 0
A85: F | B85: Substituto na cobertura de Outras Ausências | F85: =ROUND((((1/30)/12)*5)*0.5,4)*0 -> 0 | G85: =ROUND(G$34*F85,2) -> 0
A86: Total do Submódulo 4.1 | F86: =SUM(F80:F85) -> 0 | G86: =SUM(G80:G85) -> 0 | H86: =ROUND(G34*F86,2) -> 0
A87: Submódulo 4.1.1 - Afastamento Maternidade (120 dias)
A88: A | B88: Férias pagas ao substituto pelos 120 dias de reposição | F88: =ROUND((((ROUND((1/11)+(1/11)/3, 3))*4)/12)*1%,4)*0 -> 0 | G88: =ROUND(G$34*F88,2) -> 0
A89: B | B89: Incidência dos encargos do submódulo 2.2 sobre as férias pagas ao substituto | F89: =ROUND(F88*F51,4) -> 0 | G89: =ROUND(G$34*F89,2) -> 0
A90: C | B90: Incidencia do submódulo 2.2 s/ a remuneração e o 13º proporcionais aos 120 d | F90: =ROUND(ROUND(ROUND(((1+1/12)*4)/12,4)*1%,4)*F51,4)*0 -> 0 | G90: =ROUND(G$34*F90,2) -> 0
A91: D | B91: Outros | F91: 0 | G91: =ROUND(G$34*F91,2) -> 0
A92: Total do Submódulo 4.1.1 | F92: =SUM(F88:F91) -> 0 | G92: =SUM(G88:G91) -> 0 | H92: =ROUND(G34*F92,2) -> 0
A93: Submódulo 4.2 - Intrajornada
A94: A | B94: Cobertura de Intervalo para repouso ou alimentação | F94: =((1/220)*22)*0 -> 0 | G94: =ROUND(G$34*F94,2) -> 0
A95: B | B95: Incidência do Sub módulo 2.2 | F95: =F94*F51 -> 0 | G95: =ROUND(G$34*F95,2) -> 0
A96: Total do Submódulo 4.2 | F96: =SUM(F94:F95) -> 0 | G96: =SUM(G94:G95) -> 0 | H96: =ROUND(G34*F96,2) -> 0
A97: Submódulo 4.2.1 - Cobertura de Feriados, Dias Ponte, e outros (exceto para postos 12 x 36)
A98: A | B98: Cobertura Feriados, Dias Ponte, e outros (exceto para postos 12 x 36) | F98: =((((8*13)/12)/220)+((((8*13)/12)/220)*100%))*0 -> 0 | G98: =ROUND(G$34*F98,2) -> 0
A99: B | B99: Incidência do Sub módulo 2.2 | F99: =F98*F51 -> 0 | G99: =ROUND(G$34*F99,2) -> 0
A100: Total do Submódulo 4.2.1 | F100: =SUM(F98:F99) -> 0 | G100: =SUM(G98:G99) -> 0 | H100: =ROUND(G44*F100,2) -> 0
A101: QUADRO RESUMO - MÓDULO 4
A102: 4.1 | B102: Substituto nas Ausências Legais | F102: =F86 -> 0 | G102: =G86 -> 0
...

Sheet Tratorista_CEBAU
A1: PLANILHA DE CUSTO E FORMAÇÃO DE PREÇOS
A2: PROCESSO Nº 125/2025 | F2: LOTE 01
A3: OBJETO: PRESTAÇÃO DE SERVIÇOS DE LIMPEZA, CONSERVAÇÃO E HIGIENIZAÇÃO EM DIVERSOS ENTREPOSTO DO INTERIOR
A5: I - DISCRIMINAÇÃO DOS SERVIÇOS
A6: Data de Apresentação da Proposta:
A7: Município/UF: | F7: BAURU/SP
A8: Sindicato: SINDVERDE - SINDICATO DAS EMPRESAS DE MANUTENCAO E EXECUCAO DE AREAS VERDES PÚBLICAS E PRIVADAS DO ESTADO DE SÃO PAULO
A10: Ano do acordo, convenção ou dissídio coletivo: | F10: 2025 / 2026
A11: Tipo de serviço: | F11: LIMPEZA
A12: Unidade de Medida: | F12: Posto/Hora
A13: Período contratual: | F13: 12 MESES
A14: DADOS COMPLEMENTARES
A15: Salário mínimo oficial vigente: | F15: 1518
A16: Categoria Profissional: | F16: Tratorista
A17: Classificação Brasileira de Ocupações (CBO): | F17: 6410-15
A18: Salário Normativo da Categoria Profissional: | F18: 1951.37
A19: Data Base da Categoria: | F19: 45717
A20: Posto de Trabalho: | F20: 44 HORAS SEMANAIS
A21: Quantidade de Pessoas por Posto: | F21: 1
A22: Quantidade de Postos: | F22: 1
A23: Outras Informações: | F23: DIURNO
A24: Posto de trabalho: 2ª à 6ª início às 08:00 / Sábado (4h) início às 08:00 (com intervalo para refeição)
A25: MODULO 1 - COMPOSIÇÃO DA REMUNERAÇÃO
A26: 1 | B26: Composição da Remuneração | F26: Quant/Horas/Perc | G26: Valor Total
A27: A | B27: Salário Base | F27: 1 | G27: =F18*F27 -> 1951.37
A28: B | B28: Adicional Periculosidade | G28: =ROUND(F18*F28,2) -> 0
A29: C | B29: Adicional Insalubridade | F29: 0.2 | G29: =ROUND(F15*F29,2) -> 303.6
A30: D | B30: Adicional de Liderança | G30: =ROUND(F18*F30,2) -> 0
A31: E | B31: Adicional Noturno (Hora Noturna/Hora Reduzida) | F31: =ROUND((ROUND((0*15.22),2)/52.5)*60,2) -> 0 | G31: =ROUND((F18/192*0.2)*F31,2) -> 0
A32: F | B32: DSR Sobre Adicional Noturno | F32: =ROUND(SUM(F31)/25*5,2) -> 0 | G32: =ROUND((F18/192*0.2)*F32,2) -> 0
A33: G | B33: Outrros (especificar) | G33: 0
A34: Total da Remuneração/MÓDULO 1 | G34: =SUM(G27:G33) -> 2254.97
A35: MÓDULO 2 - ENCARGOS E BENEFÍCIOS ANUAIS, MENSAIS E DIÁRIOS
A36: Submódulo 2.1 - 13º Salário, Férias e Adicional de Férias
A37: A | B37: 13º Salário | F37: =ROUND((1/12),6) -> 0.0833 | G37: =ROUND(G$34*F37,2) -> 187.84
A38: B | B38: Ferias e terço constitucional | F38: =ROUND((1/11)+(1/11)/3, 3) -> 0.121 | G38: =ROUND(G$34*F38,2) -> 272.85
B39: Subtotal | F39: =SUM(F37:F38) -> 0.2043
A40: C | B40: Incidência do Submódulo 2.2 sobre o Submódulo 2.1 | F40: =ROUND((F51*F39),4) -> 0.0691 | G40: =ROUND(G$34*F40,2) -> 155.82
A41: Total do Submódulo 2.1 | F41: =ROUND(SUM(F39:F40),4) -> 0.2734 | G41: =SUM(G37:G40) -> 616.51 | H41: =ROUND(G34*F41,2) -> 616.51
A42: Submódulo 2.2 – Encargos Previdenciários (GPS), FGTS e Outras Contribuições | H42: =SUM(G41,G34) -> 2871.48
A43: A | B43: INSS | F43: 0.2 | G43: =ROUND((G$34)*F43,2) -> 450.99
A44: B | B44: Salário Educação | F44: 0.025 | G44: =ROUND((G$34)*F44,2) -> 56.37
A45: C | B45: SAT (Seguro Acidente de Trabalho) | F45: 0 | G45: =ROUND((G$34)*F45,2) -> 0
A46: D | B46: SESC ou SESI | F46: 0.015 | G46: =ROUND((G$34)*F46,2) -> 33.82
A47: E | B47: SENAI - SENAC | F47: 0.01 | G47: =ROUND((G$34)*F47,2) -> 22.55
A48: F | B48: SEBRAE | F48: 0.006 | G48: =ROUND((G$34)*F48,2) -> 13.53
A49: G | B49: INCRA | F49: 0.002 | G49: =ROUND((G$34)*F49,2) -> 4.51
A50: H | B50: FGTS | F50: 0.08 | G50: =ROUND((G$34)*F50,2) -> 180.4
A51: Total do Submódulo 2.2 | F51: =SUM(F43:F50) -> 0.338 | G51: =SUM(G43:G50) -> 762.17 | H51: =ROUND(G34*F51,2) -> 762.18
A52: Submódulo 2.3 – Benefícios Mensais e Diários
A53: A | B53: Transporte | E53: 0 | F53: 52 | G53: =IF(ROUND((E53*F53)-(G27*0.06),2)<0,0,ROUND((E53*F53)-(G27*0.06),2)) -> 0
A54: B | B54: Auxílio Refeição | E54: =(12.5-1.4) -> 11.1 | F54: 26 | G54: =ROUND((E54*F54),2) -> 288.6
A55: C | B55: Auxílio Alimentação | E55: =138.6 -> 138.6 | F55: 1 | G55: =ROUND((E55*F55),2) -> 138.6
A56: D | B56: Auxílio Saúde | E56: 34.94 | F56: 1 | G56: =ROUND((E56*F56),2) -> 34.94
A57: E | B57: Auxílio Creche | E57: =ROUND((F18*30%)*5%,2)*0 -> 0 | F57: 1 | G57: =ROUND((E57*F57),2) -> 0
A58: F | B58: Dia Trabalhador | E58: =ROUND(((F18/220)*8)*1.5,2) -> 106.44 | F58: 1 | G58: =ROUND((E58*F58)/12,2) -> 8.87
A59: G | B59: Benefício Social | E59: =9.31 -> 9.31 | F59: 1 | G59: =ROUND((E59*F59),2) -> 9.31
A60: H | B60: Outros (Especificar) | E60: 0 | F60: 1 | G60: =ROUND((E60*F60),2) -> 0
A61: I | B61: Outros (Especificar) | E61: 0 | F61: 1 | G61: =ROUND((E61*F61),2) -> 0
A62: J | B62: Outros (Especificar) | E62: 0 | F62: 1 | G62: 0
A63: Total do Submódulo 2.3 | G63: =SUM(G53:G62) -> 480.32
A64: QUADRO RESUMO - MÓDULO 2
A65: 2.1 | B65: 13º Salário, Férias e Adicional de Férias | F65: =F41 -> 0.2734 | G65: =G41 -> 616.51
A66: 2.2 | B66: Encargos Previdenciários (GPS), FGTS e Outras Contribuições | F66: =F51 -> 0.338 | G66: =G51 -> 762.17
A67: 2.3 | B67: Benefícios Mensais e Diários | G67: =G63 -> 480.32
A68: TOTAL MÓDULO 2 | G68: =SUM(G65:G67) -> 1859
A69: MÓDULO 3 - PROVISÃO PARA RESCISÃO
A70: 3 | B70: Provisão para Rescisão
A71: A | B71: Aviso Prévio Indenizado | F71: =ROUND((1/12)*0.05,4)*0 -> 0 | G71: =ROUND(G$34*F71,2) -> 0
A72: B | B72: Incidência do FGTS sobre Aviso Prévio Indenizado | F72: =ROUND((F71*F50),4) -> 0 | G72: =ROUND(G$34*F72,2) -> 0
A73: C | B73: Multa do FGTS sobre o Aviso Prévio Indenizado | F73: =ROUND((0.08*0.4*0.9)*(1+0.09+0.09+0.3),2)*0 -> 0 | G73: =ROUND(G$34*F73,2) -> 0
A74: D | B74: Aviso Prévio Trabalhado | F74: =ROUND(100%/30*7/12*100%,4)*0 -> 0 | G74: =ROUND(G$34*F74,2) -> 0
A75: E | B75: Incidência de GPS, FGTS e outras contribuições sobre Aviso Prévio Trabalhado | F75: =ROUND(F74*F51,4) -> 0 | G75: =ROUND(G$34*F75,2) -> 0
A76: F | B76: Multa do FGTS sobre o Aviso Prévio Trabalhado. | F76: 0 | G76: =ROUND(G$34*F76,2) -> 0
A77: TOTAL MÓDULO 3 | F77: =SUM(F71:F76) -> 0 | G77: =SUM(G71:G76) -> 0 | H77: =ROUND(G34*F77,2) -> 0
A78: MÓDULO 4 - CUSTO DE REPOSIÇÃO DO PROFISSIONAL AUSENTE
A79: Submódulo 4.1 - Substituto nas Ausências Legais
A80: A | B80: Substituto na cobertura de Férias (Somente se não aportado no submódulo 2.1) | F80: 0 | G80: =ROUND(G$34*F80,2) -> 0
A81: B | B81: Substituto na cobertura de Ausências Legais | F81: =ROUND(((1/30)/12)*1,4)*0 -> 0 | G81: =ROUND(G$34*F81,2) -> 0
A82: C | B82: Substituto na cobertura de Licença Paternidade | F82: =ROUND((((1/30)/12)*5)*0.02,4)*0 -> 0 | G82: =ROUND(G$34*F82,2) -> 0
A83: D | B83: Substituto na cobertura de Ausência por Acidente de Trabalho | F83: =ROUND((((1/30)/12)*15)*0.05,4)*0 -> 0 | G83: =ROUND(G$34*F83,2) -> 0
A84: E | B84: Substituto na cobertura de Afastamento Maternidade (aportar no 4.1.1) | F84: 0 | G84: =ROUND(G$34*F84,2) -> 0
A85: F | B85: Substituto na cobertura de Outras Ausências | F85: =ROUND((((1/30)/12)*5)*0.5,4)*0 -> 0 | G85: =ROUND(G$34*F85,2) -> 0
A86: Total do Submódulo 4.1 | F86: =SUM(F80:F85) -> 0 | G86: =SUM(G80:G85) -> 0 | H86: =ROUND(G34*F86,2) -> 0
A87: Submódulo 4.1.1 - Afastamento Maternidade (120 dias)
A88: A | B88: Férias pagas ao substituto pelos 120 dias de reposição | F88: =ROUND((((ROUND((1/11)+(1/11)/3, 3))*4)/12)*1%,4)*0 -> 0 | G88: =ROUND(G$34*F88,2) -> 0
A89: B | B89: Incidência dos encargos do submódulo 2.2 sobre as férias pagas ao substituto | F89: =ROUND(F88*F51,4) -> 0 | G89: =ROUND(G$34*F89,2) -> 0
A90: C | B90: Incidencia do submódulo 2.2 s/ a remuneração e o 13º proporcionais aos 120 d | F90: =ROUND(ROUND(ROUND(((1+1/12)*4)/12,4)*1%,4)*F51,4)*0 -> 0 | G90: =ROUND(G$34*F90,2) -> 0
A91: D | B91: Outros | F91: 0 | G91: =ROUND(G$34*F91,2) -> 0
A92: Total do Submódulo 4.1.1 | F92: =SUM(F88:F91) -> 0 | G92: =SUM(G88:G91) -> 0 | H92: =ROUND(G34*F92,2) -> 0
A93: Submódulo 4.2 - Intrajornada
A94: A | B94: Cobertura de Intervalo para repouso ou alimentação | F94: =((1/220)*22)*0 -> 0 | G94: =ROUND(G$34*F94,2) -> 0
A95: B | B95: Incidência do Sub módulo 2.2 | F95: =F94*F51 -> 0 | G95: =ROUND(G$34*F95,2) -> 0
A96: Total do Submódulo 4.2 | F96: =SUM(F94:F95) -> 0 | G96: =SUM(G94:G95) -> 0 | H96: =ROUND(G34*F96,2) -> 0
A97: Submódulo 4.2.1 - Cobertura de Feriados, Dias Ponte, e outros (exceto para postos 12 x 36)
A98: A | B98: Cobertura Feriados, Dias Ponte, e outros (exceto para postos 12 x 36) | F98: =((((8*13)/12)/220)+((((8*13)/12)/220)*100%))*0 -> 0 | G98: =ROUND(G$34*F98,2) -> 0
A99: B | B99: Incidência do Sub módulo 2.2 | F99: =F98*F51 -> 0 | G99: =ROUND(G$34*F99,2) -> 0
A100: Total do Submódulo 4.2.1 | F100: =SUM(F98:F99) -> 0 | G100: =SUM(G98:G99) -> 0 | H100: =ROUND(G44*F100,2) -> 0
A101: QUADRO RESUMO - MÓDULO 4
A102: 4.1 | B102: Substituto nas Ausências Legais | F102: =F86 -> 0 | G102: =G86 -> 0
...

Sheet Ajud. de Serv. Diversos_CEBAU
A1: PLANILHA DE CUSTO E FORMAÇÃO DE PREÇOS
A2: PROCESSO Nº 125/2025 | F2: LOTE 01
A3: OBJETO: PRESTAÇÃO DE SERVIÇOS DE LIMPEZA, CONSERVAÇÃO E HIGIENIZAÇÃO EM DIVERSOS ENTREPOSTO DO INTERIOR
A5: I - DISCRIMINAÇÃO DOS SERVIÇOS
A6: Data de Apresentação da Proposta:
A7: Município/UF: | F7: BAURU/SP
A8: Sindicato: SEAC/SP SINDICATO DAS EMPRESAS DE ASSEIO E CONSERVAÇÃO NO ESTADO DE SAO PAULO e SIEMACO-SP - SINDICATO TRABALHADORES EMPRESAS PRESTACAO DE SERVICOS DE ASSEIO E CONSERVACAO E LIMPEZA URBANA DE SP
A10: Ano do acordo, convenção ou dissídio coletivo: | F10: 2025
A11: Tipo de serviço: | F11: Limpeza e Conservação
A12: Unidade de Medida: | F12: Posto/Hora
A13: Período contratual: | F13: 12 MESES
A14: DADOS COMPLEMENTARES
A15: Salário mínimo oficial vigente: | F15: 1518
A16: Categoria Profissional: | F16: Ajudante de Serviços Diversos
A17: Classificação Brasileira de Ocupações (CBO): | F17: 5143-25
A18: Salário Normativo da Categoria Profissional: | F18: 1766.58
A19: Data Base da Categoria: | F19: 45658
A20: Posto de Trabalho: | F20: 44 HORAS SEMANAIS
A21: Quantidade de Pessoas por Posto: | F21: 1
A22: Quantidade de Postos: | F22: 3
A23: Outras Informações: | F23: DIURNO
A24: Posto de trabalho: De 2ª à 6ª início às 08:00 - (com intervalo para refeição)
A25: MODULO 1 - COMPOSIÇÃO DA REMUNERAÇÃO
A26: 1 | B26: Composição da Remuneração | F26: Quant/Horas/Perc | G26: Valor Total
A27: A | B27: Salário | F27: 1 | G27: =F18*F27 -> 1766.58
A28: B | B28: Adicional Periculosidade | F28: 0 | G28: =ROUND(G27*F28,2) -> 0
A29: C | B29: Adicional Insalubridade | F29: 0.2 | G29: =ROUND(F15*F29,2) -> 303.6
A30: D | B30: Adicional de Liderança | F30: =ROUND((ROUND((0*15.22),2)/52.5)*60,2) -> 0 | G30: =ROUND(ROUND(ROUND((SUM(G27:G29)+G33)/220,2)*0.2,2)*F30,2) -> 0
A31: E | B31: Adicional Noturno (Hora Noturna/Hora Reduzida) | F31: 0
A32: F | B32: DSR Sobre Adicional Noturno | F32: =ROUND(SUM(F30)/15.22*5,2) -> 0 | G32: =ROUND(ROUND(ROUND((SUM(G27:G29)+G33)/220,2)*0.2,2)*F32,2) -> 0
A33: G | B33: Outrros (especificar) | F33: 0 | G33: =ROUND(F18*F33,2) -> 0
A34: Total da Remuneração/MÓDULO 1 | G34: =SUM(G27:G33) -> 2070.18
A35: MÓDULO 2 - ENCARGOS E BENEFÍCIOS ANUAIS, MENSAIS E DIÁRIOS
A36: Submódulo 2.1 - 13º Salário, Férias e Adicional de Férias
A37: A | B37: 13º Salário | F37: 0.0833 | G37: =ROUND(G$34*F37,2) -> 172.45
A38: B | B38: Ferias e terço constitucional | F38: =ROUND((1/11)+(1/11)/3, 3) -> 0.121 | G38: =ROUND(G$34*F38,2) -> 250.49
B39: Subtotal | F39: =SUM(F37:F38) -> 0.2043
A40: C | B40: Incidência do Submódulo 2.2 sobre o Submódulo 2.1 | F40: =ROUND((F51*F39),4) -> 0.0691 | G40: =ROUND(G$34*F40,2) -> 143.05
A41: Total do Submódulo 2.1 | F41: =ROUND(SUM(F39:F40),4) -> 0.2734 | G41: =SUM(G37:G40) -> 565.99 | H41: =ROUND(G34*F41,2) -> 565.99
A42: Submódulo 2.2 – Encargos Previdenciários (GPS), FGTS e Outras Contribuições
A43: A | B43: INSS | F43: 0.2 | G43: =ROUND(G$34*F43,2) -> 414.04
A44: B | B44: Salário Educação | F44: 0.025 | G44: =ROUND(G$34*F44,2) -> 51.75
A45: C | B45: SAT (Seguro Acidente de Trabalho) | F45: 0 | G45: =ROUND(G$34*F45,2) -> 0
A46: D | B46: SESC ou SESI | F46: 0.015 | G46: =ROUND(G$34*F46,2) -> 31.05
A47: E | B47: SENAI - SENAC | F47: 0.01 | G47: =ROUND(G$34*F47,2) -> 20.7
A48: F | B48: SEBRAE | F48: 0.006 | G48: =ROUND(G$34*F48,2) -> 12.42
A49: G | B49: INCRA | F49: 0.002 | G49: =ROUND(G$34*F49,2) -> 4.14
A50: H | B50: FGTS | F50: 0.08 | G50: =ROUND(G$34*F50,2) -> 165.61
A51: Total do Submódulo 2.2 | F51: =SUM(F43:F50) -> 0.338 | G51: =SUM(G43:G50) -> 699.71 | H51: =ROUND(G34*F51,2) -> 699.72
A52: Submódulo 2.3 – Benefícios Mensais e Diários
A53: A | B53: Transporte | E53: 0 | F53: 42 | G53: =IF(ROUND((E53*F53)-(G27*0.06),2)<0,0,ROUND((E53*F53)-(G27*0.06),2)) -> 0
A54: B | B54: Auxílio Refeição | E54: =20.76-1.39 -> 19.37 | F54: 21 | G54: =ROUND((E54*F54),2) -> 406.77
A55: C | B55: Auxílio Alimentação | E55: 144.68 | F55: 1 | G55: =ROUND((E55*F55),2) -> 144.68
A56: D | B56: Benefício Médico Ambulatorial e Odontológico | E56: 35.33 | F56: 1 | G56: =ROUND((E56*F56),2) -> 35.33
A57: E | B57: Auxílio Creche | E57: =ROUND((F18*30%)*5%,2)*0 -> 0 | F57: 1 | G57: =ROUND((E57*F57),2) -> 0
A58: F | B58: Dia Trabalhador em Asseio e Conservação | E58: =20.76 -> 20.76 | F58: 1 | G58: =ROUND((E58*F58),2) -> 20.76
A59: G | B59: Benefício Social | E59: =15.96 -> 15.96 | F59: 1 | G59: =ROUND((E59*F59),2) -> 15.96
A60: H | B60: Prêmio Assiduidade | E60: 300 | F60: 1 | G60: =ROUND((E60*F60),2) -> 300
A61: I | B61: Outros (Especificar) | E61: 0 | F61: 1 | G61: =ROUND((E61*F61),2) -> 0
A62: J | B62: Outros (Especificar) | E62: 0 | F62: 1 | G62: =ROUND((E62*F62),2) -> 0
A63: Total do Submódulo 2.3 | G63: =SUM(G53:G62)+52.42 -> 975.92
A64: QUADRO RESUMO - MÓDULO 2
A65: 2.1 | B65: 13º Salário, Férias e Adicional de Férias | F65: =F41 -> 0.2734 | G65: =G41 -> 565.99
A66: 2.2 | B66: Encargos Previdenciários (GPS), FGTS e Outras Contribuições | F66: =F51 -> 0.338 | G66: =G51 -> 699.71
A67: 2.3 | B67: Benefícios Mensais e Diários | G67: =G63 -> 975.92
A68: TOTAL MÓDULO 2 | G68: =SUM(G65:G67) -> 2241.62
A69: MÓDULO 3 - PROVISÃO PARA RESCISÃO
A70: 3 | B70: Provisão para Rescisão
A71: A | B71: Aviso Prévio Indenizado | F71: =ROUND((1/12)*0.05,4)*0 -> 0 | G71: =ROUND(G$34*F71,2) -> 0
A72: B | B72: Incidência do FGTS sobre Aviso Prévio Indenizado | F72: =ROUND((F71*F50),4) -> 0 | G72: =ROUND(G$34*F72,2) -> 0
A73: C | B73: Multa do FGTS sobre o Aviso Prévio Indenizado | F73: =ROUND((0.08*0.4*0.9)*(1+0.09+0.09+0.3),2)*0 -> 0 | G73: =ROUND(G$34*F73,2) -> 0
A74: D | B74: Aviso Prévio Trabalhado | F74: =ROUND(100%/30*7/12*100%,4)*0 -> 0 | G74: =ROUND(G$34*F74,2) -> 0
A75: E | B75: Incidência de GPS, FGTS e outras contribuições sobre Aviso Prévio Trabalhado | F75: =ROUND(F74*F51,4) -> 0 | G75: =ROUND(G$34*F75,2) -> 0
A76: F | B76: Multa do FGTS sobre o Aviso Prévio Trabalhado. | F76: 0 | G76: =ROUND(G$34*F76,2) -> 0
A77: TOTAL MÓDULO 3 | F77: =SUM(F71:F76) -> 0 | G77: =SUM(G71:G76) -> 0 | H77: =ROUND(G34*F77,2) -> 0
A78: MÓDULO 4 - CUSTO DE REPOSIÇÃO DO PROFISSIONAL AUSENTE
A79: Submódulo 4.1 - Substituto nas Ausências Legais
A80: A | B80: Substituto na cobertura de Férias (Somente se não aportado no submódulo 2.1) | F80: 0 | G80: =ROUND(G$34*F80,2) -> 0
A81: B | B81: Substituto na cobertura de Ausências Legais | F81: =ROUND(((1/30)/12)*1,4)*0 -> 0 | G81: =ROUND(G$34*F81,2) -> 0
A82: C | B82: Substituto na cobertura de Licença Paternidade | F82: =ROUND((((1/30)/12)*5)*0.02,4)*0 -> 0 | G82: =ROUND(G$34*F82,2) -> 0
A83: D | B83: Substituto na cobertura de Ausência por Acidente de Trabalho | F83: =ROUND((((1/30)/12)*15)*0.05,4)*0 -> 0 | G83: =ROUND(G$34*F83,2) -> 0
A84: E | B84: Substituto na cobertura de Afastamento Maternidade (aportar no 4.1.1) | F84: 0 | G84: =ROUND(G$34*F84,2) -> 0
A85: F | B85: Substituto na cobertura de Outras Ausências | F85: =ROUND((((1/30)/12)*5)*0.5,4)*0 -> 0 | G85: =ROUND(G$34*F85,2) -> 0
A86: Total do Submódulo 4.1 | F86: =SUM(F80:F85) -> 0 | G86: =SUM(G80:G85) -> 0 | H86: =ROUND(G34*F86,2) -> 0
A87: Submódulo 4.1.1 - Afastamento Maternidade (120 dias)
A88: A | B88: Férias pagas ao substituto pelos 120 dias de reposição | F88: =ROUND((((ROUND((1/11)+(1/11)/3, 3))*4)/12)*1%,4)*0 -> 0 | G88: =ROUND(G$34*F88,2) -> 0
A89: B | B89: Incidência dos encargos do submódulo 2.2 sobre as férias pagas ao substituto | F89: =ROUND(F88*F51,4) -> 0 | G89: =ROUND(G$34*F89,2) -> 0
A90: C | B90: Incidencia do submódulo 2.2 s/ a remuneração e o 13º proporcionais aos 120 d | F90: =ROUND(ROUND(ROUND(((1+1/12)*4)/12,4)*1%,4)*F51,4)*0 -> 0 | G90: =ROUND(G$34*F90,2) -> 0
A91: D | B91: Outros | F91: 0 | G91: =ROUND(G$34*F91,2) -> 0
A92: Total do Submódulo 4.1.1 | F92: =SUM(F88:F91) -> 0 | G92: =SUM(G88:G91) -> 0 | H92: =ROUND(G34*F92,2) -> 0
A93: Submódulo 4.2 - Intrajornada
A94: A | B94: Cobertura de Intervalo para repouso ou alimentação | F94: =((1/220)*22)*0 -> 0 | G94: =ROUND(G$34*F94,2) -> 0
A95: B | B95: Incidência do Sub módulo 2.2 | F95: =F94*F51 -> 0 | G95: =ROUND(G$34*F95,2) -> 0
A96: Total do Submódulo 4.2 | F96: =SUM(F94:F95) -> 0 | G96: =SUM(G94:G94) -> 0 | H96: =ROUND(G34*F96,2) -> 0
A97: Submódulo 4.2.1 - Cobertura de Feriados, Dias Ponte, e outros (exceto para postos 12 x 36)
A98: A | B98: Cobertura Feriados, Dias Ponte, e outros (exceto para postos 12 x 36) | F98: =((((8*13)/12)/220)+((((8*13)/12)/220)*100%))*0 -> 0 | G98: =ROUND(G$34*F98,2) -> 0
A99: B | B99: Incidência do Sub módulo 2.2 | F99: =F98*F51 -> 0 | G99: =ROUND(G$34*F99,2) -> 0
A100: Total do Submódulo 4.2.1 | F100: =SUM(F98:F99) -> 0 | G100: =SUM(G98:G98) -> 0 | H100: =ROUND(G44*F100,2) -> 0
A101: QUADRO RESUMO - MÓDULO 4
A102: 4.1 | B102: Substituto nas Ausências Legais | F102: =F86 -> 0 | G102: =G86 -> 0
...

Sheet Encarregado_CEBAU
A1: PLANILHA DE CUSTO E FORMAÇÃO DE PREÇOS
A2: PROCESSO Nº 125/2025 | F2: LOTE 01
A3: OBJETO: PRESTAÇÃO DE SERVIÇOS DE LIMPEZA, CONSERVAÇÃO E HIGIENIZAÇÃO EM DIVERSOS ENTREPOSTO DO INTERIOR
A5: I - DISCRIMINAÇÃO DOS SERVIÇOS
A6: Data de Apresentação da Proposta:
A7: Município/UF: | F7: BAURU/SP
A8: Sindicato: SEAC/SP SINDICATO DAS EMPRESAS DE ASSEIO E CONSERVAÇÃO NO ESTADO DE SAO PAULO e SIEMACO-SP - SINDICATO TRABALHADORES EMPRESAS PRESTACAO DE SERVICOS DE ASSEIO E CONSERVACAO E LIMPEZA URBANA DE SP
A10: Ano do acordo, convenção ou dissídio coletivo: | F10: 2025
A11: Tipo de serviço: | F11: LIMPEZA
A12: Unidade de Medida: | F12: Posto/Hora
A13: Período contratual: | F13: 12 MESES
A14: DADOS COMPLEMENTARES
A15: Salário mínimo oficial vigente: | F15: 1518
A16: Categoria Profissional: | F16: Encarregado
A17: Classificação Brasileira de Ocupações (CBO): | F17: 4101-05
A18: Salário Normativo da Categoria Profissional: | F18: 2247.37
A19: Data Base da Categoria: | F19: 45658
A20: Posto de Trabalho: | F20: 44 HORAS SEMANAIS
A21: Quantidade de Pessoas por Posto: | F21: 1
A22: Quantidade de Postos: | F22: 1
A23: Outras Informações: | F23: DIURNO
A24: Posto de Trabalho: 2ª à 6ª início às 08:00 / Sábado (4h) início às 08:00 - (com intervalo para refeição)
A25: MODULO 1 - COMPOSIÇÃO DA REMUNERAÇÃO
A26: 1 | B26: Composição da Remuneração | F26: Quant/Horas/Perc | G26: Valor Total
A27: A | B27: Salário Base | F27: 1 | G27: =F18*F27 -> 2247.37
A28: B | B28: Adicional Periculosidade | G28: =ROUND(F18*F28,2) -> 0
A29: C | B29: Adicional Insalubridade | F29: 0.4 | G29: =ROUND(F15*F29,2) -> 607.2
A30: D | B30: Adicional de Liderança | F30: 0 | G30: =ROUND(F18*F30,2) -> 0
A31: E | B31: Adicional Noturno (Hora Noturna/Hora Reduzida) | F31: =ROUND((ROUND((0*15.22),2)/52.5)*60,2) -> 0 | G31: =ROUND((F18/192*0.2)*F31,2) -> 0
A32: F | B32: DSR Sobre Adicional Noturno | F32: =ROUND(SUM(F31)/25*5,2) -> 0 | G32: =ROUND((F18/192*0.2)*F32,2) -> 0
A33: G | B33: Outrros (especificar) | G33: 0
A34: Total da Remuneração/MÓDULO 1 | G34: =SUM(G27:G33) -> 2854.57
A35: MÓDULO 2 - ENCARGOS E BENEFÍCIOS ANUAIS, MENSAIS E DIÁRIOS
A36: Submódulo 2.1 - 13º Salário, Férias e Adicional de Férias
A37: A | B37: 13º Salário | F37: =ROUND((1/12),6) -> 0.0833 | G37: =ROUND(G$34*F37,2) -> 237.79
A38: B | B38: Ferias e terço constitucional | F38: =ROUND((1/11)+(1/11)/3, 3) -> 0.121 | G38: =ROUND(G$34*F38,2) -> 345.4
B39: Subtotal | F39: =SUM(F37:F38) -> 0.2043
A40: C | B40: Incidência do Submódulo 2.2 sobre o Submódulo 2.1 | F40: =ROUND((F51*F39),4) -> 0.0691 | G40: =ROUND(G$34*F40,2) -> 197.25
A41: Total do Submódulo 2.1 | F41: =ROUND(SUM(F39:F40),4) -> 0.2734 | G41: =SUM(G37:G40) -> 780.44 | H41: =ROUND(G34*F41,2) -> 780.44
A42: Submódulo 2.2 – Encargos Previdenciários (GPS), FGTS e Outras Contribuições | H42: =SUM(G41,G34) -> 3635.01
A43: A | B43: INSS | F43: 0.2 | G43: =ROUND((G$34)*F43,2) -> 570.91
A44: B | B44: Salário Educação | F44: 0.025 | G44: =ROUND((G$34)*F44,2) -> 71.36
A45: C | B45: SAT (Seguro Acidente de Trabalho) | F45: 0 | G45: =ROUND((G$34)*F45,2) -> 0
A46: D | B46: SESC ou SESI | F46: 0.015 | G46: =ROUND((G$34)*F46,2) -> 42.82
A47: E | B47: SENAI - SENAC | F47: 0.01 | G47: =ROUND((G$34)*F47,2) -> 28.55
A48: F | B48: SEBRAE | F48: 0.006 | G48: =ROUND((G$34)*F48,2) -> 17.13
A49: G | B49: INCRA | F49: 0.002 | G49: =ROUND((G$34)*F49,2) -> 5.71
A50: H | B50: FGTS | F50: 0.08 | G50: =ROUND((G$34)*F50,2) -> 228.37
A51: Total do Submódulo 2.2 | F51: =SUM(F43:F50) -> 0.338 | G51: =SUM(G43:G50) -> 964.85 | H51: =ROUND(G34*F51,2) -> 964.84
A52: Submódulo 2.3 – Benefícios Mensais e Diários
A53: A | B53: Transporte | E53: 0 | F53: 52 | G53: =IF(ROUND((E53*F53)-(G27*0.06),2)<0,0,ROUND((E53*F53)-(G27*0.06),2)) -> 0
A54: B | B54: Auxílio Refeição | E54: =20.76-1.39 -> 19.37 | F54: 26 | G54: =ROUND((E54*F54),2) -> 503.62
A55: C | B55: Auxílio Alimentação | E55: 144.68 | F55: 1 | G55: =ROUND((E55*F55),2) -> 144.68
A56: D | B56: Benefício Médico Ambulatorial e Odontológico | E56: 35.33 | F56: 1 | G56: =ROUND((E56*F56),2) -> 35.33
A57: E | B57: Auxílio Creche | E57: =ROUND((F18*30%)*5%,2)*0 -> 0 | F57: 1 | G57: =ROUND((E57*F57),2) -> 0
A58: F | B58: Dia Trabalhador em Asseio e Conservação | E58: =20.76 -> 20.76 | F58: 1 | G58: =ROUND((E58*F58)/12,2) -> 1.73
A59: G | B59: Benefício Social | E59: =15.96 -> 15.96 | F59: 1 | G59: =ROUND((E59*F59),2) -> 15.96
A60: H | B60: Prêmio Assiduidade | E60: 300 | F60: 1 | G60: =ROUND((E60*F60),2) -> 300
A61: I | B61: Outros (Especificar) | E61: 0 | F61: 1 | G61: =ROUND((E61*F61),2) -> 0
A62: J | B62: Outros (Especificar) | E62: 0 | F62: 1 | G62: 0
A63: Total do Submódulo 2.3 | G63: =SUM(G53:G62) -> 1001.32
A64: QUADRO RESUMO - MÓDULO 2
A65: 2.1 | B65: 13º Salário, Férias e Adicional de Férias | F65: =F41 -> 0.2734 | G65: =G41 -> 780.44
A66: 2.2 | B66: Encargos Previdenciários (GPS), FGTS e Outras Contribuições | F66: =F51 -> 0.338 | G66: =G51 -> 964.85
A67: 2.3 | B67: Benefícios Mensais e Diários | G67: =G63 -> 1001.32
A68: TOTAL MÓDULO 2 | G68: =SUM(G65:G67) -> 2746.61
A69: MÓDULO 3 - PROVISÃO PARA RESCISÃO
A70: 3 | B70: Provisão para Rescisão
A71: A | B71: Aviso Prévio Indenizado | F71: =ROUND((1/12)*0.05,4)*0 -> 0 | G71: =ROUND(G$34*F71,2) -> 0
A72: B | B72: Incidência do FGTS sobre Aviso Prévio Indenizado | F72: =ROUND((F71*F50),4) -> 0 | G72: =ROUND(G$34*F72,2) -> 0
A73: C | B73: Multa do FGTS sobre o Aviso Prévio Indenizado | F73: =ROUND((0.08*0.4*0.9)*(1+0.09+0.09+0.3),2)*0 -> 0 | G73: =ROUND(G$34*F73,2) -> 0
A74: D | B74: Aviso Prévio Trabalhado | F74: =ROUND(100%/30*7/12*100%,4)*0 -> 0 | G74: =ROUND(G$34*F74,2) -> 0
A75: E | B75: Incidência de GPS, FGTS e outras contribuições sobre Aviso Prévio Trabalhado | F75: =ROUND(F74*F51,4) -> 0 | G75: =ROUND(G$34*F75,2) -> 0
A76: F | B76: Multa do FGTS sobre o Aviso Prévio Trabalhado. | F76: 0 | G76: =ROUND(G$34*F76,2) -> 0
A77: TOTAL MÓDULO 3 | F77: =SUM(F71:F76) -> 0 | G77: =SUM(G71:G76) -> 0 | H77: =ROUND(G34*F77,2) -> 0
A78: MÓDULO 4 - CUSTO DE REPOSIÇÃO DO PROFISSIONAL AUSENTE
A79: Submódulo 4.1 - Substituto nas Ausências Legais
A80: A | B80: Substituto na cobertura de Férias (Somente se não aportado no submódulo 2.1) | F80: 0 | G80: =ROUND(G$34*F80,2) -> 0
A81: B | B81: Substituto na cobertura de Ausências Legais | F81: =ROUND(((1/30)/12)*1,4)*0 -> 0 | G81: =ROUND(G$34*F81,2) -> 0
A82: C | B82: Substituto na cobertura de Licença Paternidade | F82: =ROUND((((1/30)/12)*5)*0.02,4)*0 -> 0 | G82: =ROUND(G$34*F82,2) -> 0
A83: D | B83: Substituto na cobertura de Ausência por Acidente de Trabalho | F83: =ROUND((((1/30)/12)*15)*0.05,4)*0 -> 0 | G83: =ROUND(G$34*F83,2) -> 0
A84: E | B84: Substituto na cobertura de Afastamento Maternidade (aportar no 4.1.1) | F84: 0 | G84: =ROUND(G$34*F84,2) -> 0
A85: F | B85: Substituto na cobertura de Outras Ausências | F85: =ROUND((((1/30)/12)*5)*0.5,4)*0 -> 0 | G85: =ROUND(G$34*F85,2) -> 0
A86: Total do Submódulo 4.1 | F86: =SUM(F80:F85) -> 0 | G86: =SUM(G80:G85) -> 0 | H86: =ROUND(G34*F86,2) -> 0
A87: Submódulo 4.1.1 - Afastamento Maternidade (120 dias)
A88: A | B88: Férias pagas ao substituto pelos 120 dias de reposição | F88: =ROUND((((ROUND((1/11)+(1/11)/3, 3))*4)/12)*1%,4)*0 -> 0 | G88: =ROUND(G$34*F88,2) -> 0
A89: B | B89: Incidência dos encargos do submódulo 2.2 sobre as férias pagas ao substituto | F89: =ROUND(F88*F51,4) -> 0 | G89: =ROUND(G$34*F89,2) -> 0
A90: C | B90: Incidencia do submódulo 2.2 s/ a remuneração e o 13º proporcionais aos 120 d | F90: =ROUND(ROUND(ROUND(((1+1/12)*4)/12,4)*1%,4)*F51,4)*0 -> 0 | G90: =ROUND(G$34*F90,2) -> 0
A91: D | B91: Outros | F91: 0 | G91: =ROUND(G$34*F91,2) -> 0
A92: Total do Submódulo 4.1.1 | F92: =SUM(F88:F91) -> 0 | G92: =SUM(G88:G91) -> 0 | H92: =ROUND(G34*F92,2) -> 0
A93: Submódulo 4.2 - Intrajornada
A94: A | B94: Cobertura de Intervalo para repouso ou alimentação | F94: =((1/220)*22)*0 -> 0 | G94: =ROUND(G$34*F94,2) -> 0
A95: B | B95: Incidência do Sub módulo 2.2 | F95: =F94*F51 -> 0 | G95: =ROUND(G$34*F95,2) -> 0
A96: Total do Submódulo 4.2 | F96: =SUM(F94:F95) -> 0 | G96: =SUM(G94:G95) -> 0 | H96: =ROUND(G34*F96,2) -> 0
A97: Submódulo 4.2.1 - Cobertura de Feriados, Dias Ponte, e outros (exceto para postos 12 x 36)
A98: A | B98: Cobertura Feriados, Dias Ponte, e outros (exceto para postos 12 x 36) | F98: =((((8*13)/12)/220)+((((8*13)/12)/220)*100%))*0 -> 0 | G98: =ROUND(G$34*F98,2) -> 0
A99: B | B99: Incidência do Sub módulo 2.2 | F99: =F98*F51 -> 0 | G99: =ROUND(G$34*F99,2) -> 0
A100: Total do Submódulo 4.2.1 | F100: =SUM(F98:F99) -> 0 | G100: =SUM(G98:G99) -> 0 | H100: =ROUND(G44*F100,2) -> 0
A101: QUADRO RESUMO - MÓDULO 4
A102: 4.1 | B102: Substituto nas Ausências Legais | F102: =F86 -> 0 | G102: =G86 -> 0
...

Sheet Quadro Resumo M² - CEBAU
B1: PROCESSO Nº 125/2025 - LOTE 01
B2: QUADRO RESUMO LICITANTE - CÁLCULO VALOR M²
B3: OBJETO: PRESTAÇÃO DE SERVIÇOS DE LIMPEZA, CONSERVAÇÃO E HIGIENIZAÇÃO EM DIVERSOS ENTREPOSTO DO INTERIOR
B4: ENTRADA DE DADOS
B6: Áreas reais da unidade (em M²) | C6: BAURU/SP
B7: Tipos de Áreas (1) | C7: TOTAL | D7: Produtividade/ m² | E7: Dimensionamento de Pessoas | F7: Quant. Mínimo conforme Termo de Referência
B8: ÁREAS INTERNAS | C8: 659.73 | D8: 800 | E8: =C8/D8 -> 0.82 | F8: =ROUNDDOWN(SUM(E8:E12),0) -> 10
B9: AREAS EXTERNAS | C9: 51518.09 | D9: 6000 | E9: =C9/D9 -> 8.59
B10: ÁREAS ENVIDRAÇADAS | C10: 165.42 | D10: 300 | E10: =C10/D10 -> 0.55
B11: SANITÁRIOS | C11: 117.49 | D11: 200 | E11: =C11/D11 -> 0.59
B12: SANITÁRIOS (Diuturno) | C12: 0 | D12: 200 | E12: =C12/D12 -> 0
B13: AREAS VERDES | C13: 30896 | D13: 15000 | E13: =C13/D13 -> 2.06 | F13: =ROUND((E13),0) -> 2
B14: Agente de Higienização | F14: ='Agente de Higienização_CEBAU'!F22 -> 9
B15: Jardineiro | F15: =Jardineiro_CEBAU!F22 -> 1
B16: Tratorista | F16: =Tratorista_CEBAU!F22 -> 1
B17: ='Ajud. de Serv. Diversos_CEARA'!F16 -> Ajudante de Serviços Diversos | F17: ='Ajud. de Serv. Diversos_CEBAU'!F22 -> 3
B18: Encarregado | F18: =Encarregado_CEBAU!F22 -> 1
B19: Quantidade mínimo de pessoas conforme Termo de Referência | F19: =SUM(F14:F18) -> 15
B21: Preço do homem-mês (2) : | C21: Valor m.o./ mês
B22: ='Agente de Higienização_CEBAU'!F16 -> Agente de Higienização | C22: ='Agente de Higienização_CEBAU'!G140 -> 4843.73
B23: =Jardineiro_CEBAU!F16 -> Jardineiro | C23: =Jardineiro_CEBAU!G140 -> 3836.86
B24: =Tratorista_CEBAU!F16 -> Tratorista | C24: =Tratorista_CEBAU!G140 -> 4197.93
B25: ='Ajud. de Serv. Diversos_CEBAU'!F16 -> Ajudante de Serviços Diversos | C25: ='Ajud. de Serv. Diversos_CEBAU'!G142 -> 13199.4
B26: =Encarregado_CEBAU!F16 -> Encarregado | C26: =Encarregado_CEBAU!G140 -> 5715.49
B28: Tipo de área | C28: Produtividade ( I ) (1/m²) (1) | D28: Preço do homem-mês ( II ) | E28: Subtotal (R$/m²) ( I ) x ( II )
B29: área interna
B30: =B22 -> Agente de Higienização | C30: =ROUND(1/(26*D8),9) -> 4.8077e-05 | D30: =C22 -> 4843.73 | E30: =ROUND(D30*C30,2) -> 0.23
B31: =B26 -> Encarregado | C31: =ROUND(1/(26*D8),9) -> 4.8077e-05 | D31: =C26 -> 5715.49 | E31: =ROUND(D31*C31,2) -> 0.27
C32: preço por m² total - área interna | E32: =SUM(E30:E31) -> 0.5
B33: Tipo de área | C33: Produtividade ( I ) (1/m²) (1) | D33: Preço do homem-mês ( II ) | E33: Subtotal (R$/m²) ( I ) x ( II )
B34: área externa
B35: =B22 -> Agente de Higienização | C35: =ROUND(1/(4*D$9),9) -> 4.1667e-05 | D35: =C22 -> 4843.73 | E35: =ROUND(D35*C35,2) -> 0.2
B36: =B26 -> Encarregado | C36: =ROUND(1/(26*D$9),9) -> 6.41e-06 | D36: =C26 -> 5715.49 | E36: =ROUND(D36*C36,2) -> 0.04
C37: preço por m² total - área externa | E37: =SUM(E35:E36) -> 0.24
B38: sanitários
B39: =B22 -> Agente de Higienização | C39: =ROUND(1/(26*D11),9) -> 0.000192308 | D39: =C22 -> 4843.73 | E39: =ROUND(D39*C39,2) -> 0.93
B40: =B26 -> Encarregado | C40: =ROUND(1/(26*D11),9) -> 0.000192308 | D40: =C26 -> 5715.49 | E40: =ROUND(D40*C40,2) -> 1.1
C41: preço por m² total - sanitários | E41: =SUM(E39:E40) -> 2.03
B42: sanitários (diuturno)
B43: =B22 -> Agente de Higienização | C43: =ROUND(1/(26*D12),9)*0 -> 0 | D43: =C22 -> 4843.73 | E43: =ROUND(D43*C43,2) -> 0
B44: =B26 -> Encarregado | C44: =ROUND(1/(26*D12),9)*0 -> 0 | D44: =C26 -> 5715.49 | E44: =ROUND(D44*C44,2) -> 0
C45: preço por m² total - sanitários | E45: =SUM(E43:E44) -> 0
B47: Tipo de área | C47: Produtividade ( I ) (1/m²) (1) | D47: Frequência mês (II) (em horas) | E47: Jornada no mês (III) (em horas) | F47: Coeficiente (ki) ( I )x( II )x( III )=( IV ) | G47: Preço do homem-mês ( V ) | H47: Subtotal(R$/m²) ( IV )x( V )
B49: vidros- fachada interna e externa (3)
B50: =B22 -> Agente de Higienização | C50: =ROUND(1/D10,9) -> 0.003333333 | D50: =ROUNDUP(((C10/D10)*8),0) -> 5 | E50: =ROUND(1/188.76,9) -> 0.005297733 | F50: =ROUND(((C50)*(E50)*(D50)),9) -> 8.8296e-05 | G50: =C22 -> 4843.73 | H50: =ROUND(G50*F50,2) -> 0.43
B51: =B26 -> Encarregado | C51: =ROUND(1/(26*D10),9) -> 0.000128205 | D51: =ROUNDUP(((C10/D10)*8),0) -> 5 | E51: =ROUND(1/188.76,9) -> 0.005297733 | F51: =ROUND(((C51)*(E51)*(D51)),9) -> 3.396e-06 | G51: =C26 -> 5715.49 | H51: =ROUND(G51*F51,2) -> 0.02
G52: preço por m² total - esquadria interna e externa | H52: =ROUND(SUM(H50:H51),2) -> 0.45
B54: Tipo de área | C54: Produtividade ( I ) (1/m²) (1) | D54: Preço do homem-mês ( II ) | E54: Subtotal (R$/m²) ( I ) x ( II )
B55: área verde
B56: =B23 -> Jardineiro | C56: =ROUND(1/(D13),9) -> 6.6667e-05 | D56: =C23 -> 3836.86 | E56: =ROUND(D56*C56,2) -> 0.26
B57: =B24 -> Tratorista | C57: =ROUND(1/(D13),9) -> 6.6667e-05 | D57: =C24 -> 4197.93 | E57: =ROUND(D57*C57,2) -> 0.28
B58: =B26 -> Encarregado | C58: =ROUND(1/(26*D13),9) -> 2.564e-06 | D58: =C26 -> 5715.49 | E58: =ROUND(D58*C58,2) -> 0.01
C59: preço por m² total - área verde | E59: =SUM(E56:E58) -> 0.55
B61: Tipo de área | C61: Preço por m² mensal (R$/m²) | D61: Área (m²) / Mês | E61: Limite por tipo de área(R$) / Mês | F61: Área (M²) / 12 Meses | G61: Limite por tipo de Área (R$) 12 Meses
B63: área interna | C63: =E32 -> 0.5 | D63: =C8 -> 659.73 | E63: =ROUND(D63*C63,2) -> 329.87 | F63: =D63*12 -> 7916.76 | G63: =E63*12 -> 3958.44
B64: área externa | C64: =E37 -> 0.24 | D64: =C9 -> 51518.09 | E64: =ROUND(D64*C64,2) -> 12364.34 | F64: =D64*12 -> 618217.08 | G64: =E64*12 -> 148372.08
B65: áreas envidraçadas | C65: =H52 -> 0.45 | D65: =C10 -> 165.42 | E65: =ROUND(D65*C65,2) -> 74.44 | F65: =D65*12 -> 1985.04 | G65: =E65*12 -> 893.28
B66: sanitários | C66: =E41 -> 2.03 | D66: =C11 -> 117.49 | E66: =ROUND(D66*C66,2) -> 238.5 | F66: =D66*12 -> 1409.88 | G66: =E66*12 -> 2862
B67: sanitários (diuturno) | C67: =E45 -> 0 | D67: =C12 -> 0 | E67: =ROUND(D67*C67,2) -> 0 | F67: =D67*12 -> 0 | G67: =E67*12 -> 0
B68: áreas verdes | C68: =E59 -> 0.55 | D68: =C13 -> 30896 | E68: =ROUND(D68*C68,2) -> 16992.8 | F68: =D68*12 -> 370752 | G68: =E68*12 -> 203913.6
A69: % | B69: Limite Máximo Contratação por Tipo de Área mensal (R$) | G69: =SUM(E63:E68) -> 29999.95
B70: Limite Máximo Contratação por Tipo de Área - Período de 12 Meses (R$) | G70: =G69*12 -> 359999.4
B71: Insumos Diversos Mensal (R$) | G71: ='Insumos Diversos'!F136 -> 0
B72: Insumos Diversos - Período de 12 Meses (R$) | G72: =G71*12 -> 0
B73: ='Ajud. de Serv. Diversos_CEBAU'!F16 -> Ajudante de Serviços Diversos | G73: ='Ajud. de Serv. Diversos_CEBAU'!G142 -> 13199.4
B74: Total do posto de Ajudante de Serviços Diversos - Período de 12 meses (R$) | G74: =G73*12 -> 158392.8
B75: TOTAL MENSAL MÃO DE OBRA + AJUDANTE DE SERVIVOS DIVERSOS + INSUMOS DIVERSOS | G75: =SUM(G69,G71,G73) -> 43199.35
B76: TOTAL POR 12 MESES DA MÃO DE OBRA + AJUDANTE DE SERVIÇOS DIVERSOS + INSUMOS DIVERSOS | G76: =G75*12 -> 518392.2
B77: Observações:
B78: (1) Produtividades auferidas de acordo com o Termo de Referência e informações enviadas pela área gestora.
B79: (2) O preço do homem-mês está acrescido da provisão dos insumos diversos.
B80: (3) Freqüência em horas por mês, no caso da área de vidros - fachada externa.
B81: (4) Freqüência em horas por mês, no caso da área de vidros - fachada interna.
B82: Os valores contidos neste quadro devem espelhar a PROPOSTA COMERCIAL.

Sheet Agente de Higienização_CERIB
A1: PLANILHA DE CUSTO E FORMAÇÃO DE PREÇOS
A2: PROCESSO Nº 125/2025 | F2: LOTE 01
A3: OBJETO: PRESTAÇÃO DE SERVIÇOS DE LIMPEZA, CONSERVAÇÃO E HIGIENIZAÇÃO EM DIVERSOS ENTREPOSTO DO INTERIOR
A5: I - DISCRIMINAÇÃO DOS SERVIÇOS
A6: Data de Apresentação da Proposta:
A7: Município/UF: | F7: RIBEIRÃO PRETO/SP
A8: Sindicato: SEAC/SP SINDICATO DAS EMPRESAS DE ASSEIO E CONSERVAÇÃO NO ESTADO DE SAO PAULO e SIEMACO-SP - SINDICATO TRABALHADORES EMPRESAS PRESTACAO DE SERVICOS DE ASSEIO E CONSERVACAO E LIMPEZA URBANA DE SP
A10: Ano do acordo, convenção ou dissídio coletivo: | F10: 2025
A11: Tipo de serviço: | F11: LIMPEZA
A12: Unidade de Medida: | F12: Posto/Hora
A13: Período contratual: | F13: 12 MESES
A14: DADOS COMPLEMENTARES
A15: Salário mínimo oficial vigente: | F15: 1518
A16: Categoria Profissional: | F16: Agente de Higienização
A17: Classificação Brasileira de Ocupações (CBO): | F17: 5143-20
A18: Salário Normativo da Categoria Profissional: | F18: 1717.2
A19: Data Base da Categoria: | F19: 45658
A20: Posto de Trabalho: | F20: 44 HORAS SEMANAIS
A21: Quantidade de Pessoas por Posto: | F21: 1
A22: Quantidade de Postos: | F22: 18
A23: Outras Informações: | F23: DIURNO
A24: Posto de Trabalho: 2ª a 6ª feira (Diversos Turnos) - (com intervalo para refeição)
A25: MODULO 1 - COMPOSIÇÃO DA REMUNERAÇÃO
A26: 1 | B26: Composição da Remuneração | F26: Quant/Horas/Perc | G26: Valor Total
A27: A | B27: Salário Base | F27: 1 | G27: =F18*F27 -> 1717.2
A28: B | B28: Adicional Periculosidade | G28: =ROUND(F18*F28,2) -> 0
A29: C | B29: Adicional Insalubridade | F29: 0.4 | G29: =ROUND(F15*F29,2) -> 607.2
A30: D | B30: Adicional de Liderança | G30: =ROUND(F18*F30,2) -> 0
A31: E | B31: Adicional Noturno (Hora Noturna/Hora Reduzida) | F31: =ROUND((ROUND((0*15.22),2)/52.5)*60,2) -> 0 | G31: =ROUND((F18/192*0.2)*F31,2) -> 0
A32: F | B32: DSR Sobre Adicional Noturno | F32: =ROUND(SUM(F31)/25*5,2) -> 0 | G32: =ROUND((F18/192*0.2)*F32,2) -> 0
A33: G | B33: Outrros (especificar) | G33: 0
A34: Total da Remuneração/MÓDULO 1 | G34: =SUM(G27:G33) -> 2324.4
A35: MÓDULO 2 - ENCARGOS E BENEFÍCIOS ANUAIS, MENSAIS E DIÁRIOS
A36: Submódulo 2.1 - 13º Salário, Férias e Adicional de Férias
A37: A | B37: 13º Salário | F37: =ROUND((1/12),6) -> 0.0833 | G37: =ROUND(G$34*F37,2) -> 193.62
A38: B | B38: Ferias e terço constitucional | F38: =ROUND((1/11)+(1/11)/3, 3) -> 0.121 | G38: =ROUND(G$34*F38,2) -> 281.25
B39: Subtotal | F39: =SUM(F37:F38) -> 0.2043
A40: C | B40: Incidência do Submódulo 2.2 sobre o Submódulo 2.1 | F40: =ROUND((F51*F39),4) -> 0.0691 | G40: =ROUND(G$34*F40,2) -> 160.62
A41: Total do Submódulo 2.1 | F41: =ROUND(SUM(F39:F40),4) -> 0.2734 | G41: =SUM(G37:G40) -> 635.49 | H41: =ROUND(G34*F41,2) -> 635.49
A42: Submódulo 2.2 – Encargos Previdenciários (GPS), FGTS e Outras Contribuições | H42: =SUM(G41,G34) -> 2959.89
A43: A | B43: INSS | F43: 0.2 | G43: =ROUND((G$34)*F43,2) -> 464.88
A44: B | B44: Salário Educação | F44: 0.025 | G44: =ROUND((G$34)*F44,2) -> 58.11
A45: C | B45: SAT (Seguro Acidente de Trabalho) | F45: 0 | G45: =ROUND((G$34)*F45,2) -> 0
A46: D | B46: SESC ou SESI | F46: 0.015 | G46: =ROUND((G$34)*F46,2) -> 34.87
A47: E | B47: SENAI - SENAC | F47: 0.01 | G47: =ROUND((G$34)*F47,2) -> 23.24
A48: F | B48: SEBRAE | F48: 0.006 | G48: =ROUND((G$34)*F48,2) -> 13.95
A49: G | B49: INCRA | F49: 0.002 | G49: =ROUND((G$34)*F49,2) -> 4.65
A50: H | B50: FGTS | F50: 0.08 | G50: =ROUND((G$34)*F50,2) -> 185.95
A51: Total do Submódulo 2.2 | F51: =SUM(F43:F50) -> 0.338 | G51: =SUM(G43:G50) -> 785.65 | H51: =ROUND(G34*F51,2) -> 785.65
A52: Submódulo 2.3 – Benefícios Mensais e Diários
A53: A | B53: Transporte | E53: 0 | F53: 42 | G53: =IF(ROUND((E53*F53)-(G27*0.06),2)<0,0,ROUND((E53*F53)-(G27*0.06),2)) -> 0
A54: B.1 | B54: Auxílio Refeição | E54: =20.76-1.39 -> 19.37 | F54: 21 | G54: =ROUND((E54*F54),2) -> 406.77
A55: B.2 | B55: Auxílio Alimentação | E55: 144.68 | F55: 1 | G55: =ROUND((E55*F55),2) -> 144.68
A56: C | B56: Benefício Médico Ambulatorial e Odontológico | E56: 35.33 | F56: 1 | G56: =ROUND((E56*F56),2) -> 35.33
A57: D | B57: Auxílio Creche | E57: =ROUND((F18*30%)*5%,2)*0 -> 0 | F57: 1 | G57: =ROUND((E57*F57),2) -> 0
A58: E | B58: Dia Trabalhador em Asseio e Conservação | E58: =20.76 -> 20.76 | F58: 1 | G58: =ROUND((E58*F58)/12,2) -> 1.73
A59: F | B59: Benefício Social | E59: =15.96 -> 15.96 | F59: 1 | G59: =ROUND((E59*F59),2) -> 15.96
A60: G | B60: Prêmio Assiduidade | E60: 300 | F60: 1 | G60: =ROUND((E60*F60),2) -> 300
A61: H | B61: Outros (Especificar) | E61: 0 | F61: 1 | G61: =ROUND((E61*F61),2) -> 0
A62: I | B62: Outros (Especificar) | E62: 0 | F62: 1 | G62: 0
A63: Total do Submódulo 2.3 | G63: =SUM(G53:G62) -> 904.47
A64: QUADRO RESUMO - MÓDULO 2
A65: 2.1 | B65: 13º Salário, Férias e Adicional de Férias | F65: =F41 -> 0.2734 | G65: =G41 -> 635.49
A66: 2.2 | B66: Encargos Previdenciários (GPS), FGTS e Outras Contribuições | F66: =F51 -> 0.338 | G66: =G51 -> 785.65
A67: 2.3 | B67: Benefícios Mensais e Diários | G67: =G63 -> 904.47
A68: TOTAL MÓDULO 2 | G68: =SUM(G65:G67) -> 2325.61
A69: MÓDULO 3 - PROVISÃO PARA RESCISÃO
A70: 3 | B70: Provisão para Rescisão
A71: A | B71: Aviso Prévio Indenizado | F71: =ROUND((1/12)*0.05,4)*0 -> 0 | G71: =ROUND(G$34*F71,2) -> 0
A72: B | B72: Incidência do FGTS sobre Aviso Prévio Indenizado | F72: =ROUND((F71*F50),4) -> 0 | G72: =ROUND(G$34*F72,2) -> 0
A73: C | B73: Multa do FGTS sobre o Aviso Prévio Indenizado | F73: =ROUND((0.08*0.4*0.9)*(1+0.09+0.09+0.3),2)*0 -> 0 | G73: =ROUND(G$34*F73,2) -> 0
A74: D | B74: Aviso Prévio Trabalhado | F74: =ROUND(100%/30*7/12*100%,4)*0 -> 0 | G74: =ROUND(G$34*F74,2) -> 0
A75: E | B75: Incidência de GPS, FGTS e outras contribuições sobre Aviso Prévio Trabalhado | F75: =ROUND(F74*F51,4) -> 0 | G75: =ROUND(G$34*F75,2) -> 0
A76: F | B76: Multa do FGTS sobre o Aviso Prévio Trabalhado. | F76: 0 | G76: =ROUND(G$34*F76,2) -> 0
A77: TOTAL MÓDULO 3 | F77: =SUM(F71:F76) -> 0 | G77: =SUM(G71:G76) -> 0 | H77: =ROUND(G34*F77,2) -> 0
A78: MÓDULO 4 - CUSTO DE REPOSIÇÃO DO PROFISSIONAL AUSENTE
A79: Submódulo 4.1 - Substituto nas Ausências Legais
A80: A | B80: Substituto na cobertura de Férias (Somente se não aportado no submódulo 2.1) | F80: 0 | G80: =ROUND(G$34*F80,2) -> 0
A81: B | B81: Substituto na cobertura de Ausências Legais | F81: =ROUND(((1/30)/12)*1,4)*0 -> 0 | G81: =ROUND(G$34*F81,2) -> 0
A82: C | B82: Substituto na cobertura de Licença Paternidade | F82: =ROUND((((1/30)/12)*5)*0.02,4)*0 -> 0 | G82: =ROUND(G$34*F82,2) -> 0
A83: D | B83: Substituto na cobertura de Ausência por Acidente de Trabalho | F83: =ROUND((((1/30)/12)*15)*0.05,4)*0 -> 0 | G83: =ROUND(G$34*F83,2) -> 0
A84: E | B84: Substituto na cobertura de Afastamento Maternidade (aportar no 4.1.1) | F84: 0 | G84: =ROUND(G$34*F84,2) -> 0
A85: F | B85: Substituto na cobertura de Outras Ausências | F85: =ROUND((((1/30)/12)*5)*0.5,4)*0 -> 0 | G85: =ROUND(G$34*F85,2) -> 0
A86: Total do Submódulo 4.1 | F86: =SUM(F80:F85) -> 0 | G86: =SUM(G80:G85) -> 0 | H86: =ROUND(G34*F86,2) -> 0
A87: Submódulo 4.1.1 - Afastamento Maternidade (120 dias)
A88: A | B88: Férias pagas ao substituto pelos 120 dias de reposição | F88: =ROUND((((ROUND((1/11)+(1/11)/3, 3))*4)/12)*1%,4)*0 -> 0 | G88: =ROUND(G$34*F88,2) -> 0
A89: B | B89: Incidência dos encargos do submódulo 2.2 sobre as férias pagas ao substituto | F89: =ROUND(F88*F51,4) -> 0 | G89: =ROUND(G$34*F89,2) -> 0
A90: C | B90: Incidencia do submódulo 2.2 s/ a remuneração e o 13º proporcionais aos 120 d | F90: =ROUND(ROUND(ROUND(((1+1/12)*4)/12,4)*1%,4)*F51,4)*0 -> 0 | G90: =ROUND(G$34*F90,2) -> 0
A91: D | B91: Outros | F91: 0 | G91: =ROUND(G$34*F91,2) -> 0
A92: Total do Submódulo 4.1.1 | F92: =SUM(F88:F91) -> 0 | G92: =SUM(G88:G91) -> 0 | H92: =ROUND(G34*F92,2) -> 0
A93: Submódulo 4.2 - Intrajornada
A94: A | B94: Cobertura de Intervalo para repouso ou alimentação | F94: =((1/220)*22)*0 -> 0 | G94: =ROUND(G$34*F94,2) -> 0
A95: B | B95: Incidência do Sub módulo 2.2 | F95: =F94*F51 -> 0 | G95: =ROUND(G$34*F95,2) -> 0
A96: Total do Submódulo 4.2 | F96: =SUM(F94:F95) -> 0 | G96: =SUM(G94:G95) -> 0 | H96: =ROUND(G34*F96,2) -> 0
A97: Submódulo 4.2.1 - Cobertura de Feriados, Dias Ponte, e outros (exceto para postos 12 x 36)
A98: A | B98: Cobertura Feriados, Dias Ponte, e outros (exceto para postos 12 x 36) | F98: =((((8*13)/12)/220)+((((8*13)/12)/220)*100%))*0 -> 0 | G98: =ROUND(G$34*F98,2) -> 0
A99: B | B99: Incidência do Sub módulo 2.2 | F99: =F98*F51 -> 0 | G99: =ROUND(G$34*F99,2) -> 0
A100: Total do Submódulo 4.2.1 | F100: =SUM(F98:F99) -> 0 | G100: =SUM(G98:G99) -> 0 | H100: =ROUND(G44*F100,2) -> 0
A101: QUADRO RESUMO - MÓDULO 4
A102: 4.1 | B102: Substituto nas Ausências Legais | F102: =F86 -> 0 | G102: =G86 -> 0
...

Sheet Jardineiro_CERIB
A1: PLANILHA DE CUSTO E FORMAÇÃO DE PREÇOS
A2: PROCESSO Nº 125/2025 | F2: LOTE 01
A3: OBJETO: PRESTAÇÃO DE SERVIÇOS DE LIMPEZA, CONSERVAÇÃO E HIGIENIZAÇÃO EM DIVERSOS ENTREPOSTO DO INTERIOR
A5: I - DISCRIMINAÇÃO DOS SERVIÇOS
A6: Data de Apresentação da Proposta:
A7: Município/UF: | F7: RIBEIRÃO PRETO/SP
A8: Sindicato: SINDVERDE - SINDICATO DAS EMPRESAS DE MANUTENCAO E EXECUCAO DE AREAS VERDES PÚBLICAS E PRIVADAS DO ESTADO DE SÃO PAULO
A10: Ano do acordo, convenção ou dissídio coletivo: | F10: 2025 / 2026
A11: Tipo de serviço: | F11: LIMPEZA
A12: Unidade de Medida: | F12: Posto/Hora
A13: Período contratual: | F13: 12 MESES
A14: DADOS COMPLEMENTARES
A15: Salário mínimo oficial vigente: | F15: 1518
A16: Categoria Profissional: | F16: Jardineiro
A17: Classificação Brasileira de Ocupações (CBO): | F17: 6220-10
A18: Salário Normativo da Categoria Profissional: | F18: 1732.39
A19: Data Base da Categoria: | F19: 45717
A20: Posto de Trabalho: | F20: 44 HORAS SEMANAIS
A21: Quantidade de Pessoas por Posto: | F21: 1
A22: Quantidade de Postos: | F22: 1
A23: Outras Informações: | F23: DIURNO
A24: Posto de trabalho: 2ª à 6ª início às 08:00 (com intervalo para refeição)
A25: MODULO 1 - COMPOSIÇÃO DA REMUNERAÇÃO
A26: 1 | B26: Composição da Remuneração | F26: Quant/Horas/Perc | G26: Valor Total
A27: A | B27: Salário Base | F27: 1 | G27: =F18*F27 -> 1732.39
A28: B | B28: Adicional Periculosidade | G28: =ROUND(F18*F28,2) -> 0
A29: C | B29: Adicional Insalubridade | F29: 0.2 | G29: =ROUND(F15*F29,2) -> 303.6
A30: D | B30: Adicional de Liderança | G30: =ROUND(F18*F30,2) -> 0
A31: E | B31: Adicional Noturno (Hora Noturna/Hora Reduzida) | F31: =ROUND((ROUND((0*15.22),2)/52.5)*60,2) -> 0 | G31: =ROUND((F18/192*0.2)*F31,2) -> 0
A32: F | B32: DSR Sobre Adicional Noturno | F32: =ROUND(SUM(F31)/25*5,2) -> 0 | G32: =ROUND((F18/192*0.2)*F32,2) -> 0
A33: G | B33: Outrros (especificar) | G33: 0
A34: Total da Remuneração/MÓDULO 1 | G34: =SUM(G27:G33) -> 2035.99
A35: MÓDULO 2 - ENCARGOS E BENEFÍCIOS ANUAIS, MENSAIS E DIÁRIOS
A36: Submódulo 2.1 - 13º Salário, Férias e Adicional de Férias
A37: A | B37: 13º Salário | F37: =ROUND((1/12),6) -> 0.0833 | G37: =ROUND(G$34*F37,2) -> 169.6
A38: B | B38: Ferias e terço constitucional | F38: =ROUND((1/11)+(1/11)/3, 3) -> 0.121 | G38: =ROUND(G$34*F38,2) -> 246.35
B39: Subtotal | F39: =SUM(F37:F38) -> 0.2043
A40: C | B40: Incidência do Submódulo 2.2 sobre o Submódulo 2.1 | F40: =ROUND((F51*F39),4) -> 0.0691 | G40: =ROUND(G$34*F40,2) -> 140.69
A41: Total do Submódulo 2.1 | F41: =ROUND(SUM(F39:F40),4) -> 0.2734 | G41: =SUM(G37:G40) -> 556.64 | H41: =ROUND(G34*F41,2) -> 556.64
A42: Submódulo 2.2 – Encargos Previdenciários (GPS), FGTS e Outras Contribuições | H42: =SUM(G41,G34) -> 2592.63
A43: A | B43: INSS | F43: 0.2 | G43: =ROUND((G$34)*F43,2) -> 407.2
A44: B | B44: Salário Educação | F44: 0.025 | G44: =ROUND((G$34)*F44,2) -> 50.9
A45: C | B45: SAT (Seguro Acidente de Trabalho) | F45: 0 | G45: =ROUND((G$34)*F45,2) -> 0
A46: D | B46: SESC ou SESI | F46: 0.015 | G46: =ROUND((G$34)*F46,2) -> 30.54
A47: E | B47: SENAI - SENAC | F47: 0.01 | G47: =ROUND((G$34)*F47,2) -> 20.36
A48: F | B48: SEBRAE | F48: 0.006 | G48: =ROUND((G$34)*F48,2) -> 12.22
A49: G | B49: INCRA | F49: 0.002 | G49: =ROUND((G$34)*F49,2) -> 4.07
A50: H | B50: FGTS | F50: 0.08 | G50: =ROUND((G$34)*F50,2) -> 162.88
A51: Total do Submódulo 2.2 | F51: =SUM(F43:F50) -> 0.338 | G51: =SUM(G43:G50) -> 688.17 | H51: =ROUND(G34*F51,2) -> 688.16
A52: Submódulo 2.3 – Benefícios Mensais e Diários
A53: A | B53: Transporte | E53: 0 | F53: 42 | G53: =IF(ROUND((E53*F53)-(G27*0.06),2)<0,0,ROUND((E53*F53)-(G27*0.06),2)) -> 0
A54: B.1 | B54: Auxílio Refeição | E54: =(12.5-1.4) -> 11.1 | F54: 25 | G54: =ROUND((E54*F54),2) -> 277.5
A55: B.2 | B55: Auxílio Alimentação | E55: =138.6 -> 138.6 | F55: 1 | G55: =ROUND((E55*F55),2) -> 138.6
A56: C | B56: Auxílio Saúde | E56: 34.94 | F56: 1 | G56: =ROUND((E56*F56),2) -> 34.94
A57: D | B57: Auxílio Creche | E57: =ROUND((F18*30%)*5%,2)*0 -> 0 | F57: 1 | G57: =ROUND((E57*F57),2) -> 0
A58: E | B58: Dia Trabalhador | E58: =ROUND(((F18/220)*8)*1.5,2) -> 94.49 | F58: 1 | G58: =ROUND((E58*F58)/12,2) -> 7.87
A59: F | B59: Benefício Social | E59: =9.31 -> 9.31 | F59: 1 | G59: =ROUND((E59*F59),2) -> 9.31
A60: G | B60: Outros (Especificar) | E60: 0 | F60: 1 | G60: =ROUND((E60*F60),2) -> 0
A61: H | B61: Outros (Especificar) | E61: 0 | F61: 1 | G61: =ROUND((E61*F61),2) -> 0
A62: I | B62: Outros (Especificar) | E62: 0 | F62: 1 | G62: 0
A63: Total do Submódulo 2.3 | G63: =SUM(G53:G62) -> 468.22
A64: QUADRO RESUMO - MÓDULO 2
A65: 2.1 | B65: 13º Salário, Férias e Adicional de Férias | F65: =F41 -> 0.2734 | G65: =G41 -> 556.64
A66: 2.2 | B66: Encargos Previdenciários (GPS), FGTS e Outras Contribuições | F66: =F51 -> 0.338 | G66: =G51 -> 688.17
A67: 2.3 | B67: Benefícios Mensais e Diários | G67: =G63 -> 468.22
A68: TOTAL MÓDULO 2 | G68: =SUM(G65:G67) -> 1713.03
A69: MÓDULO 3 - PROVISÃO PARA RESCISÃO
A70: 3 | B70: Provisão para Rescisão
A71: A | B71: Aviso Prévio Indenizado | F71: =ROUND((1/12)*0.05,4)*0 -> 0 | G71: =ROUND(G$34*F71,2) -> 0
A72: B | B72: Incidência do FGTS sobre Aviso Prévio Indenizado | F72: =ROUND((F71*F50),4) -> 0 | G72: =ROUND(G$34*F72,2) -> 0
A73: C | B73: Multa do FGTS sobre o Aviso Prévio Indenizado | F73: =ROUND((0.08*0.4*0.9)*(1+0.09+0.09+0.3),2)*0 -> 0 | G73: =ROUND(G$34*F73,2) -> 0
A74: D | B74: Aviso Prévio Trabalhado | F74: =ROUND(100%/30*7/12*100%,4)*0 -> 0 | G74: =ROUND(G$34*F74,2) -> 0
A75: E | B75: Incidência de GPS, FGTS e outras contribuições sobre Aviso Prévio Trabalhado | F75: =ROUND(F74*F51,4) -> 0 | G75: =ROUND(G$34*F75,2) -> 0
A76: F | B76: Multa do FGTS sobre o Aviso Prévio Trabalhado. | F76: 0 | G76: =ROUND(G$34*F76,2) -> 0
A77: TOTAL MÓDULO 3 | F77: =SUM(F71:F76) -> 0 | G77: =SUM(G71:G76) -> 0 | H77: =ROUND(G34*F77,2) -> 0
A78: MÓDULO 4 - CUSTO DE REPOSIÇÃO DO PROFISSIONAL AUSENTE
A79: Submódulo 4.1 - Substituto nas Ausências Legais
A80: A | B80: Substituto na cobertura de Férias (Somente se não aportado no submódulo 2.1) | F80: 0 | G80: =ROUND(G$34*F80,2) -> 0
A81: B | B81: Substituto na cobertura de Ausências Legais | F81: =ROUND(((1/30)/12)*1,4)*0 -> 0 | G81: =ROUND(G$34*F81,2) -> 0
A82: C | B82: Substituto na cobertura de Licença Paternidade | F82: =ROUND((((1/30)/12)*5)*0.02,4)*0 -> 0 | G82: =ROUND(G$34*F82,2) -> 0
A83: D | B83: Substituto na cobertura de Ausência por Acidente de Trabalho | F83: =ROUND((((1/30)/12)*15)*0.05,4)*0 -> 0 | G83: =ROUND(G$34*F83,2) -> 0
A84: E | B84: Substituto na cobertura de Afastamento Maternidade (aportar no 4.1.1) | F84: 0 | G84: =ROUND(G$34*F84,2) -> 0
A85: F | B85: Substituto na cobertura de Outras Ausências | F85: =ROUND((((1/30)/12)*5)*0.5,4)*0 -> 0 | G85: =ROUND(G$34*F85,2) -> 0
A86: Total do Submódulo 4.1 | F86: =SUM(F80:F85) -> 0 | G86: =SUM(G80:G85) -> 0 | H86: =ROUND(G34*F86,2) -> 0
A87: Submódulo 4.1.1 - Afastamento Maternidade (120 dias)
A88: A | B88: Férias pagas ao substituto pelos 120 dias de reposição | F88: =ROUND((((ROUND((1/11)+(1/11)/3, 3))*4)/12)*1%,4)*0 -> 0 | G88: =ROUND(G$34*F88,2) -> 0
A89: B | B89: Incidência dos encargos do submódulo 2.2 sobre as férias pagas ao substituto | F89: =ROUND(F88*F51,4) -> 0 | G89: =ROUND(G$34*F89,2) -> 0
A90: C | B90: Incidencia do submódulo 2.2 s/ a remuneração e o 13º proporcionais aos 120 d | F90: =ROUND(ROUND(ROUND(((1+1/12)*4)/12,4)*1%,4)*F51,4)*0 -> 0 | G90: =ROUND(G$34*F90,2) -> 0
A91: D | B91: Outros | F91: 0 | G91: =ROUND(G$34*F91,2) -> 0
A92: Total do Submódulo 4.1.1 | F92: =SUM(F88:F91) -> 0 | G92: =SUM(G88:G91) -> 0 | H92: =ROUND(G34*F92,2) -> 0
A93: Submódulo 4.2 - Intrajornada
A94: A | B94: Cobertura de Intervalo para repouso ou alimentação | F94: =((1/220)*22)*0 -> 0 | G94: =ROUND(G$34*F94,2) -> 0
A95: B | B95: Incidência do Sub módulo 2.2 | F95: =F94*F51 -> 0 | G95: =ROUND(G$34*F95,2) -> 0
A96: Total do Submódulo 4.2 | F96: =SUM(F94:F95) -> 0 | G96: =SUM(G94:G95) -> 0 | H96: =ROUND(G34*F96,2) -> 0
A97: Submódulo 4.2.1 - Cobertura de Feriados, Dias Ponte, e outros (exceto para postos 12 x 36)
A98: A | B98: Cobertura Feriados, Dias Ponte, e outros (exceto para postos 12 x 36) | F98: =((((8*13)/12)/220)+((((8*13)/12)/220)*100%))*0 -> 0 | G98: =ROUND(G$34*F98,2) -> 0
A99: B | B99: Incidência do Sub módulo 2.2 | F99: =F98*F51 -> 0 | G99: =ROUND(G$34*F99,2) -> 0
A100: Total do Submódulo 4.2.1 | F100: =SUM(F98:F99) -> 0 | G100: =SUM(G98:G99) -> 0 | H100: =ROUND(G44*F100,2) -> 0
A101: QUADRO RESUMO - MÓDULO 4
A102: 4.1 | B102: Substituto nas Ausências Legais | F102: =F86 -> 0 | G102: =G86 -> 0
...

Sheet Tratorista_CERIB
A1: PLANILHA DE CUSTO E FORMAÇÃO DE PREÇOS
A2: PROCESSO Nº 125/2025 | F2: LOTE 01
A3: OBJETO: PRESTAÇÃO DE SERVIÇOS DE LIMPEZA, CONSERVAÇÃO E HIGIENIZAÇÃO EM DIVERSOS ENTREPOSTO DO INTERIOR
A5: I - DISCRIMINAÇÃO DOS SERVIÇOS
A6: Data de Apresentação da Proposta:
A7: Município/UF: | F7: RIBEIRÃO PRETO/SP
A8: Sindicato: SINDVERDE - SINDICATO DAS EMPRESAS DE MANUTENCAO E EXECUCAO DE AREAS VERDES PÚBLICAS E PRIVADAS DO ESTADO DE SÃO PAULO
A10: Ano do acordo, convenção ou dissídio coletivo: | F10: 2025 / 2026
A11: Tipo de serviço: | F11: LIMPEZA
A12: Unidade de Medida: | F12: Posto/Hora
A13: Período contratual: | F13: 12 MESES
A14: DADOS COMPLEMENTARES
A15: Salário mínimo oficial vigente: | F15: 1518
A16: Categoria Profissional: | F16: Tratorista
A17: Classificação Brasileira de Ocupações (CBO): | F17: 6410-15
A18: Salário Normativo da Categoria Profissional: | F18: 1951.37
A19: Data Base da Categoria: | F19: 45717
A20: Posto de Trabalho: | F20: 44 HORAS SEMANAIS
A21: Quantidade de Pessoas por Posto: | F21: 1
A22: Quantidade de Postos: | F22: 1
A23: Outras Informações: | F23: DIURNO
A24: Posto de trabalho: 2ª à 6ª início às 08:00 (com intervalo para refeição)
A25: MODULO 1 - COMPOSIÇÃO DA REMUNERAÇÃO
A26: 1 | B26: Composição da Remuneração | F26: Quant/Horas/Perc | G26: Valor Total
A27: A | B27: Salário Base | F27: 1 | G27: =F18*F27 -> 1951.37
A28: B | B28: Adicional Periculosidade | G28: =ROUND(F18*F28,2) -> 0
A29: C | B29: Adicional Insalubridade | F29: 0.2 | G29: =ROUND(F15*F29,2) -> 303.6
A30: D | B30: Adicional de Liderança | G30: =ROUND(F18*F30,2) -> 0
A31: E | B31: Adicional Noturno (Hora Noturna/Hora Reduzida) | F31: =ROUND((ROUND((0*15.22),2)/52.5)*60,2) -> 0 | G31: =ROUND((F18/192*0.2)*F31,2) -> 0
A32: F | B32: DSR Sobre Adicional Noturno | F32: =ROUND(SUM(F31)/25*5,2) -> 0 | G32: =ROUND((F18/192*0.2)*F32,2) -> 0
A33: G | B33: Outrros (especificar) | G33: 0
A34: Total da Remuneração/MÓDULO 1 | G34: =SUM(G27:G33) -> 2254.97
A35: MÓDULO 2 - ENCARGOS E BENEFÍCIOS ANUAIS, MENSAIS E DIÁRIOS
A36: Submódulo 2.1 - 13º Salário, Férias e Adicional de Férias
A37: A | B37: 13º Salário | F37: =ROUND((1/12),6) -> 0.0833 | G37: =ROUND(G$34*F37,2) -> 187.84
A38: B | B38: Ferias e terço constitucional | F38: =ROUND((1/11)+(1/11)/3, 3) -> 0.121 | G38: =ROUND(G$34*F38,2) -> 272.85
B39: Subtotal | F39: =SUM(F37:F38) -> 0.2043
A40: C | B40: Incidência do Submódulo 2.2 sobre o Submódulo 2.1 | F40: =ROUND((F51*F39),4) -> 0.0691 | G40: =ROUND(G$34*F40,2) -> 155.82
A41: Total do Submódulo 2.1 | F41: =ROUND(SUM(F39:F40),4) -> 0.2734 | G41: =SUM(G37:G40) -> 616.51 | H41: =ROUND(G34*F41,2) -> 616.51
A42: Submódulo 2.2 – Encargos Previdenciários (GPS), FGTS e Outras Contribuições | H42: =SUM(G41,G34) -> 2871.48
A43: A | B43: INSS | F43: 0.2 | G43: =ROUND((G$34)*F43,2) -> 450.99
A44: B | B44: Salário Educação | F44: 0.025 | G44: =ROUND((G$34)*F44,2) -> 56.37
A45: C | B45: SAT (Seguro Acidente de Trabalho) | F45: 0 | G45: =ROUND((G$34)*F45,2) -> 0
A46: D | B46: SESC ou SESI | F46: 0.015 | G46: =ROUND((G$34)*F46,2) -> 33.82
A47: E | B47: SENAI - SENAC | F47: 0.01 | G47: =ROUND((G$34)*F47,2) -> 22.55
A48: F | B48: SEBRAE | F48: 0.006 | G48: =ROUND((G$34)*F48,2) -> 13.53
A49: G | B49: INCRA | F49: 0.002 | G49: =ROUND((G$34)*F49,2) -> 4.51
A50: H | B50: FGTS | F50: 0.08 | G50: =ROUND((G$34)*F50,2) -> 180.4
A51: Total do Submódulo 2.2 | F51: =SUM(F43:F50) -> 0.338 | G51: =SUM(G43:G50) -> 762.17 | H51: =ROUND(G34*F51,2) -> 762.18
A52: Submódulo 2.3 – Benefícios Mensais e Diários
A53: A | B53: Transporte | E53: 0 | F53: 42 | G53: =IF(ROUND((E53*F53)-(G27*0.06),2)<0,0,ROUND((E53*F53)-(G27*0.06),2)) -> 0
A54: B.1 | B54: Auxílio Refeição | E54: =(12.5-1.4) -> 11.1 | F54: 25 | G54: =ROUND((E54*F54),2) -> 277.5
A55: B.2 | B55: Auxílio Alimentação | E55: =138.6 -> 138.6 | F55: 1 | G55: =ROUND((E55*F55),2) -> 138.6
A56: C | B56: Auxílio Saúde | E56: 34.94 | F56: 1 | G56: =ROUND((E56*F56),2) -> 34.94
A57: D | B57: Auxílio Creche | E57: =ROUND((F18*30%)*5%,2)*0 -> 0 | F57: 1 | G57: =ROUND((E57*F57),2) -> 0
A58: E | B58: Dia Trabalhador | E58: =ROUND(((F18/220)*8)*1.5,2) -> 106.44 | F58: 1 | G58: =ROUND((E58*F58)/12,2) -> 8.87
A59: F | B59: Benefício Social | E59: =9.31 -> 9.31 | F59: 1 | G59: =ROUND((E59*F59),2) -> 9.31
A60: G | B60: Outros (Especificar) | E60: 0 | F60: 1 | G60: =ROUND((E60*F60),2) -> 0
A61: H | B61: Outros (Especificar) | E61: 0 | F61: 1 | G61: =ROUND((E61*F61),2) -> 0
A62: I | B62: Outros (Especificar) | E62: 0 | F62: 1 | G62: 0
A63: Total do Submódulo 2.3 | G63: =SUM(G53:G62) -> 469.22
A64: QUADRO RESUMO - MÓDULO 2
A65: 2.1 | B65: 13º Salário, Férias e Adicional de Férias | F65: =F41 -> 0.2734 | G65: =G41 -> 616.51
A66: 2.2 | B66: Encargos Previdenciários (GPS), FGTS e Outras Contribuições | F66: =F51 -> 0.338 | G66: =G51 -> 762.17
A67: 2.3 | B67: Benefícios Mensais e Diários | G67: =G63 -> 469.22
A68: TOTAL MÓDULO 2 | G68: =SUM(G65:G67) -> 1847.9
A69: MÓDULO 3 - PROVISÃO PARA RESCISÃO
A70: 3 | B70: Provisão para Rescisão
A71: A | B71: Aviso Prévio Indenizado | F71: =ROUND((1/12)*0.05,4)*0 -> 0 | G71: =ROUND(G$34*F71,2) -> 0
A72: B | B72: Incidência do FGTS sobre Aviso Prévio Indenizado | F72: =ROUND((F71*F50),4) -> 0 | G72: =ROUND(G$34*F72,2) -> 0
A73: C | B73: Multa do FGTS sobre o Aviso Prévio Indenizado | F73: =ROUND((0.08*0.4*0.9)*(1+0.09+0.09+0.3),2)*0 -> 0 | G73: =ROUND(G$34*F73,2) -> 0
A74: D | B74: Aviso Prévio Trabalhado | F74: =ROUND(100%/30*7/12*100%,4)*0 -> 0 | G74: =ROUND(G$34*F74,2) -> 0
A75: E | B75: Incidência de GPS, FGTS e outras contribuições sobre Aviso Prévio Trabalhado | F75: =ROUND(F74*F51,4) -> 0 | G75: =ROUND(G$34*F75,2) -> 0
A76: F | B76: Multa do FGTS sobre o Aviso Prévio Trabalhado. | F76: 0 | G76: =ROUND(G$34*F76,2) -> 0
A77: TOTAL MÓDULO 3 | F77: =SUM(F71:F76) -> 0 | G77: =SUM(G71:G76) -> 0 | H77: =ROUND(G34*F77,2) -> 0
A78: MÓDULO 4 - CUSTO DE REPOSIÇÃO DO PROFISSIONAL AUSENTE
A79: Submódulo 4.1 - Substituto nas Ausências Legais
A80: A | B80: Substituto na cobertura de Férias (Somente se não aportado no submódulo 2.1) | F80: 0 | G80: =ROUND(G$34*F80,2) -> 0
A81: B | B81: Substituto na cobertura de Ausências Legais | F81: =ROUND(((1/30)/12)*1,4)*0 -> 0 | G81: =ROUND(G$34*F81,2) -> 0
A82: C | B82: Substituto na cobertura de Licença Paternidade | F82: =ROUND((((1/30)/12)*5)*0.02,4)*0 -> 0 | G82: =ROUND(G$34*F82,2) -> 0
A83: D | B83: Substituto na cobertura de Ausência por Acidente de Trabalho | F83: =ROUND((((1/30)/12)*15)*0.05,4)*0 -> 0 | G83: =ROUND(G$34*F83,2) -> 0
A84: E | B84: Substituto na cobertura de Afastamento Maternidade (aportar no 4.1.1) | F84: 0 | G84: =ROUND(G$34*F84,2) -> 0
A85: F | B85: Substituto na cobertura de Outras Ausências | F85: =ROUND((((1/30)/12)*5)*0.5,4)*0 -> 0 | G85: =ROUND(G$34*F85,2) -> 0
A86: Total do Submódulo 4.1 | F86: =SUM(F80:F85) -> 0 | G86: =SUM(G80:G85) -> 0 | H86: =ROUND(G34*F86,2) -> 0
A87: Submódulo 4.1.1 - Afastamento Maternidade (120 dias)
A88: A | B88: Férias pagas ao substituto pelos 120 dias de reposição | F88: =ROUND((((ROUND((1/11)+(1/11)/3, 3))*4)/12)*1%,4)*0 -> 0 | G88: =ROUND(G$34*F88,2) -> 0
A89: B | B89: Incidência dos encargos do submódulo 2.2 sobre as férias pagas ao substituto | F89: =ROUND(F88*F51,4) -> 0 | G89: =ROUND(G$34*F89,2) -> 0
A90: C | B90: Incidencia do submódulo 2.2 s/ a remuneração e o 13º proporcionais aos 120 d | F90: =ROUND(ROUND(ROUND(((1+1/12)*4)/12,4)*1%,4)*F51,4)*0 -> 0 | G90: =ROUND(G$34*F90,2) -> 0
A91: D | B91: Outros | F91: 0 | G91: =ROUND(G$34*F91,2) -> 0
A92: Total do Submódulo 4.1.1 | F92: =SUM(F88:F91) -> 0 | G92: =SUM(G88:G91) -> 0 | H92: =ROUND(G34*F92,2) -> 0
A93: Submódulo 4.2 - Intrajornada
A94: A | B94: Cobertura de Intervalo para repouso ou alimentação | F94: =((1/220)*22)*0 -> 0 | G94: =ROUND(G$34*F94,2) -> 0
A95: B | B95: Incidência do Sub módulo 2.2 | F95: =F94*F51 -> 0 | G95: =ROUND(G$34*F95,2) -> 0
A96: Total do Submódulo 4.2 | F96: =SUM(F94:F95) -> 0 | G96: =SUM(G94:G95) -> 0 | H96: =ROUND(G34*F96,2) -> 0
A97: Submódulo 4.2.1 - Cobertura de Feriados, Dias Ponte, e outros (exceto para postos 12 x 36)
A98: A | B98: Cobertura Feriados, Dias Ponte, e outros (exceto para postos 12 x 36) | F98: =((((8*13)/12)/220)+((((8*13)/12)/220)*100%))*0 -> 0 | G98: =ROUND(G$34*F98,2) -> 0
A99: B | B99: Incidência do Sub módulo 2.2 | F99: =F98*F51 -> 0 | G99: =ROUND(G$34*F99,2) -> 0
A100: Total do Submódulo 4.2.1 | F100: =SUM(F98:F99) -> 0 | G100: =SUM(G98:G99) -> 0 | H100: =ROUND(G44*F100,2) -> 0
A101: QUADRO RESUMO - MÓDULO 4
A102: 4.1 | B102: Substituto nas Ausências Legais | F102: =F86 -> 0 | G102: =G86 -> 0
...

Sheet Ajudante de Tratorista_CERIB
A1: PLANILHA DE CUSTO E FORMAÇÃO DE PREÇOS
A2: PROCESSO Nº 125/2025 | F2: LOTE 01
A3: OBJETO: PRESTAÇÃO DE SERVIÇOS DE LIMPEZA, CONSERVAÇÃO E HIGIENIZAÇÃO EM DIVERSOS ENTREPOSTO DO INTERIOR
A5: I - DISCRIMINAÇÃO DOS SERVIÇOS
A6: Data de Apresentação da Proposta:
A7: Município/UF: | F7: RIBEIRÃO PRETO/SP
A8: Sindicato: SINDVERDE - SINDICATO DAS EMPRESAS DE MANUTENCAO E EXECUCAO DE AREAS VERDES PÚBLICAS E PRIVADAS DO ESTADO DE SÃO PAULO
A10: Ano do acordo, convenção ou dissídio coletivo: | F10: 2025 / 2026
A11: Tipo de serviço: | F11: LIMPEZA
A12: Unidade de Medida: | F12: Posto/Hora
A13: Período contratual: | F13: 12 MESES
A14: DADOS COMPLEMENTARES
A15: Salário mínimo oficial vigente: | F15: 1518
A16: Categoria Profissional: | F16: Ajudante de Tratorista
A17: Classificação Brasileira de Ocupações (CBO): | F17: 6410-15
A18: Salário Normativo da Categoria Profissional: | F18: 1692.55
A19: Data Base da Categoria: | F19: 45717
A20: Posto de Trabalho: | F20: 44 HORAS SEMANAIS
A21: Quantidade de Pessoas por Posto: | F21: 1
A22: Quantidade de Postos: | F22: 1
A23: Outras Informações: | F23: DIURNO
A24: Posto de trabalho: 2ª à 6ª início às 08:00 (com intervalo para refeição)
A25: MODULO 1 - COMPOSIÇÃO DA REMUNERAÇÃO
A26: 1 | B26: Composição da Remuneração | F26: Quant/Horas/Perc | G26: Valor Total
A27: A | B27: Salário Base | F27: 1 | G27: =F18*F27 -> 1692.55
A28: B | B28: Adicional Periculosidade | G28: =ROUND(F18*F28,2) -> 0
A29: C | B29: Adicional Insalubridade | F29: 0.2 | G29: =ROUND(F15*F29,2) -> 303.6
A30: D | B30: Adicional de Liderança | G30: =ROUND(F18*F30,2) -> 0
A31: E | B31: Adicional Noturno (Hora Noturna/Hora Reduzida) | F31: =ROUND((ROUND((0*15.22),2)/52.5)*60,2) -> 0 | G31: =ROUND((F18/192*0.2)*F31,2) -> 0
A32: F | B32: DSR Sobre Adicional Noturno | F32: =ROUND(SUM(F31)/25*5,2) -> 0 | G32: =ROUND((F18/192*0.2)*F32,2) -> 0
A33: G | B33: Outrros (especificar) | G33: 0
A34: Total da Remuneração/MÓDULO 1 | G34: =SUM(G27:G33) -> 1996.15
A35: MÓDULO 2 - ENCARGOS E BENEFÍCIOS ANUAIS, MENSAIS E DIÁRIOS
A36: Submódulo 2.1 - 13º Salário, Férias e Adicional de Férias
A37: A | B37: 13º Salário | F37: =ROUND((1/12),6) -> 0.0833 | G37: =ROUND(G$34*F37,2) -> 166.28
A38: B | B38: Ferias e terço constitucional | F38: =ROUND((1/11)+(1/11)/3, 3) -> 0.121 | G38: =ROUND(G$34*F38,2) -> 241.53
B39: Subtotal | F39: =SUM(F37:F38) -> 0.2043
A40: C | B40: Incidência do Submódulo 2.2 sobre o Submódulo 2.1 | F40: =ROUND((F51*F39),4) -> 0.0691 | G40: =ROUND(G$34*F40,2) -> 137.93
A41: Total do Submódulo 2.1 | F41: =ROUND(SUM(F39:F40),4) -> 0.2734 | G41: =SUM(G37:G40) -> 545.74 | H41: =ROUND(G34*F41,2) -> 545.75
A42: Submódulo 2.2 – Encargos Previdenciários (GPS), FGTS e Outras Contribuições | H42: =SUM(G41,G34) -> 2541.89
A43: A | B43: INSS | F43: 0.2 | G43: =ROUND((G$34)*F43,2) -> 399.23
A44: B | B44: Salário Educação | F44: 0.025 | G44: =ROUND((G$34)*F44,2) -> 49.9
A45: C | B45: SAT (Seguro Acidente de Trabalho) | F45: 0 | G45: =ROUND((G$34)*F45,2) -> 0
A46: D | B46: SESC ou SESI | F46: 0.015 | G46: =ROUND((G$34)*F46,2) -> 29.94
A47: E | B47: SENAI - SENAC | F47: 0.01 | G47: =ROUND((G$34)*F47,2) -> 19.96
A48: F | B48: SEBRAE | F48: 0.006 | G48: =ROUND((G$34)*F48,2) -> 11.98
A49: G | B49: INCRA | F49: 0.002 | G49: =ROUND((G$34)*F49,2) -> 3.99
A50: H | B50: FGTS | F50: 0.08 | G50: =ROUND((G$34)*F50,2) -> 159.69
A51: Total do Submódulo 2.2 | F51: =SUM(F43:F50) -> 0.338 | G51: =SUM(G43:G50) -> 674.69 | H51: =ROUND(G34*F51,2) -> 674.7
A52: Submódulo 2.3 – Benefícios Mensais e Diários
A53: A | B53: Transporte | E53: 0 | F53: 42 | G53: =IF(ROUND((E53*F53)-(G27*0.06),2)<0,0,ROUND((E53*F53)-(G27*0.06),2)) -> 0
A54: B.1 | B54: Auxílio Refeição | E54: =(12.5-1.4) -> 11.1 | F54: 25 | G54: =ROUND((E54*F54),2) -> 277.5
A55: B.2 | B55: Auxílio Alimentação | E55: =138.6 -> 138.6 | F55: 1 | G55: =ROUND((E55*F55),2) -> 138.6
A56: C | B56: Auxílio Saúde | E56: 34.94 | F56: 1 | G56: =ROUND((E56*F56),2) -> 34.94
A57: D | B57: Auxílio Creche | E57: =ROUND((F18*30%)*5%,2)*0 -> 0 | F57: 1 | G57: =ROUND((E57*F57),2) -> 0
A58: E | B58: Dia Trabalhador | E58: =ROUND(((F18/220)*8)*1.5,2) -> 92.32 | F58: 1 | G58: =ROUND((E58*F58)/12,2) -> 7.69
A59: F | B59: Benefício Social | E59: =9.31 -> 9.31 | F59: 1 | G59: =ROUND((E59*F59),2) -> 9.31
A60: G | B60: Outros (Especificar) | E60: 0 | F60: 1 | G60: =ROUND((E60*F60),2) -> 0
A61: H | B61: Outros (Especificar) | E61: 0 | F61: 1 | G61: =ROUND((E61*F61),2) -> 0
A62: I | B62: Outros (Especificar) | E62: 0 | F62: 1 | G62: 0
A63: Total do Submódulo 2.3 | G63: =SUM(G53:G62) -> 468.04
A64: QUADRO RESUMO - MÓDULO 2
A65: 2.1 | B65: 13º Salário, Férias e Adicional de Férias | F65: =F41 -> 0.2734 | G65: =G41 -> 545.74
A66: 2.2 | B66: Encargos Previdenciários (GPS), FGTS e Outras Contribuições | F66: =F51 -> 0.338 | G66: =G51 -> 674.69
A67: 2.3 | B67: Benefícios Mensais e Diários | G67: =G63 -> 468.04
A68: TOTAL MÓDULO 2 | G68: =SUM(G65:G67) -> 1688.47
A69: MÓDULO 3 - PROVISÃO PARA RESCISÃO
A70: 3 | B70: Provisão para Rescisão
A71: A | B71: Aviso Prévio Indenizado | F71: =ROUND((1/12)*0.05,4)*0 -> 0 | G71: =ROUND(G$34*F71,2) -> 0
A72: B | B72: Incidência do FGTS sobre Aviso Prévio Indenizado | F72: =ROUND((F71*F50),4) -> 0 | G72: =ROUND(G$34*F72,2) -> 0
A73: C | B73: Multa do FGTS sobre o Aviso Prévio Indenizado | F73: =ROUND((0.08*0.4*0.9)*(1+0.09+0.09+0.3),2)*0 -> 0 | G73: =ROUND(G$34*F73,2) -> 0
A74: D | B74: Aviso Prévio Trabalhado | F74: =ROUND(100%/30*7/12*100%,4)*0 -> 0 | G74: =ROUND(G$34*F74,2) -> 0
A75: E | B75: Incidência de GPS, FGTS e outras contribuições sobre Aviso Prévio Trabalhado | F75: =ROUND(F74*F51,4) -> 0 | G75: =ROUND(G$34*F75,2) -> 0
A76: F | B76: Multa do FGTS sobre o Aviso Prévio Trabalhado. | F76: 0 | G76: =ROUND(G$34*F76,2) -> 0
A77: TOTAL MÓDULO 3 | F77: =SUM(F71:F76) -> 0 | G77: =SUM(G71:G76) -> 0 | H77: =ROUND(G34*F77,2) -> 0
A78: MÓDULO 4 - CUSTO DE REPOSIÇÃO DO PROFISSIONAL AUSENTE
A79: Submódulo 4.1 - Substituto nas Ausências Legais
A80: A | B80: Substituto na cobertura de Férias (Somente se não aportado no submódulo 2.1) | F80: 0 | G80: =ROUND(G$34*F80,2) -> 0
A81: B | B81: Substituto na cobertura de Ausências Legais | F81: =ROUND(((1/30)/12)*1,4)*0 -> 0 | G81: =ROUND(G$34*F81,2) -> 0
A82: C | B82: Substituto na cobertura de Licença Paternidade | F82: =ROUND((((1/30)/12)*5)*0.02,4)*0 -> 0 | G82: =ROUND(G$34*F82,2) -> 0
A83: D | B83: Substituto na cobertura de Ausência por Acidente de Trabalho | F83: =ROUND((((1/30)/12)*15)*0.05,4)*0 -> 0 | G83: =ROUND(G$34*F83,2) -> 0
A84: E | B84: Substituto na cobertura de Afastamento Maternidade (aportar no 4.1.1) | F84: 0 | G84: =ROUND(G$34*F84,2) -> 0
A85: F | B85: Substituto na cobertura de Outras Ausências | F85: =ROUND((((1/30)/12)*5)*0.5,4)*0 -> 0 | G85: =ROUND(G$34*F85,2) -> 0
A86: Total do Submódulo 4.1 | F86: =SUM(F80:F85) -> 0 | G86: =SUM(G80:G85) -> 0 | H86: =ROUND(G34*F86,2) -> 0
A87: Submódulo 4.1.1 - Afastamento Maternidade (120 dias)
A88: A | B88: Férias pagas ao substituto pelos 120 dias de reposição | F88: =ROUND((((ROUND((1/11)+(1/11)/3, 3))*4)/12)*1%,4)*0 -> 0 | G88: =ROUND(G$34*F88,2) -> 0
A89: B | B89: Incidência dos encargos do submódulo 2.2 sobre as férias pagas ao substituto | F89: =ROUND(F88*F51,4) -> 0 | G89: =ROUND(G$34*F89,2) -> 0
A90: C | B90: Incidencia do submódulo 2.2 s/ a remuneração e o 13º proporcionais aos 120 d | F90: =ROUND(ROUND(ROUND(((1+1/12)*4)/12,4)*1%,4)*F51,4)*0 -> 0 | G90: =ROUND(G$34*F90,2) -> 0
A91: D | B91: Outros | F91: 0 | G91: =ROUND(G$34*F91,2) -> 0
A92: Total do Submódulo 4.1.1 | F92: =SUM(F88:F91) -> 0 | G92: =SUM(G88:G91) -> 0 | H92: =ROUND(G34*F92,2) -> 0
A93: Submódulo 4.2 - Intrajornada
A94: A | B94: Cobertura de Intervalo para repouso ou alimentação | F94: =((1/220)*22)*0 -> 0 | G94: =ROUND(G$34*F94,2) -> 0
A95: B | B95: Incidência do Sub módulo 2.2 | F95: =F94*F51 -> 0 | G95: =ROUND(G$34*F95,2) -> 0
A96: Total do Submódulo 4.2 | F96: =SUM(F94:F95) -> 0 | G96: =SUM(G94:G95) -> 0 | H96: =ROUND(G34*F96,2) -> 0
A97: Submódulo 4.2.1 - Cobertura de Feriados, Dias Ponte, e outros (exceto para postos 12 x 36)
A98: A | B98: Cobertura Feriados, Dias Ponte, e outros (exceto para postos 12 x 36) | F98: =((((8*13)/12)/220)+((((8*13)/12)/220)*100%))*0 -> 0 | G98: =ROUND(G$34*F98,2) -> 0
A99: B | B99: Incidência do Sub módulo 2.2 | F99: =F98*F51 -> 0 | G99: =ROUND(G$34*F99,2) -> 0
A100: Total do Submódulo 4.2.1 | F100: =SUM(F98:F99) -> 0 | G100: =SUM(G98:G99) -> 0 | H100: =ROUND(G44*F100,2) -> 0
A101: QUADRO RESUMO - MÓDULO 4
A102: 4.1 | B102: Substituto nas Ausências Legais | F102: =F86 -> 0 | G102: =G86 -> 0
...

Sheet Buerista_CERIB
A1: PLANILHA DE CUSTO E FORMAÇÃO DE PREÇOS
A2: PROCESSO Nº 125/2025 | F2: LOTE 01
A3: OBJETO: PRESTAÇÃO DE SERVIÇOS DE LIMPEZA, CONSERVAÇÃO E HIGIENIZAÇÃO EM DIVERSOS ENTREPOSTO DO INTERIOR
A5: I - DISCRIMINAÇÃO DOS SERVIÇOS
A6: Data de Apresentação da Proposta:
A7: Município/UF: | F7: RIBEIRÃO PRETO/SP
A8: Sindicato: SELUR - SINDICATO DAS EMPRESAS DE LIMPEZA URBANA NO EST S PAULO E SIEMACO-SP -SINDICATO TRABALHADORES EMPRESAS PRESTACAO DE SERVICOS DE ASSEIO E CONSERVACAO E LIMPEZA URBANA DE SP
A10: Ano do acordo, convenção ou dissídio coletivo: | F10: 2024 / 2025
A11: Tipo de serviço: | F11: Limpeza e Conservação
A12: Unidade de Medida: | F12: Posto/Hora
A13: Período contratual: | F13: 12 MESES
A14: DADOS COMPLEMENTARES
A15: Salário mínimo oficial vigente: | F15: 1518
A16: Categoria Profissional: | F16: Buerista
A17: Classificação Brasileira de Ocupações (CBO): | F17: 9922-25
A18: Salário Normativo da Categoria Profissional: | F18: 2083.35
A19: Data Base da Categoria: | F19: 45536
A20: Posto de Trabalho: | F20: 44 HORAS SEMANAIS
A21: Quantidade de Pessoas por Posto: | F21: 1
A22: Quantidade de Postos: | F22: 1
A23: Outras Informações: | F23: DIURNO
A24: Posto de trabalho: De 2ª à 6ª início às 08:00 - (com intervalo para refeição)
A25: MODULO 1 - COMPOSIÇÃO DA REMUNERAÇÃO
A26: 1 | B26: Composição da Remuneração | F26: Quant/Horas/Perc | G26: Valor Total
A27: A | B27: Salário | F27: 1 | G27: =F18*F27 -> 2083.35
A28: B | B28: Adicional Periculosidade | F28: 0 | G28: =ROUND(G27*F28,2) -> 0
A29: C | B29: Adicional Insalubridade | F29: 0.4 | G29: =ROUND(F15*F29,2) -> 607.2
A30: D | B30: Adicional de Liderança | F30: =ROUND((ROUND((0*15.22),2)/52.5)*60,2) -> 0 | G30: =ROUND(ROUND(ROUND((SUM(G27:G29)+G33)/220,2)*0.2,2)*F30,2) -> 0
A31: E | B31: Adicional Noturno (Hora Noturna/Hora Reduzida) | F31: 0
A32: F | B32: DSR Sobre Adicional Noturno | F32: =ROUND(SUM(F30)/15.22*5,2) -> 0 | G32: =ROUND(ROUND(ROUND((SUM(G27:G29)+G33)/220,2)*0.2,2)*F32,2) -> 0
A33: G | B33: Outrros (especificar) | F33: 0 | G33: =ROUND(F18*F33,2) -> 0
A34: Total da Remuneração/MÓDULO 1 | G34: =SUM(G27:G33) -> 2690.55
A35: MÓDULO 2 - ENCARGOS E BENEFÍCIOS ANUAIS, MENSAIS E DIÁRIOS
A36: Submódulo 2.1 - 13º Salário, Férias e Adicional de Férias
A37: A | B37: 13º Salário | F37: 0.0833 | G37: =ROUND(G$34*F37,2) -> 224.12
A38: B | B38: Ferias e terço constitucional | F38: =ROUND((1/11)+(1/11)/3, 3) -> 0.121 | G38: =ROUND(G$34*F38,2) -> 325.56
B39: Subtotal | F39: =SUM(F37:F38) -> 0.2043
A40: C | B40: Incidência do Submódulo 2.2 sobre o Submódulo 2.1 | F40: =ROUND((F51*F39),4) -> 0.0691 | G40: =ROUND(G$34*F40,2) -> 185.92
A41: Total do Submódulo 2.1 | F41: =ROUND(SUM(F39:F40),4) -> 0.2734 | G41: =SUM(G37:G40) -> 735.6 | H41: =ROUND(G34*F41,2) -> 735.6
A42: Submódulo 2.2 – Encargos Previdenciários (GPS), FGTS e Outras Contribuições
A43: A | B43: INSS | F43: 0.2 | G43: =ROUND(G$34*F43,2) -> 538.11
A44: B | B44: Salário Educação | F44: 0.025 | G44: =ROUND(G$34*F44,2) -> 67.26
A45: C | B45: SAT (Seguro Acidente de Trabalho) | F45: 0 | G45: =ROUND(G$34*F45,2) -> 0
A46: D | B46: SESC ou SESI | F46: 0.015 | G46: =ROUND(G$34*F46,2) -> 40.36
A47: E | B47: SENAI - SENAC | F47: 0.01 | G47: =ROUND(G$34*F47,2) -> 26.91
A48: F | B48: SEBRAE | F48: 0.006 | G48: =ROUND(G$34*F48,2) -> 16.14
A49: G | B49: INCRA | F49: 0.002 | G49: =ROUND(G$34*F49,2) -> 5.38
A50: H | B50: FGTS | F50: 0.08 | G50: =ROUND(G$34*F50,2) -> 215.24
A51: Total do Submódulo 2.2 | F51: =SUM(F43:F50) -> 0.338 | G51: =SUM(G43:G50) -> 909.4 | H51: =ROUND(G34*F51,2) -> 909.41
A52: Submódulo 2.3 – Benefícios Mensais e Diários
A53: A | B53: Transporte | E53: 0 | F53: 42 | G53: =IF(ROUND((E53*F53)-(G27*0.06),2)<0,0,ROUND((E53*F53)-(G27*0.06),2)) -> 0
A54: B | B54: Auxílio Refeição | E54: 28.86 | F54: 21 | G54: =ROUND((E54*F54),2) -> 606.06
A55: C | B55: Auxílio Alimentação | E55: 394.42 | F55: 1 | G55: =ROUND((E55*F55),2) -> 394.42
A56: D | B56: Assistencia Médica e Odontólogica | E56: 28 | F56: 1 | G56: =ROUND((E56*F56),2) -> 28
A57: E | B57: Auxílio Creche | E57: =ROUND((F18*30%)*5%,2)*0 -> 0 | F57: 1 | G57: =ROUND((E57*F57),2) -> 0
A58: F | B58: Benefícios Sociais | E58: 3.8 | F58: 1 | G58: =ROUND((E58*F58),2) -> 3.8
A59: G | B59: Dia do Trabalhador | E59: =ROUND((((F18/220)*8)*1.5)/12,2) -> 9.47 | F59: 1 | G59: =ROUND((E59*F59),2) -> 9.47
A60: H | B60: Outros (Especificar) | E60: 0 | F60: 1 | G60: =ROUND((E60*F60),2) -> 0
A61: I | B61: Outros (Especificar) | E61: 0 | F61: 1 | G61: =ROUND((E61*F61),2) -> 0
A62: J | B62: Outros (Especificar) | E62: 0 | F62: 1 | G62: =ROUND((E62*F62),2) -> 0
A63: Total do Submódulo 2.3 | G63: =SUM(G53:G62)+52.42 -> 1094.17
A64: QUADRO RESUMO - MÓDULO 2
A65: 2.1 | B65: 13º Salário, Férias e Adicional de Férias | F65: =F41 -> 0.2734 | G65: =G41 -> 735.6
A66: 2.2 | B66: Encargos Previdenciários (GPS), FGTS e Outras Contribuições | F66: =F51 -> 0.338 | G66: =G51 -> 909.4
A67: 2.3 | B67: Benefícios Mensais e Diários | G67: =G63 -> 1094.17
A68: TOTAL MÓDULO 2 | G68: =SUM(G65:G67) -> 2739.17
A69: MÓDULO 3 - PROVISÃO PARA RESCISÃO
A70: 3 | B70: Provisão para Rescisão
A71: A | B71: Aviso Prévio Indenizado | F71: =ROUND((1/12)*0.05,4)*0 -> 0 | G71: =ROUND(G$34*F71,2) -> 0
A72: B | B72: Incidência do FGTS sobre Aviso Prévio Indenizado | F72: =ROUND((F71*F50),4) -> 0 | G72: =ROUND(G$34*F72,2) -> 0
A73: C | B73: Multa do FGTS sobre o Aviso Prévio Indenizado | F73: =ROUND((0.08*0.4*0.9)*(1+0.09+0.09+0.3),2)*0 -> 0 | G73: =ROUND(G$34*F73,2) -> 0
A74: D | B74: Aviso Prévio Trabalhado | F74: =ROUND(100%/30*7/12*100%,4)*0 -> 0 | G74: =ROUND(G$34*F74,2) -> 0
A75: E | B75: Incidência de GPS, FGTS e outras contribuições sobre Aviso Prévio Trabalhado | F75: =ROUND(F74*F51,4) -> 0 | G75: =ROUND(G$34*F75,2) -> 0
A76: F | B76: Multa do FGTS sobre o Aviso Prévio Trabalhado. | F76: 0 | G76: =ROUND(G$34*F76,2) -> 0
A77: TOTAL MÓDULO 3 | F77: =SUM(F71:F76) -> 0 | G77: =SUM(G71:G76) -> 0 | H77: =ROUND(G34*F77,2) -> 0
A78: MÓDULO 4 - CUSTO DE REPOSIÇÃO DO PROFISSIONAL AUSENTE
A79: Submódulo 4.1 - Substituto nas Ausências Legais
A80: A | B80: Substituto na cobertura de Férias (Somente se não aportado no submódulo 2.1) | F80: 0 | G80: =ROUND(G$34*F80,2) -> 0
A81: B | B81: Substituto na cobertura de Ausências Legais | F81: =ROUND(((1/30)/12)*1,4)*0 -> 0 | G81: =ROUND(G$34*F81,2) -> 0
A82: C | B82: Substituto na cobertura de Licença Paternidade | F82: =ROUND((((1/30)/12)*5)*0.02,4)*0 -> 0 | G82: =ROUND(G$34*F82,2) -> 0
A83: D | B83: Substituto na cobertura de Ausência por Acidente de Trabalho | F83: =ROUND((((1/30)/12)*15)*0.05,4)*0 -> 0 | G83: =ROUND(G$34*F83,2) -> 0
A84: E | B84: Substituto na cobertura de Afastamento Maternidade (aportar no 4.1.1) | F84: 0 | G84: =ROUND(G$34*F84,2) -> 0
A85: F | B85: Substituto na cobertura de Outras Ausências | F85: =ROUND((((1/30)/12)*5)*0.5,4)*0 -> 0 | G85: =ROUND(G$34*F85,2) -> 0
A86: Total do Submódulo 4.1 | F86: =SUM(F80:F85) -> 0 | G86: =SUM(G80:G85) -> 0 | H86: =ROUND(G34*F86,2) -> 0
A87: Submódulo 4.1.1 - Afastamento Maternidade (120 dias)
A88: A | B88: Férias pagas ao substituto pelos 120 dias de reposição | F88: =ROUND((((ROUND((1/11)+(1/11)/3, 3))*4)/12)*1%,4)*0 -> 0 | G88: =ROUND(G$34*F88,2) -> 0
A89: B | B89: Incidência dos encargos do submódulo 2.2 sobre as férias pagas ao substituto | F89: =ROUND(F88*F51,4) -> 0 | G89: =ROUND(G$34*F89,2) -> 0
A90: C | B90: Incidencia do submódulo 2.2 s/ a remuneração e o 13º proporcionais aos 120 d | F90: =ROUND(ROUND(ROUND(((1+1/12)*4)/12,4)*1%,4)*F51,4)*0 -> 0 | G90: =ROUND(G$34*F90,2) -> 0
A91: D | B91: Outros | F91: 0 | G91: =ROUND(G$34*F91,2) -> 0
A92: Total do Submódulo 4.1.1 | F92: =SUM(F88:F91) -> 0 | G92: =SUM(G88:G91) -> 0 | H92: =ROUND(G34*F92,2) -> 0
A93: Submódulo 4.2 - Intrajornada
A94: A | B94: Cobertura de Intervalo para repouso ou alimentação | F94: =((1/220)*22)*0 -> 0 | G94: =ROUND(G$34*F94,2) -> 0
A95: B | B95: Incidência do Sub módulo 2.2 | F95: =F94*F51 -> 0 | G95: =ROUND(G$34*F95,2) -> 0
A96: Total do Submódulo 4.2 | F96: =SUM(F94:F95) -> 0 | G96: =SUM(G94:G94) -> 0 | H96: =ROUND(G34*F96,2) -> 0
A97: Submódulo 4.2.1 - Cobertura de Feriados, Dias Ponte, e outros (exceto para postos 12 x 36)
A98: A | B98: Cobertura Feriados, Dias Ponte, e outros (exceto para postos 12 x 36) | F98: =((((8*13)/12)/220)+((((8*13)/12)/220)*100%))*0 -> 0 | G98: =ROUND(G$34*F98,2) -> 0
A99: B | B99: Incidência do Sub módulo 2.2 | F99: =F98*F51 -> 0 | G99: =ROUND(G$34*F99,2) -> 0
A100: Total do Submódulo 4.2.1 | F100: =SUM(F98:F99) -> 0 | G100: =SUM(G98:G98) -> 0 | H100: =ROUND(G44*F100,2) -> 0
A101: QUADRO RESUMO - MÓDULO 4
A102: 4.1 | B102: Substituto nas Ausências Legais | F102: =F86 -> 0 | G102: =G86 -> 0
...

Sheet Ajud. de Serv. Diversos_CERIB
A1: PLANILHA DE CUSTO E FORMAÇÃO DE PREÇOS
A2: PROCESSO Nº 125/2025 | F2: LOTE 01
A3: OBJETO: PRESTAÇÃO DE SERVIÇOS DE LIMPEZA, CONSERVAÇÃO E HIGIENIZAÇÃO EM DIVERSOS ENTREPOSTO DO INTERIOR
A5: I - DISCRIMINAÇÃO DOS SERVIÇOS
A6: Data de Apresentação da Proposta:
A7: Município/UF: | F7: Ribeirão Preto/SP
A8: Sindicato: SEAC/SP SINDICATO DAS EMPRESAS DE ASSEIO E CONSERVAÇÃO NO ESTADO DE SAO PAULO e SIEMACO-SP - SINDICATO TRABALHADORES EMPRESAS PRESTACAO DE SERVICOS DE ASSEIO E CONSERVACAO E LIMPEZA URBANA DE SP
A10: Ano do acordo, convenção ou dissídio coletivo: | F10: 2025
A11: Tipo de serviço: | F11: Limpeza e Conservação
A12: Unidade de Medida: | F12: Posto/Hora
A13: Período contratual: | F13: 12 MESES
A14: DADOS COMPLEMENTARES
A15: Salário mínimo oficial vigente: | F15: 1518
A16: Categoria Profissional: | F16: Ajudante de Serviços Diversos
A17: Classificação Brasileira de Ocupações (CBO): | F17: 5143-25
A18: Salário Normativo da Categoria Profissional: | F18: 1766.58
A19: Data Base da Categoria: | F19: 45658
A20: Posto de Trabalho: | F20: 44 HORAS SEMANAIS
A21: Quantidade de Pessoas por Posto: | F21: 1
A22: Quantidade de Postos: | F22: 2
A23: Outras Informações: | F23: DIURNO
A24: Posto de trabalho: De 2ª à 6ª início às 08:00 - (com intervalo para refeição)
A25: MODULO 1 - COMPOSIÇÃO DA REMUNERAÇÃO
A26: 1 | B26: Composição da Remuneração | F26: Quant/Horas/Perc | G26: Valor Total
A27: A | B27: Salário | F27: 1 | G27: =F18*F27 -> 1766.58
A28: B | B28: Adicional Periculosidade | F28: 0 | G28: =ROUND(G27*F28,2) -> 0
A29: C | B29: Adicional Insalubridade | F29: 0.2 | G29: =ROUND(F15*F29,2) -> 303.6
A30: D | B30: Adicional de Liderança | F30: =ROUND((ROUND((0*15.22),2)/52.5)*60,2) -> 0 | G30: =ROUND(ROUND(ROUND((SUM(G27:G29)+G33)/220,2)*0.2,2)*F30,2) -> 0
A31: E | B31: Adicional Noturno (Hora Noturna/Hora Reduzida) | F31: 0
A32: F | B32: DSR Sobre Adicional Noturno | F32: =ROUND(SUM(F30)/15.22*5,2) -> 0 | G32: =ROUND(ROUND(ROUND((SUM(G27:G29)+G33)/220,2)*0.2,2)*F32,2) -> 0
A33: G | B33: Outrros (especificar) | F33: 0 | G33: =ROUND(F18*F33,2) -> 0
A34: Total da Remuneração/MÓDULO 1 | G34: =SUM(G27:G33) -> 2070.18
A35: MÓDULO 2 - ENCARGOS E BENEFÍCIOS ANUAIS, MENSAIS E DIÁRIOS
A36: Submódulo 2.1 - 13º Salário, Férias e Adicional de Férias
A37: A | B37: 13º Salário | F37: 0.0833 | G37: =ROUND(G$34*F37,2) -> 172.45
A38: B | B38: Ferias e terço constitucional | F38: =ROUND((1/11)+(1/11)/3, 3) -> 0.121 | G38: =ROUND(G$34*F38,2) -> 250.49
B39: Subtotal | F39: =SUM(F37:F38) -> 0.2043
A40: C | B40: Incidência do Submódulo 2.2 sobre o Submódulo 2.1 | F40: =ROUND((F51*F39),4) -> 0.0691 | G40: =ROUND(G$34*F40,2) -> 143.05
A41: Total do Submódulo 2.1 | F41: =ROUND(SUM(F39:F40),4) -> 0.2734 | G41: =SUM(G37:G40) -> 565.99 | H41: =ROUND(G34*F41,2) -> 565.99
A42: Submódulo 2.2 – Encargos Previdenciários (GPS), FGTS e Outras Contribuições
A43: A | B43: INSS | F43: 0.2 | G43: =ROUND(G$34*F43,2) -> 414.04
A44: B | B44: Salário Educação | F44: 0.025 | G44: =ROUND(G$34*F44,2) -> 51.75
A45: C | B45: SAT (Seguro Acidente de Trabalho) | F45: 0 | G45: =ROUND(G$34*F45,2) -> 0
A46: D | B46: SESC ou SESI | F46: 0.015 | G46: =ROUND(G$34*F46,2) -> 31.05
A47: E | B47: SENAI - SENAC | F47: 0.01 | G47: =ROUND(G$34*F47,2) -> 20.7
A48: F | B48: SEBRAE | F48: 0.006 | G48: =ROUND(G$34*F48,2) -> 12.42
A49: G | B49: INCRA | F49: 0.002 | G49: =ROUND(G$34*F49,2) -> 4.14
A50: H | B50: FGTS | F50: 0.08 | G50: =ROUND(G$34*F50,2) -> 165.61
A51: Total do Submódulo 2.2 | F51: =SUM(F43:F50) -> 0.338 | G51: =SUM(G43:G50) -> 699.71 | H51: =ROUND(G34*F51,2) -> 699.72
A52: Submódulo 2.3 – Benefícios Mensais e Diários
A53: A | B53: Transporte | E53: 0 | F53: 42 | G53: =IF(ROUND((E53*F53)-(G27*0.06),2)<0,0,ROUND((E53*F53)-(G27*0.06),2)) -> 0
A54: B | B54: Auxílio Refeição | E54: =20.76-1.39 -> 19.37 | F54: 21 | G54: =ROUND((E54*F54),2) -> 406.77
A55: C | B55: Auxílio Alimentação | E55: 144.68 | F55: 1 | G55: =ROUND((E55*F55),2) -> 144.68
A56: D | B56: Benefício Médico Ambulatorial e Odontológico | E56: 35.33 | F56: 1 | G56: =ROUND((E56*F56),2) -> 35.33
A57: E | B57: Auxílio Creche | E57: =ROUND((F18*30%)*5%,2)*0 -> 0 | F57: 1 | G57: =ROUND((E57*F57),2) -> 0
A58: F | B58: Dia Trabalhador em Asseio e Conservação | E58: =20.76 -> 20.76 | F58: 1 | G58: =ROUND((E58*F58),2) -> 20.76
A59: G | B59: Benefício Social | E59: =15.96 -> 15.96 | F59: 1 | G59: =ROUND((E59*F59),2) -> 15.96
A60: H | B60: Prêmio Assiduidade | E60: 300 | F60: 1 | G60: =ROUND((E60*F60),2) -> 300
A61: I | B61: Outros (Especificar) | E61: 0 | F61: 1 | G61: =ROUND((E61*F61),2) -> 0
A62: J | B62: Outros (Especificar) | E62: 0 | F62: 1 | G62: =ROUND((E62*F62),2) -> 0
A63: Total do Submódulo 2.3 | G63: =SUM(G53:G62)+52.42 -> 975.92
A64: QUADRO RESUMO - MÓDULO 2
A65: 2.1 | B65: 13º Salário, Férias e Adicional de Férias | F65: =F41 -> 0.2734 | G65: =G41 -> 565.99
A66: 2.2 | B66: Encargos Previdenciários (GPS), FGTS e Outras Contribuições | F66: =F51 -> 0.338 | G66: =G51 -> 699.71
A67: 2.3 | B67: Benefícios Mensais e Diários | G67: =G63 -> 975.92
A68: TOTAL MÓDULO 2 | G68: =SUM(G65:G67) -> 2241.62
A69: MÓDULO 3 - PROVISÃO PARA RESCISÃO
A70: 3 | B70: Provisão para Rescisão
A71: A | B71: Aviso Prévio Indenizado | F71: =ROUND((1/12)*0.05,4)*0 -> 0 | G71: =ROUND(G$34*F71,2) -> 0
A72: B | B72: Incidência do FGTS sobre Aviso Prévio Indenizado | F72: =ROUND((F71*F50),4) -> 0 | G72: =ROUND(G$34*F72,2) -> 0
A73: C | B73: Multa do FGTS sobre o Aviso Prévio Indenizado | F73: =ROUND((0.08*0.4*0.9)*(1+0.09+0.09+0.3),2)*0 -> 0 | G73: =ROUND(G$34*F73,2) -> 0
A74: D | B74: Aviso Prévio Trabalhado | F74: =ROUND(100%/30*7/12*100%,4)*0 -> 0 | G74: =ROUND(G$34*F74,2) -> 0
A75: E | B75: Incidência de GPS, FGTS e outras contribuições sobre Aviso Prévio Trabalhado | F75: =ROUND(F74*F51,4) -> 0 | G75: =ROUND(G$34*F75,2) -> 0
A76: F | B76: Multa do FGTS sobre o Aviso Prévio Trabalhado. | F76: 0 | G76: =ROUND(G$34*F76,2) -> 0
A77: TOTAL MÓDULO 3 | F77: =SUM(F71:F76) -> 0 | G77: =SUM(G71:G76) -> 0 | H77: =ROUND(G34*F77,2) -> 0
A78: MÓDULO 4 - CUSTO DE REPOSIÇÃO DO PROFISSIONAL AUSENTE
A79: Submódulo 4.1 - Substituto nas Ausências Legais
A80: A | B80: Substituto na cobertura de Férias (Somente se não aportado no submódulo 2.1) | F80: 0 | G80: =ROUND(G$34*F80,2) -> 0
A81: B | B81: Substituto na cobertura de Ausências Legais | F81: =ROUND(((1/30)/12)*1,4)*0 -> 0 | G81: =ROUND(G$34*F81,2) -> 0
A82: C | B82: Substituto na cobertura de Licença Paternidade | F82: =ROUND((((1/30)/12)*5)*0.02,4)*0 -> 0 | G82: =ROUND(G$34*F82,2) -> 0
A83: D | B83: Substituto na cobertura de Ausência por Acidente de Trabalho | F83: =ROUND((((1/30)/12)*15)*0.05,4)*0 -> 0 | G83: =ROUND(G$34*F83,2) -> 0
A84: E | B84: Substituto na cobertura de Afastamento Maternidade (aportar no 4.1.1) | F84: 0 | G84: =ROUND(G$34*F84,2) -> 0
A85: F | B85: Substituto na cobertura de Outras Ausências | F85: =ROUND((((1/30)/12)*5)*0.5,4)*0 -> 0 | G85: =ROUND(G$34*F85,2) -> 0
A86: Total do Submódulo 4.1 | F86: =SUM(F80:F85) -> 0 | G86: =SUM(G80:G85) -> 0 | H86: =ROUND(G34*F86,2) -> 0
A87: Submódulo 4.1.1 - Afastamento Maternidade (120 dias)
A88: A | B88: Férias pagas ao substituto pelos 120 dias de reposição | F88: =ROUND((((ROUND((1/11)+(1/11)/3, 3))*4)/12)*1%,4)*0 -> 0 | G88: =ROUND(G$34*F88,2) -> 0
A89: B | B89: Incidência dos encargos do submódulo 2.2 sobre as férias pagas ao substituto | F89: =ROUND(F88*F51,4) -> 0 | G89: =ROUND(G$34*F89,2) -> 0
A90: C | B90: Incidencia do submódulo 2.2 s/ a remuneração e o 13º proporcionais aos 120 d | F90: =ROUND(ROUND(ROUND(((1+1/12)*4)/12,4)*1%,4)*F51,4)*0 -> 0 | G90: =ROUND(G$34*F90,2) -> 0
A91: D | B91: Outros | F91: 0 | G91: =ROUND(G$34*F91,2) -> 0
A92: Total do Submódulo 4.1.1 | F92: =SUM(F88:F91) -> 0 | G92: =SUM(G88:G91) -> 0 | H92: =ROUND(G34*F92,2) -> 0
A93: Submódulo 4.2 - Intrajornada
A94: A | B94: Cobertura de Intervalo para repouso ou alimentação | F94: =((1/220)*22)*0 -> 0 | G94: =ROUND(G$34*F94,2) -> 0
A95: B | B95: Incidência do Sub módulo 2.2 | F95: =F94*F51 -> 0 | G95: =ROUND(G$34*F95,2) -> 0
A96: Total do Submódulo 4.2 | F96: =SUM(F94:F95) -> 0 | G96: =SUM(G94:G94) -> 0 | H96: =ROUND(G34*F96,2) -> 0
A97: Submódulo 4.2.1 - Cobertura de Feriados, Dias Ponte, e outros (exceto para postos 12 x 36)
A98: A | B98: Cobertura Feriados, Dias Ponte, e outros (exceto para postos 12 x 36) | F98: =((((8*13)/12)/220)+((((8*13)/12)/220)*100%))*0 -> 0 | G98: =ROUND(G$34*F98,2) -> 0
A99: B | B99: Incidência do Sub módulo 2.2 | F99: =F98*F51 -> 0 | G99: =ROUND(G$34*F99,2) -> 0
A100: Total do Submódulo 4.2.1 | F100: =SUM(F98:F99) -> 0 | G100: =SUM(G98:G98) -> 0 | H100: =ROUND(G44*F100,2) -> 0
A101: QUADRO RESUMO - MÓDULO 4
A102: 4.1 | B102: Substituto nas Ausências Legais | F102: =F86 -> 0 | G102: =G86 -> 0
...

Sheet Encarregado_CERIB
A1: PLANILHA DE CUSTO E FORMAÇÃO DE PREÇOS
A2: PROCESSO Nº 125/2025 | F2: LOTE 01
A3: OBJETO: PRESTAÇÃO DE SERVIÇOS DE LIMPEZA, CONSERVAÇÃO E HIGIENIZAÇÃO EM DIVERSOS ENTREPOSTO DO INTERIOR
A5: I - DISCRIMINAÇÃO DOS SERVIÇOS
A6: Data de Apresentação da Proposta:
A7: Município/UF: | F7: Ribeirão Preto/SP
A8: Sindicato: SEAC/SP SINDICATO DAS EMPRESAS DE ASSEIO E CONSERVAÇÃO NO ESTADO DE SAO PAULO e SIEMACO-SP - SINDICATO TRABALHADORES EMPRESAS PRESTACAO DE SERVICOS DE ASSEIO E CONSERVACAO E LIMPEZA URBANA DE SP
A10: Ano do acordo, convenção ou dissídio coletivo: | F10: 2025
A11: Tipo de serviço: | F11: LIMPEZA
A12: Unidade de Medida: | F12: Posto/Hora
A13: Período contratual: | F13: 12 MESES
A14: DADOS COMPLEMENTARES
A15: Salário mínimo oficial vigente: | F15: 1518
A16: Categoria Profissional: | F16: Encarregado de Limpeza
A17: Classificação Brasileira de Ocupações (CBO): | F17: 4101-05
A18: Salário Normativo da Categoria Profissional: | F18: 2247.37
A19: Data Base da Categoria: | F19: 45658
A20: Posto de Trabalho: | F20: 44 HORAS SEMANAIS
A21: Quantidade de Pessoas por Posto: | F21: 1
A22: Quantidade de Postos: | F22: 1
A23: Outras Informações: | F23: DIURNO
A24: Posto de Trabalho: 2ª à 6ª início às 08:00 - (com intervalo para refeição)
A25: MODULO 1 - COMPOSIÇÃO DA REMUNERAÇÃO
A26: 1 | B26: Composição da Remuneração | F26: Quant/Horas/Perc | G26: Valor Total
A27: A | B27: Salário Base | F27: 1 | G27: =F18*F27 -> 2247.37
A28: B | B28: Adicional Periculosidade | G28: =ROUND(F18*F28,2) -> 0
A29: C | B29: Adicional Insalubridade | F29: 0.4 | G29: =ROUND(F15*F29,2) -> 607.2
A30: D | B30: Adicional de Liderança | F30: 0 | G30: =ROUND(F18*F30,2) -> 0
A31: E | B31: Adicional Noturno (Hora Noturna/Hora Reduzida) | F31: =ROUND((ROUND((0*15.22),2)/52.5)*60,2) -> 0 | G31: =ROUND((F18/192*0.2)*F31,2) -> 0
A32: F | B32: DSR Sobre Adicional Noturno | F32: =ROUND(SUM(F31)/25*5,2) -> 0 | G32: =ROUND((F18/192*0.2)*F32,2) -> 0
A33: G | B33: Outrros (especificar) | G33: 0
A34: Total da Remuneração/MÓDULO 1 | G34: =SUM(G27:G33) -> 2854.57
A35: MÓDULO 2 - ENCARGOS E BENEFÍCIOS ANUAIS, MENSAIS E DIÁRIOS
A36: Submódulo 2.1 - 13º Salário, Férias e Adicional de Férias
A37: A | B37: 13º Salário | F37: =ROUND((1/12),6) -> 0.0833 | G37: =ROUND(G$34*F37,2) -> 237.79
A38: B | B38: Ferias e terço constitucional | F38: =ROUND((1/11)+(1/11)/3, 3) -> 0.121 | G38: =ROUND(G$34*F38,2) -> 345.4
B39: Subtotal | F39: =SUM(F37:F38) -> 0.2043
A40: C | B40: Incidência do Submódulo 2.2 sobre o Submódulo 2.1 | F40: =ROUND((F51*F39),4) -> 0.0691 | G40: =ROUND(G$34*F40,2) -> 197.25
A41: Total do Submódulo 2.1 | F41: =ROUND(SUM(F39:F40),4) -> 0.2734 | G41: =SUM(G37:G40) -> 780.44 | H41: =ROUND(G34*F41,2) -> 780.44
A42: Submódulo 2.2 – Encargos Previdenciários (GPS), FGTS e Outras Contribuições | H42: =SUM(G41,G34) -> 3635.01
A43: A | B43: INSS | F43: 0.2 | G43: =ROUND((G$34)*F43,2) -> 570.91
A44: B | B44: Salário Educação | F44: 0.025 | G44: =ROUND((G$34)*F44,2) -> 71.36
A45: C | B45: SAT (Seguro Acidente de Trabalho) | F45: 0 | G45: =ROUND((G$34)*F45,2) -> 0
A46: D | B46: SESC ou SESI | F46: 0.015 | G46: =ROUND((G$34)*F46,2) -> 42.82
A47: E | B47: SENAI - SENAC | F47: 0.01 | G47: =ROUND((G$34)*F47,2) -> 28.55
A48: F | B48: SEBRAE | F48: 0.006 | G48: =ROUND((G$34)*F48,2) -> 17.13
A49: G | B49: INCRA | F49: 0.002 | G49: =ROUND((G$34)*F49,2) -> 5.71
A50: H | B50: FGTS | F50: 0.08 | G50: =ROUND((G$34)*F50,2) -> 228.37
A51: Total do Submódulo 2.2 | F51: =SUM(F43:F50) -> 0.338 | G51: =SUM(G43:G50) -> 964.85 | H51: =ROUND(G34*F51,2) -> 964.84
A52: Submódulo 2.3 – Benefícios Mensais e Diários
A53: A | B53: Transporte | E53: 0 | F53: 42 | G53: =IF(ROUND((E53*F53)-(G27*0.06),2)<0,0,ROUND((E53*F53)-(G27*0.06),2)) -> 0
A54: B | B54: Auxílio Refeição | E54: =20.76-1.39 -> 19.37 | F54: 21 | G54: =ROUND((E54*F54),2) -> 406.77
A55: C | B55: Auxílio Alimentação | E55: 144.68 | F55: 1 | G55: =ROUND((E55*F55),2) -> 144.68
A56: D | B56: Benefício Médico Ambulatorial e Odontológico | E56: 35.33 | F56: 1 | G56: =ROUND((E56*F56),2) -> 35.33
A57: E | B57: Auxílio Creche | E57: =ROUND((F18*30%)*5%,2)*0 -> 0 | F57: 1 | G57: =ROUND((E57*F57),2) -> 0
A58: F | B58: Dia Trabalhador em Asseio e Conservação | E58: =20.76 -> 20.76 | F58: 1 | G58: =ROUND((E58*F58)/12,2) -> 1.73
A59: G | B59: Benefício Social | E59: =15.96 -> 15.96 | F59: 1 | G59: =ROUND((E59*F59),2) -> 15.96
A60: H | B60: Prêmio Assiduidade | E60: 300 | F60: 1 | G60: =ROUND((E60*F60),2) -> 300
A61: I | B61: Outros (Especificar) | E61: 0 | F61: 1 | G61: =ROUND((E61*F61),2) -> 0
A62: J | B62: Outros (Especificar) | E62: 0 | F62: 1 | G62: 0
A63: Total do Submódulo 2.3 | G63: =SUM(G53:G62) -> 904.47
A64: QUADRO RESUMO - MÓDULO 2
A65: 2.1 | B65: 13º Salário, Férias e Adicional de Férias | F65: =F41 -> 0.2734 | G65: =G41 -> 780.44
A66: 2.2 | B66: Encargos Previdenciários (GPS), FGTS e Outras Contribuições | F66: =F51 -> 0.338 | G66: =G51 -> 964.85
A67: 2.3 | B67: Benefícios Mensais e Diários | G67: =G63 -> 904.47
A68: TOTAL MÓDULO 2 | G68: =SUM(G65:G67) -> 2649.76
A69: MÓDULO 3 - PROVISÃO PARA RESCISÃO
A70: 3 | B70: Provisão para Rescisão
A71: A | B71: Aviso Prévio Indenizado | F71: =ROUND((1/12)*0.05,4)*0 -> 0 | G71: =ROUND(G$34*F71,2) -> 0
A72: B | B72: Incidência do FGTS sobre Aviso Prévio Indenizado | F72: =ROUND((F71*F50),4) -> 0 | G72: =ROUND(G$34*F72,2) -> 0
A73: C | B73: Multa do FGTS sobre o Aviso Prévio Indenizado | F73: =ROUND((0.08*0.4*0.9)*(1+0.09+0.09+0.3),2)*0 -> 0 | G73: =ROUND(G$34*F73,2) -> 0
A74: D | B74: Aviso Prévio Trabalhado | F74: =ROUND(100%/30*7/12*100%,4)*0 -> 0 | G74: =ROUND(G$34*F74,2) -> 0
A75: E | B75: Incidência de GPS, FGTS e outras contribuições sobre Aviso Prévio Trabalhado | F75: =ROUND(F74*F51,4) -> 0 | G75: =ROUND(G$34*F75,2) -> 0
A76: F | B76: Multa do FGTS sobre o Aviso Prévio Trabalhado. | F76: 0 | G76: =ROUND(G$34*F76,2) -> 0
A77: TOTAL MÓDULO 3 | F77: =SUM(F71:F76) -> 0 | G77: =SUM(G71:G76) -> 0 | H77: =ROUND(G34*F77,2) -> 0
A78: MÓDULO 4 - CUSTO DE REPOSIÇÃO DO PROFISSIONAL AUSENTE
A79: Submódulo 4.1 - Substituto nas Ausências Legais
A80: A | B80: Substituto na cobertura de Férias (Somente se não aportado no submódulo 2.1) | F80: 0 | G80: =ROUND(G$34*F80,2) -> 0
A81: B | B81: Substituto na cobertura de Ausências Legais | F81: =ROUND(((1/30)/12)*1,4)*0 -> 0 | G81: =ROUND(G$34*F81,2) -> 0
A82: C | B82: Substituto na cobertura de Licença Paternidade | F82: =ROUND((((1/30)/12)*5)*0.02,4)*0 -> 0 | G82: =ROUND(G$34*F82,2) -> 0
A83: D | B83: Substituto na cobertura de Ausência por Acidente de Trabalho | F83: =ROUND((((1/30)/12)*15)*0.05,4)*0 -> 0 | G83: =ROUND(G$34*F83,2) -> 0
A84: E | B84: Substituto na cobertura de Afastamento Maternidade (aportar no 4.1.1) | F84: 0 | G84: =ROUND(G$34*F84,2) -> 0
A85: F | B85: Substituto na cobertura de Outras Ausências | F85: =ROUND((((1/30)/12)*5)*0.5,4)*0 -> 0 | G85: =ROUND(G$34*F85,2) -> 0
A86: Total do Submódulo 4.1 | F86: =SUM(F80:F85) -> 0 | G86: =SUM(G80:G85) -> 0 | H86: =ROUND(G34*F86,2) -> 0
A87: Submódulo 4.1.1 - Afastamento Maternidade (120 dias)
A88: A | B88: Férias pagas ao substituto pelos 120 dias de reposição | F88: =ROUND((((ROUND((1/11)+(1/11)/3, 3))*4)/12)*1%,4)*0 -> 0 | G88: =ROUND(G$34*F88,2) -> 0
A89: B | B89: Incidência dos encargos do submódulo 2.2 sobre as férias pagas ao substituto | F89: =ROUND(F88*F51,4) -> 0 | G89: =ROUND(G$34*F89,2) -> 0
A90: C | B90: Incidencia do submódulo 2.2 s/ a remuneração e o 13º proporcionais aos 120 d | F90: =ROUND(ROUND(ROUND(((1+1/12)*4)/12,4)*1%,4)*F51,4)*0 -> 0 | G90: =ROUND(G$34*F90,2) -> 0
A91: D | B91: Outros | F91: 0 | G91: =ROUND(G$34*F91,2) -> 0
A92: Total do Submódulo 4.1.1 | F92: =SUM(F88:F91) -> 0 | G92: =SUM(G88:G91) -> 0 | H92: =ROUND(G34*F92,2) -> 0
A93: Submódulo 4.2 - Intrajornada
A94: A | B94: Cobertura de Intervalo para repouso ou alimentação | F94: =((1/220)*22)*0 -> 0 | G94: =ROUND(G$34*F94,2) -> 0
A95: B | B95: Incidência do Sub módulo 2.2 | F95: =F94*F51 -> 0 | G95: =ROUND(G$34*F95,2) -> 0
A96: Total do Submódulo 4.2 | F96: =SUM(F94:F95) -> 0 | G96: =SUM(G94:G95) -> 0 | H96: =ROUND(G34*F96,2) -> 0
A97: Submódulo 4.2.1 - Cobertura de Feriados, Dias Ponte, e outros (exceto para postos 12 x 36)
A98: A | B98: Cobertura Feriados, Dias Ponte, e outros (exceto para postos 12 x 36) | F98: =((((8*13)/12)/220)+((((8*13)/12)/220)*100%))*0 -> 0 | G98: =ROUND(G$34*F98,2) -> 0
A99: B | B99: Incidência do Sub módulo 2.2 | F99: =F98*F51 -> 0 | G99: =ROUND(G$34*F99,2) -> 0
A100: Total do Submódulo 4.2.1 | F100: =SUM(F98:F99) -> 0 | G100: =SUM(G98:G99) -> 0 | H100: =ROUND(G44*F100,2) -> 0
A101: QUADRO RESUMO - MÓDULO 4
A102: 4.1 | B102: Substituto nas Ausências Legais | F102: =F86 -> 0 | G102: =G86 -> 0
...

Sheet Quadro Resumo M² - CERIB
B1: PROCESSO Nº 125/2025 - LOTE 01
B2: QUADRO RESUMO LICITANTE - CÁLCULO VALOR M²
B3: OBJETO: PRESTAÇÃO DE SERVIÇOS DE LIMPEZA, CONSERVAÇÃO E HIGIENIZAÇÃO EM DIVERSOS ENTREPOSTO DO INTERIOR
B4: ENTRADA DE DADOS
B6: Áreas reais da unidade (em M²) | C6: RIBEIRÃO PRETO/SP
B7: Tipos de Áreas (1) | C7: TOTAL | D7: Produtividade/ M² | E7: Dimensionamento de Pessoas | F7: Quant. Mínimo conforme Termo de Referência
B8: ÁREAS INTERNAS | C8: 1571.78 | D8: 800 | E8: =C8/D8 -> 1.96 | F8: =ROUNDDOWN(SUM(E8:E12),0) -> 20
B9: AREAS EXTERNAS | C9: 93012.78 | D9: 5500 | E9: =C9/D9 -> 16.91
B10: ÁREAS ENVIDRAÇADAS | C10: 155.67 | D10: 300 | E10: =C10/D10 -> 0.52
B11: SANITÁRIOS | C11: 200.48 | D11: 200 | E11: =C11/D11 -> 1
B12: SANITÁRIOS (Diuturno) | C12: 0 | D12: 200 | E12: =C12/D12 -> 0
B13: AREAS VERDES | C13: 115836 | D13: 40000 | E13: =C13/D13 -> 2.9 | F13: =ROUNDUP(SUM(E13),0) -> 3
B14: ='Agente de Higienização_CERIB'!F16 -> Agente de Higienização | F14: ='Agente de Higienização_CERIB'!F22 -> 18
B15: =Jardineiro_CERIB!F16 -> Jardineiro | F15: =Jardineiro_CERIB!F22 -> 1
B16: =Tratorista_CERIB!F16 -> Tratorista | F16: =Tratorista_CERIB!F22 -> 1
B17: ='Ajudante de Tratorista_CERIB'!F16 -> Ajudante de Tratorista | F17: ='Ajudante de Tratorista_CERIB'!F22 -> 1
B18: =Buerista_CERIB!F16 -> Buerista | F18: =Buerista_CERIB!F22 -> 1
B19: ='Ajud. de Serv. Diversos_CERIB'!F16 -> Ajudante de Serviços Diversos | F19: ='Ajud. de Serv. Diversos_CERIB'!F22 -> 2
B20: =Encarregado_CERIB!F16 -> Encarregado de Limpeza | F20: =Encarregado_CERIB!F22 -> 1
B21: Quantidade mínimo de pessoas conforme Termo de Referência | F21: =SUM(F14:F20) -> 25
B23: Preço do homem-mês (2) : | C23: Valor m.o./ mês
B24: =B14 -> Agente de Higienização | C24: ='Agente de Higienização_CERIB'!G140 -> 4744.91
B25: =B15 -> Jardineiro | C25: =Jardineiro_CERIB!G140 -> 3825.53
B26: =B16 -> Tratorista | C26: =Tratorista_CERIB!G140 -> 4186.6
B27: =B17 -> Ajudante de Tratorista | C27: ='Ajudante de Tratorista_CERIB'!G140 -> 3759.82
B28: =B18 -> Buerista | C28: =Buerista_CERIB!G140 -> 5540.53
B29: =B19 -> Ajudante de Serviços Diversos | C29: ='Ajud. de Serv. Diversos_CERIB'!G142 -> 8799.6
B30: =B20 -> Encarregado de Limpeza | C30: =Encarregado_CERIB!G140 -> 5616.66
B32: Tipo de área | C32: Produtividade ( I ) (1/m²) (1) | D32: Preço do homem-mês ( II ) | E32: Subtotal (R$/m²) ( I ) x ( II )
B33: área interna
B34: =B24 -> Agente de Higienização | C34: =ROUND(1/(21*D8),9) -> 5.9524e-05 | D34: =C24 -> 4744.91 | E34: =ROUND(D34*C34,2) -> 0.28
B35: =B30 -> Encarregado de Limpeza | C35: =ROUND(1/(21*D8),9) -> 5.9524e-05 | D35: =C30 -> 5616.66 | E35: =ROUND(D35*C35,2) -> 0.33
C36: preço por m² total - área interna | E36: =SUM(E34:E35) -> 0.61
B37: Tipo de área | C37: Produtividade ( I ) (1/m²) (1) | D37: Preço do homem-mês ( II ) | E37: Subtotal (R$/m²) ( I ) x ( II )
B38: área externa
B39: =B24 -> Agente de Higienização | C39: =ROUND(1/(4*D9),9) -> 4.5455e-05 | D39: =C24 -> 4744.91 | E39: =ROUND(D39*C39,2) -> 0.22
B40: =B28 -> Buerista | C40: =ROUND(1/(D9),9) -> 0.000181818 | D40: =C28 -> 5540.53 | E40: =ROUND(D40*C40,2) -> 1.01
B41: =B30 -> Encarregado de Limpeza | C41: =ROUND(1/(21*D9),9) -> 8.658e-06 | D41: =C30 -> 5616.66 | E41: =ROUND(D41*C41,2) -> 0.05
C42: preço por m² total - área externa | E42: =SUM(E39:E41) -> 1.28
B43: sanitários
B44: =B24 -> Agente de Higienização | C44: =ROUND(1/(21*D11),9) -> 0.000238095 | D44: =C24 -> 4744.91 | E44: =ROUND(D44*C44,2) -> 1.13
B45: =B30 -> Encarregado de Limpeza | C45: =ROUND(1/(21*D11),9) -> 0.000238095 | D45: =C30 -> 5616.66 | E45: =ROUND(D45*C45,2) -> 1.34
C46: preço por m² total - sanitários | E46: =SUM(E44:E45) -> 2.47
B47: sanitários (diuturno)
B48: =B24 -> Agente de Higienização | C48: =ROUND(1/(26*D12),9)*0 -> 0 | D48: =C24 -> 4744.91 | E48: =ROUND(D48*C48,2) -> 0
B49: =B30 -> Encarregado de Limpeza | C49: =ROUND(1/(26*D12),9)*0 -> 0 | D49: =C30 -> 5616.66 | E49: =ROUND(D49*C49,2) -> 0
C50: preço por m² total - sanitários | E50: =SUM(E48:E49) -> 0
B52: Tipo de área | C52: Produtividade ( I ) (1/m²) (1) | D52: Frequência mês (II) (em horas) | E52: Jornada no mês (III) (em horas) | F52: Coeficiente (ki) ( I )x( II )x( III )=( IV ) | G52: Preço do homem-mês ( V ) | H52: Subtotal(R$/m²) ( IV )x( V )
B54: vidros- fachada interna e externa (3)
B55: =B24 -> Agente de Higienização | C55: =ROUND(1/D10,9) -> 0.003333333 | D55: =ROUNDUP(((C10/D10)*8),2) -> 4 | E55: =ROUND(1/188.76,9) -> 0.005297733 | F55: =ROUND(((C55)*(E55)*(D55)),9) -> 7.0636e-05 | G55: =C24 -> 4744.91 | H55: =ROUND(G55*F55,2) -> 0.34
B56: =B30 -> Encarregado de Limpeza | C56: =ROUND(1/(21*D10),9) -> 0.00015873 | D56: =ROUNDUP(((C10/D10)*8),2) -> 4 | E56: =ROUND(1/188.76,9) -> 0.005297733 | F56: =ROUND(((C56)*(E56)*(D56)),9) -> 3.364e-06 | G56: =C30 -> 5616.66 | H56: =ROUND(G56*F56,2) -> 0.02
G57: preço por m² total - esquadria interna e externa | H57: =ROUND(SUM(H55:H56),2) -> 0.36
B59: Tipo de área | C59: Produtividade ( I ) (1/m²) (1) | D59: Preço do homem-mês ( II ) | E59: Subtotal (R$/m²) ( I ) x ( II )
B60: área verde
B61: =B25 -> Jardineiro | C61: =ROUND(1/(D$13),9) -> 2.5e-05 | D61: =C25 -> 3825.53 | E61: =ROUND(D61*C61,2) -> 0.1
B62: =B26 -> Tratorista | C62: =ROUND(1/(D$13),9) -> 2.5e-05 | D62: =C26 -> 4186.6 | E62: =ROUND(D62*C62,2) -> 0.1
B63: =B27 -> Ajudante de Tratorista | C63: =ROUND(1/(D$13),9) -> 2.5e-05 | D63: =C27 -> 3759.82 | E63: =ROUND(D63*C63,2) -> 0.09
B64: =B30 -> Encarregado de Limpeza | C64: =ROUND(1/(21*D$13),9) -> 1.19e-06 | D64: =C30 -> 5616.66 | E64: =ROUND(D64*C64,2) -> 0.01
C65: preço por m² total - área verde | E65: =SUM(E61:E63) -> 0.29
B67: Tipo de área | C67: Preço por m² mensal (R$/m²) | D67: Área (m²) / Mês | E67: Limite por tipo de área(R$) / Mês | F67: Área (M²) / 12 Meses | G67: Limite por tipo de Área (R$) 12 Meses
B69: área interna | C69: =E36 -> 0.61 | D69: =C8 -> 1571.78 | E69: =ROUND(D69*C69,2) -> 958.79 | F69: =D69*12 -> 18861.36 | G69: =E69*12 -> 11505.48
B70: área externa | C70: =E42 -> 1.28 | D70: =C9 -> 93012.78 | E70: =ROUND(D70*C70,2) -> 119056.36 | F70: =D70*12 -> 1116153.4 | G70: =E70*12 -> 1428676.3
B71: áreas envidraçadas | C71: =H57 -> 0.36 | D71: =C10 -> 155.67 | E71: =ROUND(D71*C71,2) -> 56.04 | F71: =D71*12 -> 1868.04 | G71: =E71*12 -> 672.48
B72: sanitários | C72: =E46 -> 2.47 | D72: =C11 -> 200.48 | E72: =ROUND(D72*C72,2) -> 495.19 | F72: =D72*12 -> 2405.76 | G72: =E72*12 -> 5942.28
B73: sanitários (diuturno) | C73: =E50 -> 0 | D73: =C12 -> 0 | E73: =ROUND(D73*C73,2) -> 0 | F73: =D73*12 -> 0 | G73: =E73*12 -> 0
B74: áreas verdes | C74: =E65 -> 0.29 | D74: =C13 -> 115836 | E74: =ROUND(D74*C74,2) -> 33592.44 | F74: =D74*12 -> 1390032 | G74: =E74*12 -> 403109.28
A75: % | B75: Limite Máximo Contratação por Tipo de Área mensal (R$) | G75: =SUM(E69:E74) -> 154158.82
B76: Limite Máximo Contratação por Tipo de Área - Período de 12 Meses (R$) | G76: =G75*12 -> 1849905.8
B77: Insumos Diversos Mensal (R$) | G77: ='Insumos Diversos'!H136 -> 0
B78: Insumos Diversos - Período de 12 Meses (R$) | G78: =G77*12 -> 0
B79: ='Ajud. de Serv. Diversos_CERIB'!F16 -> Ajudante de Serviços Diversos | G79: ='Ajud. de Serv. Diversos_CERIB'!G142 -> 8799.6
B80: Total do posto de Ajudante de Serviços Diversos - Período de 12 meses (R$) | G80: =G79*12 -> 105595.2
B81: TOTAL MENSAL MÃO DE OBRA + AJUDANTE DE SERVIVOS DIVERSOS + INSUMOS DIVERSOS | G81: =SUM(G75,G77,G79) -> 162958.42
B82: TOTAL POR 12 MESES DA MÃO DE OBRA + AJUDANTE DE SERVIÇOS DIVERSOS + INSUMOS DIVERSOS | G82: =G81*12 -> 1955501
B83: Observações:
B84: (1) Produtividades auferidas de acordo com o Termo de Referência e informações enviadas pela área gestora.
B85: (2) O preço do homem-mês está acrescido da provisão dos insumos diversos.
B86: (3) Freqüência em horas por mês, no caso da área de vidros - fachada externa.
B87: (4) Freqüência em horas por mês, no caso da área de vidros - fachada interna.
B88: Os valores contidos neste quadro devem espelhar a PROPOSTA COMERCIAL.

Sheet Quadro Resumo Geral M²
B1: PROCESSO Nº 125/2025 - LOTE 01
B2: QUADRO RESUMO GERAL - PROPOSTA LICITANTE
B3: OBJETO: PRESTAÇÃO DE SERVIÇOS DE LIMPEZA E CONSERVAÇÃO NOS ENTREPOSTOS DO INTERIOR
B4: ENTREPOSTO DE ARARAQUARA/SP - CEARA
B6: Tipo de área | C6: Preço por m² mensal (R$/m²) | D6: Área (m²) / Mês | E6: Limite por tipo de área(R$) / Mês | F6: Área (m²) / Anual | G6: Limite por tipo de área(R$) Anual
B8: área interna | C8: ='Quadro Resumo M² - CEARA'!C53 -> 0.24 | D8: ='Quadro Resumo M² - CEARA'!D53 -> 545.99 | E8: =ROUND(D8*C8,2) -> 131.04 | F8: =D8*12 -> 6551.88 | G8: =E8*12 -> 1572.48
B9: área externa | C9: ='Quadro Resumo M² - CEARA'!C54 -> 0.54 | D9: ='Quadro Resumo M² - CEARA'!D54 -> 9223.76 | E9: =ROUND(D9*C9,2) -> 4980.83 | F9: =D9*12 -> 110685.12 | G9: =E9*12 -> 59769.96
B10: áreas envidraçadas | C10: ='Quadro Resumo M² - CEARA'!C55 -> 0.17 | D10: ='Quadro Resumo M² - CEARA'!D55 -> 80.31 | E10: =ROUND(D10*C10,2) -> 13.65 | F10: =D10*12 -> 963.72 | G10: =E10*12 -> 163.8
B11: sanitários | C11: ='Quadro Resumo M² - CEARA'!C56 -> 24.47 | D11: ='Quadro Resumo M² - CEARA'!D56 -> 43.56 | E11: =ROUND(D11*C11,2) -> 1065.91 | F11: =D11*12 -> 522.72 | G11: =E11*12 -> 12790.92
B12: sanitários diuturno | C12: ='Quadro Resumo M² - CEARA'!C57 -> 24.47 | D12: ='Quadro Resumo M² - CEARA'!D57 -> 0 | E12: =ROUND(D12*C12,2) -> 0 | F12: =D12*12 -> 0 | G12: =E12*12 -> 0
B13: áreas verdes | C13: ='Quadro Resumo M² - CEARA'!C58 -> 0.41 | D13: ='Quadro Resumo M² - CEARA'!D58 -> 10000 | E13: =ROUND(D13*C13,2) -> 4100 | F13: =D13*12 -> 120000 | G13: =E13*12 -> 49200
B14: Limite Máximo Contratação Mensal (R$) | G14: =SUM(E8:E13) -> 10291.43
B15: Limite Máximo Contratação - Período de 12 Meses (R$) | G15: =G14*12 -> 123497.16
B16: Insumos Diversos Mensal (R$) | G16: ='Insumos Diversos'!D136 -> 0
B17: Insumos Diversos - Período de 12 Meses (R$) | G17: =G16*12 -> 0
B18: Ajudante de Serviços Diversos - Mensal (R$) | G18: ='Quadro Resumo M² - CEARA'!C22 -> 4545
B19: Ajudante de Serviços Diversos - Período de 12 Meses (R$) | G19: =G18*12 -> 54540
B20: TOTAL MENSAL MÃO DE OBRA + AJUDANTE DE SERVIVOS DIVERSOS + INSUMOS DIVERSOS | G20: =SUM(G14,G16,G18) -> 14836.43
B21: TOTAL POR 12 MESES DA MÃO DE OBRA + AJUDANTE DE SERVIÇOS DIVERSOS + INSUMOS DIVERSOS | G21: =G20*12 -> 178037.16
B22: Agente de Higienização | G22: ='Quadro Resumo M² - CEARA'!F14 -> 2
B23: Jardineiro | G23: ='Quadro Resumo M² - CEARA'!F15 -> 1
B24: ='Quadro Resumo M² - CEARA'!B16:E16 -> Ajudante de Serviços Diversos | G24: ='Quadro Resumo M² - CEARA'!F16 -> 1
B25: Quantidade mínima de pessoas conforme Termo de Referência | G25: =SUM(G22:G24) -> 4
B26: ENTREPOSTO DE BAURU/SP - CEBAU
B28: Tipo de área | C28: Preço por m² mensal (R$/m²) | D28: Área (m²) / Mês | E28: Limite por tipo de área(R$) / Mês | F28: Área (m²) / Anual | G28: Limite por tipo de área(R$) Anual
B30: área interna | C30: ='Quadro Resumo M² - CEBAU'!C63 -> 0.5 | D30: ='Quadro Resumo M² - CEBAU'!D63 -> 659.73 | E30: =ROUND(D30*C30,2) -> 329.87 | F30: =D30*12 -> 7916.76 | G30: =E30*12 -> 3958.44
B31: área externa | C31: ='Quadro Resumo M² - CEBAU'!C64 -> 0.24 | D31: ='Quadro Resumo M² - CEBAU'!D64 -> 51518.09 | E31: =ROUND(D31*C31,2) -> 12364.34 | F31: =D31*12 -> 618217.08 | G31: =E31*12 -> 148372.08
B32: áreas envidraçadas | C32: ='Quadro Resumo M² - CEBAU'!C65 -> 0.45 | D32: ='Quadro Resumo M² - CEBAU'!D65 -> 165.42 | E32: =ROUND(D32*C32,2) -> 74.44 | F32: =D32*12 -> 1985.04 | G32: =E32*12 -> 893.28
B33: sanitários | C33: ='Quadro Resumo M² - CEBAU'!C66 -> 2.03 | D33: ='Quadro Resumo M² - CEBAU'!D66 -> 117.49 | E33: =ROUND(D33*C33,2) -> 238.5 | F33: =D33*12 -> 1409.88 | G33: =E33*12 -> 2862
B34: sanitários (diuturno) | C34: ='Quadro Resumo M² - CEBAU'!C67 -> 0 | D34: ='Quadro Resumo M² - CEBAU'!D67 -> 0 | E34: =ROUND(D34*C34,2) -> 0 | F34: =D34*12 -> 0 | G34: =E34*12 -> 0
B35: áreas verdes | C35: ='Quadro Resumo M² - CEBAU'!C68 -> 0.55 | D35: ='Quadro Resumo M² - CEBAU'!D68 -> 30896 | E35: =ROUND(D35*C35,2) -> 16992.8 | F35: =D35*12 -> 370752 | G35: =E35*12 -> 203913.6
B36: Limite Máximo Contratação mensal (R$) | G36: =SUM(E30:E35) -> 29999.95
B37: Limite Máximo Contratação - Período de 12 Meses (R$) | G37: =SUM(G30:G36) -> 389999.35
B38: Insumos Diversos Mensal (R$) | G38: ='Insumos Diversos'!F136 -> 0
B39: Insumos Diversos - Período de 12 Meses (R$) | G39: =G38*12 -> 0
B40: Ajudante de Serviços Diversos - Mensal (R$) | G40: ='Quadro Resumo M² - CEBAU'!C25 -> 13199.4
B41: Ajudante de Serviços Diversos - Período de 12 Meses (R$) | G41: =G40*12 -> 158392.8
B42: TOTAL MENSAL MÃO DE OBRA + AJUDANTE DE SERVIVOS DIVERSOS + INSUMOS DIVERSOS | G42: =SUM(G36,G38,G40) -> 43199.35
B43: TOTAL POR 12 MESES DA MÃO DE OBRA + AJUDANTE DE SERVIÇOS DIVERSOS + INSUMOS DIVERSOS | G43: =G42*12 -> 518392.2
B44: ='Quadro Resumo M² - CEBAU'!B14 -> Agente de Higienização | G44: ='Quadro Resumo M² - CEBAU'!F14 -> 9
B45: ='Quadro Resumo M² - CEBAU'!B15 -> Jardineiro | G45: ='Quadro Resumo M² - CEBAU'!F15 -> 1
B46: ='Quadro Resumo M² - CEBAU'!B16 -> Tratorista | G46: ='Quadro Resumo M² - CEBAU'!F16 -> 1
B47: ='Quadro Resumo M² - CEBAU'!B17 -> Ajudante de Serviços Diversos | G47: ='Quadro Resumo M² - CEBAU'!F17 -> 3
B48: ='Quadro Resumo M² - CEBAU'!B18:E18 -> Encarregado | G48: ='Quadro Resumo M² - CEBAU'!F18 -> 1
B49: Quantidade mínimo de pessoas conforme Termo de Referência | G49: =SUM(G44:G48) -> 15
B50: ENTREPOSTO DE RIBEIRÃO PRETO/SP - CERIB
B52: Tipo de área | C52: Preço por m² mensal (R$/m²) | D52: Área (m²) / Mês | E52: Limite por tipo de área(R$) / Mês | F52: Área (m²) / Anual | G52: Limite por tipo de área(R$) Anual
B54: área interna | C54: ='Quadro Resumo M² - CERIB'!C69 -> 0.61 | D54: ='Quadro Resumo M² - CERIB'!D69 -> 1571.78 | E54: =ROUND(D54*C54,2) -> 958.79 | F54: =D54*12 -> 18861.36 | G54: =E54*12 -> 11505.48
B55: área externa | C55: ='Quadro Resumo M² - CERIB'!C70 -> 1.28 | D55: ='Quadro Resumo M² - CERIB'!D70 -> 93012.78 | E55: =ROUND(D55*C55,2) -> 119056.36 | F55: =D55*12 -> 1116153.4 | G55: =E55*12 -> 1428676.3
B56: áreas envidraçadas c/ expos.risco | C56: ='Quadro Resumo M² - CERIB'!C71 -> 0.36 | D56: ='Quadro Resumo M² - CERIB'!D71 -> 155.67 | E56: =ROUND(D56*C56,2) -> 56.04 | F56: =D56*12 -> 1868.04 | G56: =E56*12 -> 672.48
B57: sanitários | C57: ='Quadro Resumo M² - CERIB'!C72 -> 2.47 | D57: ='Quadro Resumo M² - CERIB'!D72 -> 200.48 | E57: =ROUND(D57*C57,2) -> 495.19 | F57: =D57*12 -> 2405.76 | G57: =E57*12 -> 5942.28
B58: sanitários - Diuturno | C58: ='Quadro Resumo M² - CERIB'!C73 -> 0 | D58: ='Quadro Resumo M² - CERIB'!D73 -> 0 | E58: =ROUND(D58*C58,2) -> 0 | F58: =D58*12 -> 0 | G58: =E58*12 -> 0
B59: áreas verdes | C59: ='Quadro Resumo M² - CERIB'!C74 -> 0.29 | D59: ='Quadro Resumo M² - CERIB'!D74 -> 115836 | E59: =ROUND(D59*C59,2) -> 33592.44 | F59: =D59*12 -> 1390032 | G59: =E59*12 -> 403109.28
B60: Limite Máximo Contratação mensal (R$) | G60: =SUM(E54:E59) -> 154158.82
B61: Limite Máximo Contratação - Período de 12 Meses (R$) | G61: =G60*12 -> 1849905.8
B62: Insumos Diversos Mensal (R$) | G62: ='Quadro Resumo M² - CERIB'!G77 -> 0
B63: Insumos Diversos - Período de 12 Meses (R$) | G63: =G62*12 -> 0
B64: Ajudante de Serviços Diversos - Mensal (R$) | G64: ='Quadro Resumo M² - CERIB'!C29 -> 8799.6
B65: Ajudante de Serviços Diversos - Período de 12 Meses (R$) | G65: =G64*12 -> 105595.2
B66: TOTAL MENSAL MÃO DE OBRA + AJUDANTE DE SERVIVOS DIVERSOS + INSUMOS DIVERSOS | G66: =SUM(G60,G62,G64) -> 162958.42
B67: TOTAL POR 12 MESES DA MÃO DE OBRA + AJUDANTE DE SERVIÇOS DIVERSOS + INSUMOS DIVERSOS | G67: =G66*12 -> 1955501
B68: ='Quadro Resumo M² - CERIB'!B14 -> Agente de Higienização | G68: ='Quadro Resumo M² - CERIB'!F14 -> 18
B69: ='Quadro Resumo M² - CERIB'!B15 -> Jardineiro | G69: ='Quadro Resumo M² - CERIB'!F15 -> 1
B70: ='Quadro Resumo M² - CERIB'!B16 -> Tratorista | G70: ='Quadro Resumo M² - CERIB'!F16 -> 1
B71: ='Quadro Resumo M² - CERIB'!B17 -> Ajudante de Tratorista | G71: ='Quadro Resumo M² - CERIB'!F17 -> 1
B72: ='Quadro Resumo M² - CERIB'!B18 -> Buerista | G72: ='Quadro Resumo M² - CERIB'!F18 -> 1
B73: ='Quadro Resumo M² - CERIB'!B19 -> Ajudante de Serviços Diversos | G73: ='Quadro Resumo M² - CERIB'!F19 -> 2
B74: ='Quadro Resumo M² - CERIB'!B20 -> Encarregado de Limpeza | G74: ='Quadro Resumo M² - CERIB'!F20 -> 1
B75: Quantidade mínimo de pessoas conforme Termo de Referência | G75: =SUM(G68:G74) -> 25
B77: TOTAL GERAL ANUAL - LOTE 01 | G77: =SUM(G21+G43+G67) -> 2651930.4
B78: TOTAL AGENTE DE HIGIENIZAÇÃO - LOTE 01 | G78: =SUM(G22,G44,G68) -> 29
B79: TOTAL JARDINEIRO - LOTE 01 | G79: =SUM(G23,G45,G69) -> 3
B80: TOTAL TRATORISTA - LOTE 01 | G80: =SUM(G45,G71) -> 2
B81: TOTAL AJUDANTE DE TRATORISTA - LOTE 01 | G81: =SUM(G71) -> 1
B82: TOTAL BUERISTA - LOTE 01 | G82: =SUM(G72) -> 1
B83: TOTAL AJUDANTE DE SERVIÇOS DIVERSOS - LOTE 01 | G83: =SUM(G24,G47,G73) -> 6
B84: TOTAL ENCARREGADO - LOTE 01 | G84: =SUM(G48,G74) -> 2 | H84: =SUM(G78:G84) -> 44
B85: Observações:
